Workbook

Sheet Introduction
B1: Annual GDP and GDPR
B3: Quarterly GDP and GDPR | F3: SUMMARY PAGE
B5: Seasonally adjusted and annualised quarterly GDP and GDPR | F5: SUMMARY PAGE
B7: Year-on-Year Growth Rates per Sector | F7: Sector Ratings
B9: Seasonally adjusted and annualised quarterly Rates per Sector
B11: Yearly Provincial Contribution Rates per Sector
B13: Yearly Provincial Sector as a % of National Sector GDP
B15: Ethekwini Municipal Area GDP
B17: Msunduzi Municipal Area GDP
B19: Mthlatuze Municipal Area GDP
B21: Hibiscus Coast Municipal GDP
B23: Newcastle Municipal GDP | D23: Model Assumptions
B25: Comparitive Growth Rates | D25: Stable structural relationship between SA and KZN economy
B27: Comparitive Contribution Rates | D27: Stable relationship between GDP and Fuel Consumption
B29: KZN GDP and Provincial Government Budget | D29: Fuel Consumption per R1 GDP are location insensitive
B31: KZN Socio Economic Analysis
B32: KZN Economic Analysis

Sheet Summary
A1: SUMMARY PAGE
A3: Annual GDP and GDPR
A35: Quarterly GDP and GDPR
A103: Seasonally adjusted and annualised quarterly GDP and GDPR
A163: Ethekwini Municipal Area
A196: Msunduzi Municipal Area
A230: Mthlatuze Municipal Area
A266: Hibiscus Coast Municipal Area
A302: Newcastle Municipal Area

Sheet Sector Summary
A1: SUMMARY PAGE
A3: PLEASE TAKE NOTE
A4: BLACK = NON-SEASONAL ANNUAL RATE
A5: RED = SEASONAL ANNUAL RATE

Sheet Annual
A1: Annual GDP and GDPR
A3: SA – GDP by activity
A4: Constant 2010 prices - Rand million
A5: National Industry | B5: 1995 | C5: 1996 | D5: 1997 | E5: 1998 | F5: 1999 | G5: 2000 | H5: 2001 | I5: 2002 | J5: 2003 | K5: 2004 | L5: 2005 | M5: 2006 | N5: 2007 | O5: 2008 | P5: 2009 | Q5: 2010 | R5: 2011 | S5: 2012 | T5: 2013 | U5: 2014 | V5: 2015 | W5: 2016
A6: Primary Industries | B6: =SUM(B7:B8) -> 275336.39 | C6: =SUM(C7:C8) -> 283235.14 | D6: =SUM(D7:D8) -> 287646.08 | E6: =SUM(E7:E8) -> 284708.42 | F6: =SUM(F7:F8) -> 284390.32 | G6: =SUM(G7:G8) -> 284234.7 | H6: =SUM(H7:H8) -> 282233.28 | I6: =SUM(I7:I8) -> 287909.62 | ... W6: =SUM(W7:W8) -> 291143 | X6: =W6/W$21*100 -> 9.4783664 | Y6: =N6/N$21*100 -> 11.422823 | Z6: =S6/S$21*100 -> 9.999152 | AA6: =T6/T$21*100 -> 10.154233 | AB6: =U6/U$21*100 -> 10.039037 | AC6: =W6/W$21*100 -> 9.4783664
A7: Agriculture, forestry and fishing | B7: 40731.596 | C7: 50507.179 | D7: 50961.743 | E7: 48260.771 | F7: 51252.939 | G7: 53661.827 | H7: 51890.986 | I7: 55263.901 | J7: 55640.286 | K7: 56118.481 | L7: 57695.29 | M7: 54543.523 | N7: 56168.463 | O7: 67071.609 | P7: 65802.425 | Q7: 65605 | R7: 66913 | S7: 68093 | T7: 71143 | U7: 76041 | V7: 71418 | W7: 65843 | X7: =W7/W$21*100 -> 2.1435655 | Y7: =N7/N$21*100 -> 2.1398806 | Z7: =S7/S$21*100 -> 2.3471636 | AA7: =T7/T$21*100 -> 2.3927351 | AB7: =U7/U$21*100 -> 2.514728 | AC7: =W7/W$21*100 -> 2.1435655
A8: Mining and quarrying | B8: 234604.8 | C8: 232727.96 | D8: 236684.33 | E8: 236447.65 | F8: 233137.38 | G8: 230572.87 | H8: 230342.3 | I8: 232645.72 | J8: 240547.25 | K8: 244179 | L8: 246684.77 | M8: 245224 | N8: 243662.48 | O8: 230662.83 | P8: 218830.36 | Q8: 230350 | R8: 228646 | S8: 221990 | T8: 230772 | U8: 227522 | V8: 236457 | W8: 225300 | X8: =W8/W$21*100 -> 7.3348009 | Y8: =N8/N$21*100 -> 9.2829427 | Z8: =S8/S$21*100 -> 7.6519884 | AA8: =T8/T$21*100 -> 7.761498 | AB8: =U8/U$21*100 -> 7.5243086 | AC8: =W8/W$21*100 -> 7.3348009
A9: Secondary Industries | B9: =SUM(B10:B12) -> 343514.26 | C9: =SUM(C10:C12) -> 353393.94 | D9: =SUM(D10:D12) -> 363929.18 | E9: =SUM(E10:E12) -> 357126.12 | F9: =SUM(F10:F12) -> 357859.67 | G9: =SUM(G10:G12) -> 383106.94 | H9: =SUM(H10:H12) -> 392190.17 | I9: =SUM(I10:I12) -> 404900.7 | ... W9: =SUM(W10:W12) -> 556935 | X9: =W9/W$21*100 -> 18.131413 | Y9: =N9/N$21*100 -> 19.804787 | Z9: =S9/S$21*100 -> 18.765175 | AA9: =T9/T$21*100 -> 18.574698 | AB9: =U9/U$21*100 -> 18.388227 | AC9: =W9/W$21*100 -> 18.131413
A10: Manufacturing | B10: 251055.1 | C10: 254569.87 | D10: 261443.26 | E10: 260920.37 | F10: 262485.89 | G10: 283747.25 | H10: 292827.16 | I10: 301026.32 | J10: 296498.17 | K10: 311010.69 | L10: 330306.32 | M10: 351572.05 | N10: 370389.34 | O10: 378964.09 | P10: 338691.7 | Q10: 358699 | R10: 369582 | S10: 377330 | T10: 381173 | U10: 382006 | V10: 381078 | W10: 383639 | X10: =W10/W$21*100 -> 12.489639 | Y10: =N10/N$21*100 -> 14.110925 | Z10: =S10/S$21*100 -> 13.006553 | AA10: =T10/T$21*100 -> 12.819898 | AB10: =U10/U$21*100 -> 12.6332 | AC10: =W10/W$21*100 -> 12.489639
A11: Electricity, gas and water | B11: 51240.215 | C11: 56774.158 | D11: 58988.35 | E11: 55272.084 | F11: 54995.724 | G11: 56700.591 | H11: 54602.669 | I11: 56513.763 | J11: 58181.239 | K11: 62128.855 | L11: 65450.325 | M11: 67688.431 | N11: 70000 | O11: 67522 | P11: 66337 | Q11: 67940 | R11: 68978 | S11: 68733 | T11: 68289 | U11: 67515 | V11: 66484 | W11: 64164 | X11: =W11/W$21*100 -> 2.0889044 | Y11: =N11/N$21*100 -> 2.6668282 | Z11: =S11/S$21*100 -> 2.3692244 | AA11: =T11/T$21*100 -> 2.2967472 | AB11: =U11/U$21*100 -> 2.2327674 | AC11: =W11/W$21*100 -> 2.0889044
A12: Construction | B12: 41218.949 | C12: 42049.913 | D12: 43497.575 | E12: 40933.665 | F12: 40378.05 | G12: 42659.101 | H12: 44760.336 | I12: 47360.614 | J12: 51001.377 | K12: 55646.823 | L12: 62280.636 | M12: 68780.384 | N12: 79454.824 | O12: 87300.371 | P12: 94759.083 | Q12: 95453 | R12: 95860 | S12: 98329 | T12: 102818 | U12: 106507 | V12: 108353 | W12: 109132 | X12: =W12/W$21*100 -> 3.5528695 | Y12: =N12/N$21*100 -> 3.0270338 | Z12: =S12/S$21*100 -> 3.3893976 | AA12: =T12/T$21*100 -> 3.4580526 | AB12: =U12/U$21*100 -> 3.5222595 | AC12: =W12/W$21*100 -> 3.5528695
A13: Tertiary industries | B13: =SUM(B14:B18) -> 960953.41 | C13: =SUM(C14:C18) -> 1000115.9 | D13: =SUM(D14:D18) -> 1024062.7 | E13: =SUM(E14:E18) -> 1043337.1 | F13: =SUM(F14:F18) -> 1082416.6 | G13: =SUM(G14:G18) -> 1124445.8 | H13: =SUM(H14:H18) -> 1162130.1 | I13: =SUM(I14:I18) -> 1207340 | ... W13: =SUM(W14:W18) -> 1945596 | X13: =W13/W$21*100 -> 63.340255 | Y13: =N13/N$21*100 -> 59.481846 | Z13: =S13/S$21*100 -> 61.980658 | AA13: =T13/T$21*100 -> 62.078935 | AB13: =U13/U$21*100 -> 62.463416 | AC13: =W13/W$21*100 -> 63.340255
A14: Wholesale & retail trade; hotels & restaurants | B14: 212794.61 | C14: 220668.01 | D14: 221550.68 | E14: 224430.84 | F14: 241487.59 | G14: 261048.08 | H14: 266007.99 | I14: 272126.18 | J14: 279380.41 | K14: 294460.74 | L14: 315210.31 | M14: 333998.57 | N14: 352697.83 | O14: 358880.34 | P14: 354870.48 | Q14: 370580 | R14: 385696 | S14: 400938 | T14: 408968 | U14: 415480 | V14: 421407 | W14: 426525 | X14: =W14/W$21*100 -> 13.885823 | Y14: =N14/N$21*100 -> 13.436922 | Z14: =S14/S$21*100 -> 13.82032 | AA14: =T14/T$21*100 -> 13.75472 | AB14: =U14/U$21*100 -> 13.740209 | AC14: =W14/W$21*100 -> 13.885823
A15: Transport , storage and communication | B15: 103921.26 | C15: 110260.46 | D15: 118640.26 | E15: 125165.47 | F15: 131674.08 | G15: 142603.02 | H15: 151016.6 | I15: 164608.1 | J15: 175057.16 | K15: 183612.69 | L15: 193333.73 | M15: 203224.44 | N15: 218488.43 | O15: 226135.87 | P15: 225711.74 | Q15: 229499 | R15: 237442 | S15: 243188 | T15: 250129 | U15: 258023 | V15: 260932 | W15: 261952 | X15: =W15/W$21*100 -> 8.5280327 | Y15: =N15/N$21*100 -> 8.3238732 | Z15: =S15/S$21*100 -> 8.3826828 | AA15: =T15/T$21*100 -> 8.4125273 | AB15: =U15/U$21*100 -> 8.5329976 | AC15: =W15/W$21*100 -> 8.5280327
A16: Finance, real estate and business services | B16: 243687.77 | C16: 260222.88 | D16: 272469.2 | E16: 278741.59 | F16: 292986.84 | G16: 302304.49 | H16: 326995.31 | I16: 347518.67 | J16: 364196.89 | K16: 389889.27 | L16: 412148.51 | M16: 451896.31 | N16: 484674.59 | O16: 511716.48 | P16: 517114.31 | Q16: 523526 | R16: 545802 | S16: 562042 | T16: 576707 | U16: 589314 | V16: 605550 | W16: 617168 | X16: =W16/W$21*100 -> 20.092341 | Y16: =N16/N$21*100 -> 18.464913 | Z16: =S16/S$21*100 -> 19.37357 | AA16: =T16/T$21*100 -> 19.396245 | AB16: =U16/U$21*100 -> 19.489018 | AC16: =W16/W$21*100 -> 20.092341
A17: Personal services | B17: 93458.786 | C17: 95943.108 | D17: 95911.718 | E17: 101869.01 | F17: 105810.46 | G17: 110908.44 | H17: 113401.96 | I17: 116195.9 | J17: 122654 | K17: 124796.44 | L17: 129534.87 | M17: 136298 | N17: 143807 | O17: 149216.21 | P17: 148015 | Q17: 148561 | R17: 152226 | S17: 155472 | T17: 159530 | U17: 162653 | V17: 164439 | W17: 166359 | X17: =W17/W$21*100 -> 5.415935 | Y17: =N17/N$21*100 -> 5.4786938 | Z17: =S17/S$21*100 -> 5.359115 | AA17: =T17/T$21*100 -> 5.3654333 | AB17: =U17/U$21*100 -> 5.3790463 | AC17: =W17/W$21*100 -> 5.415935
A18: General government services | B18: 307090.98 | C18: 313021.42 | D18: 315490.85 | E18: 313130.15 | F18: 310457.6 | G18: 307581.77 | H18: 304708.25 | I18: 306891.11 | J18: 315383.62 | K18: 321418.24 | L18: 335265.07 | M18: 345531 | N18: 361636 | O18: 381768 | P18: 393921 | Q18: 404647 | R18: 423833 | S18: 436466 | T18: 450454 | U18: 463315 | V18: 467062 | W18: 473592 | X18: =W18/W$21*100 -> 15.418123 | Y18: =N18/N$21*100 -> 13.777444 | Z18: =S18/S$21*100 -> 15.04497 | AA18: =T18/T$21*100 -> 15.150009 | AB18: =U18/U$21*100 -> 15.322145 | AC18: =W18/W$21*100 -> 15.418123
A19: All industries at basic prices | B19: =B13+B9+B6 -> 1579804.1 | C19: =C13+C9+C6 -> 1636745 | D19: =D13+D9+D6 -> 1675638 | E19: =E13+E9+E6 -> 1685171.6 | F19: =F13+F9+F6 -> 1724666.5 | G19: =G13+G9+G6 -> 1791787.4 | H19: =H13+H9+H6 -> 1836553.6 | I19: =I13+I9+I6 -> 1900150.3 | ... W19: =W13+W9+W6 -> 2793674 | X19: =W19/W$21*100 -> 90.950034
A20: Taxes less subsidies on products | B20: 172092.4 | C20: 180501.72 | D20: 185774.79 | E20: 183658.74 | F20: 182665.91 | G20: 185548.64 | H20: 188216.11 | I20: 193319.04 | J20: 198504.6 | K20: 208477.91 | L20: 218873.49 | M20: 232539 | N20: 243862 | O20: 249363 | P20: 242887 | Q20: 253148 | R20: 263280 | S20: 268495 | T20: 273309 | U20: 275450 | V20: 279921 | W20: 277984 | X20: =W20/W$21*100 -> 9.0499658
A21: SA - GDP at constant 2010 prices | B21: =B19+B20 -> 1751896.5 | C21: =C19+C20 -> 1817246.7 | D21: =D19+D20 -> 1861412.8 | E21: =E19+E20 -> 1868830.3 | F21: =F19+F20 -> 1907332.4 | G21: =G19+G20 -> 1977336.1 | H21: =H19+H20 -> 2024769.7 | I21: =I19+I20 -> 2093469.3 | ... W21: =W19+W20 -> 3071658 | X21: =W21/W$21*100 -> 100
A23: KZN – GDPR by activity
A24: Constant 2010 prices - Rand million
A25: Provincial Industry | B25: 1995 | C25: 1996 | D25: 1997 | E25: 1998 | F25: 1999 | G25: 2000 | H25: 2001 | I25: 2002 | J25: 2003 | K25: 2004 | L25: 2005 | M25: 2006 | N25: 2007 | O25: 2008 | P25: 2009 | Q25: 2010 | R25: 2011 | S25: 2012 | T25: 2013 | U25: 2014 | V25: 2015 | W25: 2016
A26: Primary Industries | B26: 21852.784 | C26: 27703.05 | D26: 27806.333 | E26: 27742.534 | F26: 23573.963 | G26: 23825.489 | H26: 23277.519 | I26: 22944.505 | J26: 24190.633 | K26: 24412.128 | L26: 22949.77 | M26: 22747.481 | N26: 23442.173 | O26: =SUM(O27:O28) -> 25453.317 | P26: =SUM(P27:P28) -> 24541.606 | Q26: =SUM(Q27:Q28) -> 25676 | R26: =SUM(R27:R28) -> 27362 | S26: =SUM(S27:S28) -> 27978 | T26: =SUM(T27:T28) -> 29321 | U26: =SUM(U27:U28) -> 31763 | V26: =SUM(V27:V28) -> 29763 | W26: =SUM(W27:W28) -> 26784.541
A27: Agriculture, forestry and fishing | B27: 11917.285 | C27: 13863.781 | D27: 13814.183 | E27: 13939.449 | F27: 13572.867 | G27: 14082.409 | H27: 14032.405 | I27: 14685.31 | J27: 15446.463 | K27: 15492.815 | L27: 14588.582 | M27: 14665.741 | N27: 15329.064 | O27: 17872.418 | P27: 17303.054 | Q27: 17714 | R27: 19470 | S27: 19920 | T27: 20917 | U27: 22661 | V27: 21015 | W27: =W7*AB27/100 -> 19127.182 | Y27: =T27/T7*100 -> 29.401347 | Z27: =U27/U7*100 -> 29.801028 | AA27: =V27/V7*100 -> 29.425355 | AB27: =AA27+(AA27-Z27) -> 29.049682
A28: Mining and quarrying | B28: 9935.4987 | C28: 13839.268 | D28: 13992.151 | E28: 13803.084 | F28: 10001.095 | G28: 9743.0802 | H28: 9245.1145 | I28: 8259.1954 | J28: 8744.1703 | K28: 8919.3129 | L28: 8361.1884 | M28: 8081.7399 | N28: 8113.1091 | O28: 7580.8997 | P28: 7238.5517 | Q28: 7962 | R28: 7892 | S28: 8058 | T28: 8404 | U28: 9102 | V28: 8748 | W28: =W8*AB28/100 -> 7657.3587 | Y28: =T28/T8*100 -> 3.6416896 | Z28: =U28/U8*100 -> 4.0004923 | AA28: =V28/V8*100 -> 3.6996156 | AB28: =AA28+(AA28-Z28) -> 3.3987389
A29: Secondary Industries | B29: 69677.692 | C29: 71344.419 | D29: 73600.635 | E29: 71639.628 | F29: 71998.905 | G29: 77546.561 | H29: 82267.185 | I29: 82349.715 | J29: 81003.296 | K29: 85509.394 | L29: 91599.633 | M29: 97025.007 | N29: 103271.93 | O29: 105995.61 | P29: 98872.305 | Q29: 103840.11 | R29: =SUM(R30:R32) -> 106260 | S29: =SUM(S30:S32) -> 108401 | T29: =SUM(T30:T32) -> 110354 | U29: =SUM(U30:U32) -> 111229 | V29: =SUM(V30:V32) -> 111510 | W29: =SUM(W30:W32) -> 112124.45 | Y29: =T29/T9*100 -> 19.981531 | Z29: =U29/U9*100 -> 20.004208 | AA29: =V29/V9*100 -> 20.058822 | AB29: =AA29+(AA29-Z29) -> 20.113435
A30: Manufacturing | B30: 51622.49 | C30: 52524.844 | D30: 53917.267 | E30: 53674.552 | F30: 54535.071 | G30: 59219.606 | H30: 60982.056 | I30: 62589.302 | J30: 62015.95 | K30: 64930.808 | L30: 68936.255 | M30: 73097.363 | N30: 77062.172 | O30: 78786.467 | P30: 70587.78 | Q30: 75045 | R30: 77251 | S30: 78888 | T30: 79868 | U30: 80138 | V30: 80191 | W30: =W10*AB30/100 -> 80979.259 | Y30: =T30/T10*100 -> 20.953215 | Z30: =U30/U10*100 -> 20.978205 | AA30: =V30/V10*100 -> 21.043199 | AB30: =AA30+(AA30-Z30) -> 21.108192
A31: Electricity, gas and water | B31: 8410.2231 | C31: 9341.5013 | D31: 9663.2213 | E31: 9072.6479 | F31: 9077.977 | G31: 9610.6014 | H31: 9595.6979 | I31: 10526.844 | J31: 9315.2118 | K31: 9996.9391 | L31: 10647.837 | M31: 10999.41 | N31: 11324.558 | O31: 10814.474 | P31: 10332.457 | Q31: 10544 | R31: 10660 | S31: 10657 | T31: 10635 | U31: 10469 | V31: 10259 | W31: =W11*AB31/100 -> 9852.624 | Y31: =T31/T11*100 -> 15.573518 | Z31: =U31/U11*100 -> 15.506184 | AA31: =V31/V11*100 -> 15.43078 | AB31: =AA31+(AA31-Z31) -> 15.355377
A32: Construction | B32: 9644.9795 | C32: 9478.0736 | D32: 10020.147 | E32: 8892.4279 | F32: 8385.8566 | G32: 8716.3533 | H32: 11689.431 | I32: 9233.5693 | J32: 9672.135 | K32: 10581.646 | L32: 12015.541 | M32: 12928.233 | N32: 14885.204 | O32: 16394.672 | P32: 17952.068 | Q32: 18251 | R32: 18349 | S32: 18856 | T32: 19851 | U32: 20622 | V32: 21060 | W32: =W12*AB32/100 -> 21292.565 | Y32: =T32/T12*100 -> 19.306931 | Z32: =U32/U12*100 -> 19.362108 | AA32: =V32/V12*100 -> 19.436472 | AB32: =AA32+(AA32-Z32) -> 19.510835
A33: Tertiary industries | B33: 149290.37 | C33: 155435.67 | D33: 157291.31 | E33: 161200.32 | F33: 165766.64 | G33: 171565.64 | H33: 180626.5 | I33: 187357.47 | J33: 195815.57 | K33: 204307.23 | L33: 217832.54 | M33: 230092.75 | N33: 245043.46 | O33: 255163.98 | P33: 258302.42 | Q33: 264974.01 | R33: =SUM(R34:R38) -> 275810 | S33: =SUM(S34:S38) -> 283854 | T33: =SUM(T34:T38) -> 291231 | U33: =SUM(U34:U38) -> 298356 | V33: =SUM(V34:V38) -> 303119 | W33: =SUM(W34:W38) -> 307173.12 | Y33: =T33/T13*100 -> 15.778139 | Z33: =U33/U13*100 -> 15.796186 | AA33: =V33/V13*100 -> 15.792465 | AB33: =AA33+(AA33-Z33) -> 15.788744
A34: Wholesale & retail trade; hotels & restaurants | B34: 32946.139 | C34: 33686.453 | D34: 33873.151 | E34: 34171.547 | F34: 36615.988 | G34: 39634.699 | H34: 42730.814 | I34: 43777.429 | J34: 45296.046 | K34: 47758.766 | L34: 50847.944 | M34: 54102.604 | N34: 57397.731 | O34: 58237.357 | P34: 58358.628 | Q34: 60988 | R34: 63989 | S34: 66356 | T34: 67378 | U34: 68397 | V34: 69792 | W34: =W14*AB34/100 -> 71064.006 | Y34: =T34/T14*100 -> 16.475128 | Z34: =U34/U14*100 -> 16.462164 | AA34: =V34/V14*100 -> 16.561661 | AB34: =AA34+(AA34-Z34) -> 16.661158
A35: Transport , storage and communication | B35: 23266.489 | C35: 24305.849 | D35: 25657.226 | E35: 26819.151 | F35: 27771.639 | G35: 29564.146 | H35: 30839.484 | I35: 33724.561 | J35: 36082.261 | K35: 37698.351 | L35: 39928.426 | M35: 42004.795 | N35: 45492.473 | O35: 47186.183 | P35: 47236.527 | Q35: 48277 | R35: 49874 | S35: 51215 | T35: 52729 | U35: 54240 | V35: 54907 | W35: =W15*AB35/100 -> 55177.34 | Y35: =T35/T15*100 -> 21.080722 | Z35: =U35/U15*100 -> 21.021382 | AA35: =V35/V15*100 -> 21.042647 | AB35: =AA35+(AA35-Z35) -> 21.063912
A36: Finance, real estate and business services | B36: 32091.992 | C36: 34332.793 | D36: 35809.15 | E36: 36389.272 | F36: 38573.884 | G36: 38871.488 | H36: 42714.152 | I36: 44873.269 | J36: 47381.501 | K36: 50804.852 | L36: 56177.866 | M36: 60500.627 | N36: 64929.112 | O36: 68719.03 | P36: 69849.973 | Q36: 70713 | R36: 73766 | S36: 75289 | T36: 77189 | U36: 78702 | V36: 80454 | W36: =W16*AB36/100 -> 81573.299 | Y36: =T36/T16*100 -> 13.38444 | Z36: =U36/U16*100 -> 13.35485 | AA36: =V36/V16*100 -> 13.286104 | AB36: =AA36+(AA36-Z36) -> 13.217357
A37: Personal services | B37: 15445.566 | C37: 15847.336 | D37: 15831.534 | E37: 16815.436 | F37: 17437.373 | G37: 18258.112 | H37: 18683.867 | I37: 19134.193 | J37: 20200.239 | K37: 20557.437 | L37: 21251.659 | M37: 22379.18 | N37: 23589.024 | O37: 24430.519 | P37: 24410.587 | Q37: 24558 | R37: 25273 | S37: 25874 | T37: 26594 | U37: 27241 | V37: 27646 | W37: =W17*AB37/100 -> 28075.915 | Y37: =T37/T17*100 -> 16.670219 | Z37: =U37/U17*100 -> 16.747923 | AA37: =V37/V17*100 -> 16.812313 | AB37: =AA37+(AA37-Z37) -> 16.876703
A38: General government services | B38: 45540.186 | C38: 47263.239 | D38: 46120.249 | E38: 47004.915 | F38: 45367.76 | G38: 45237.199 | H38: 45658.179 | I38: 45848.019 | J38: 46855.527 | K38: 47487.823 | L38: 49626.64 | M38: 51105.541 | N38: 53635.115 | O38: 56590.888 | P38: 58446.708 | Q38: 60439 | R38: 62908 | S38: 65120 | T38: 67341 | U38: 69776 | V38: 70320 | W38: =W18*AB38/100 -> 71282.557 | Y38: =T38/T18*100 -> 14.949584 | Z38: =U38/U18*100 -> 15.060164 | AA38: =V38/V18*100 -> 15.055817 | AB38: =AA38+(AA38-Z38) -> 15.05147
A39: All industries at basic prices | B39: 240820.85 | C39: 254483.14 | D39: 258698.28 | E39: 260582.48 | F39: 261339.51 | G39: 272937.69 | H39: 286171.2 | I39: 292651.69 | J39: 301009.5 | K39: 314228.75 | L39: 332381.94 | M39: 349865.23 | N39: 371757.56 | O39: =O33+O29+O26 -> 386612.91 | P39: =P33+P29+P26 -> 381716.34 | Q39: =Q33+Q29+Q26 -> 394490.12 | R39: =R33+R29+R26 -> 409432 | S39: =S33+S29+S26 -> 420233 | T39: =T33+T29+T26 -> 430906 | U39: =U33+U29+U26 -> 441348 | V39: =V33+V29+V26 -> 444392 | W39: =W33+W29+W26 -> 446082.1 | Y39: =T39/T19*100 -> 15.959582 | Z39: =U39/U19*100 -> 16.058501 | AA39: =V39/V19*100 -> 15.967059 | AB39: =AA39+(AA39-Z39) -> 15.875617
A40: Taxes less subsidies on products | B40: 26240.839 | C40: 27619.245 | D40: 28381.331 | E40: 28222.347 | F40: 27668.618 | G40: 28373.653 | H40: 30140.802 | I40: 29999.17 | J40: 30494.647 | K40: 31950.408 | L40: 33392.978 | M40: 35532.645 | N40: 37152.101 | O40: 38027.059 | P40: 37162.869 | Q40: 39356 | R40: 40393 | S40: 41370 | T40: 42334 | U40: 42726 | V40: 43470 | W40: =W20*AB40/100 -> 43219.334 | Y40: =T40/T20*100 -> 15.489428 | Z40: =U40/U20*100 -> 15.511345 | AA40: =V40/V20*100 -> 15.529382 | AB40: =AA40+(AA40-Z40) -> 15.547418
A41: KZN - GDPR at constant 2010 prices | B41: 267061.69 | C41: 282102.38 | D41: 287079.61 | E41: 288804.83 | F41: 289008.13 | G41: 301311.35 | H41: 316312 | I41: 322650.86 | J41: 331504.15 | K41: 346179.16 | L41: 365774.92 | M41: 385397.88 | N41: 408909.66 | O41: =O39+O40 -> 424639.97 | P41: =P39+P40 -> 418879.2 | Q41: =Q39+Q40 -> 433846.12 | R41: =R39+R40 -> 449825 | S41: =S39+S40 -> 461603 | T41: =T39+T40 -> 473240 | U41: =U39+U40 -> 484074 | V41: =V39+V40 -> 487862 | W41: =W39+W40 -> 489301.44 | Y41: =T41/T21*100 -> 15.916365 | Z41: =U41/U21*100 -> 16.008659 | AA41: =V41/V21*100 -> 15.927062 | AB41: =AA41+(AA41-Z41) -> 15.845465
A43: Structure Relationship | Y43: =FV(0.06,20,,W41) -> -1569256
A44: National - Provincial Structure | B44: 1995 | C44: 1996 | D44: 1997 | E44: 1998 | F44: 1999 | G44: 2000 | H44: 2001 | I44: 2002 | J44: 2003 | K44: 2004 | L44: 2005 | M44: 2006 | N44: 2007 | O44: 2008 | P44: 2009 | Q44: 2010 | R44: 2011 | S44: 2012 | T44: 2013 | U44: 2014 | V44: 2015 | W44: 2016
A45: Primary Industries | B45: =B26/B6*100 -> 7.9367582 | C45: =C26/C6*100 -> 9.7809369 | D45: =D26/D6*100 -> 9.6668565 | E45: =E26/E6*100 -> 9.7441915 | F45: =F26/F6*100 -> 8.2892985 | G45: =G26/G6*100 -> 8.3823296 | H45: =H26/H6*100 -> 8.2476166 | I45: =I26/I6*100 -> 7.9693431 | ... W45: =W26/W6*100 -> 9.1997886 | X45: =W45+(W45-V45) -> 8.7323421 | Y45: =X45 -> 8.7323421 | Z45: =Y45 -> 8.7323421 | AA45: =Z45 -> 8.7323421
A46: Agriculture, forestry and fishing | B46: =B27/B7*100 -> 29.258085 | C46: =C27/C7*100 -> 27.449131 | D46: =D27/D7*100 -> 27.106966 | E46: =E27/E7*100 -> 28.883602 | F46: =F27/F7*100 -> 26.482125 | G46: =G27/G7*100 -> 26.24288 | H46: =H27/H7*100 -> 27.042085 | I46: =I27/I7*100 -> 26.573061 | ... W46: =W27/W7*100 -> 29.049682 | X46: =W46+(W46-V46) -> 28.674008 | Y46: =X46 -> 28.674008 | Z46: =Y46 -> 28.674008 | AA46: =Z46 -> 28.674008
A47: Mining and quarrying | B47: =B28/B8*100 -> 4.2349939 | C47: =C28/C8*100 -> 5.9465431 | D47: =D28/D8*100 -> 5.9117351 | E47: =E28/E8*100 -> 5.8376916 | F47: =F28/F8*100 -> 4.2897863 | G47: =G28/G8*100 -> 4.225597 | H47: =H28/H8*100 -> 4.0136417 | I47: =I28/I8*100 -> 3.5501171 | ... W47: =W28/W8*100 -> 3.3987389 | X47: =W47+(W47-V47) -> 3.0978622 | Y47: =X47 -> 3.0978622 | Z47: =Y47 -> 3.0978622 | AA47: =Z47 -> 3.0978622
A48: Secondary Industries | B48: =B29/B9*100 -> 20.283784 | C48: =C29/C9*100 -> 20.188354 | D48: =D29/D9*100 -> 20.223889 | E48: =E29/E9*100 -> 20.060036 | F48: =F29/F9*100 -> 20.119313 | G48: =G29/G9*100 -> 20.241492 | H48: =H29/H9*100 -> 20.976351 | I48: =I29/I9*100 -> 20.33825 | ... W48: =W29/W9*100 -> 20.132412 | X48: =W48+(W48-V48) -> 20.206002 | Y48: =X48 -> 20.206002 | Z48: =Y48 -> 20.206002 | AA48: =Z48 -> 20.206002
A49: Manufacturing | B49: =B30/B10*100 -> 20.562215 | C49: =C30/C10*100 -> 20.632781 | D49: =D30/D10*100 -> 20.622933 | E49: =E30/E10*100 -> 20.571239 | F49: =F30/F10*100 -> 20.776382 | G49: =G30/G10*100 -> 20.870548 | H49: =H30/H10*100 -> 20.825273 | I49: =I30/I10*100 -> 20.79197 | ... W49: =W30/W10*100 -> 21.108192 | X49: =W49+(W49-V49) -> 21.173186 | Y49: =X49 -> 21.173186 | Z49: =Y49 -> 21.173186 | AA49: =Z49 -> 21.173186
A50: Electricity, gas and water | B50: =B31/B11*100 -> 16.413325 | C50: =C31/C11*100 -> 16.453791 | D50: =D31/D11*100 -> 16.381576 | E50: =E31/E11*100 -> 16.414521 | F50: =F31/F11*100 -> 16.506696 | G50: =G31/G11*100 -> 16.949738 | H50: =H31/H11*100 -> 17.573679 | I50: =I31/I11*100 -> 18.627045 | ... W50: =W31/W11*100 -> 15.355377 | X50: =W50+(W50-V50) -> 15.279973 | Y50: =X50 -> 15.279973 | Z50: =Y50 -> 15.279973 | AA50: =Z50 -> 15.279973
A51: Construction | B51: =B32/B12*100 -> 23.399382 | C51: =C32/C12*100 -> 22.540055 | D51: =D32/D12*100 -> 23.036104 | E51: =E32/E12*100 -> 21.723996 | F51: =F32/F12*100 -> 20.768355 | G51: =G32/G12*100 -> 20.432576 | H51: =H32/H12*100 -> 26.115603 | I51: =I32/I12*100 -> 19.496304 | ... W51: =W32/W12*100 -> 19.510835 | X51: =W51+(W51-V51) -> 19.585199 | Y51: =X51 -> 19.585199 | Z51: =Y51 -> 19.585199 | AA51: =Z51 -> 19.585199
A52: Tertiary industries | B52: =B33/B13*100 -> 15.535651 | C52: =C33/C13*100 -> 15.541766 | D52: =D33/D13*100 -> 15.359539 | E52: =E33/E13*100 -> 15.450455 | F52: =F33/F13*100 -> 15.314496 | G52: =G33/G13*100 -> 15.257796 | H52: =H33/H13*100 -> 15.542708 | I52: =I33/I13*100 -> 15.518203 | ... W52: =W33/W13*100 -> 15.788124 | X52: =W52+(W52-V52) -> 15.783783 | Y52: =X52 -> 15.783783 | Z52: =Y52 -> 15.783783 | AA52: =Z52 -> 15.783783
A53: Wholesale & retail trade; hotels & restaurants | B53: =B34/B14*100 -> 15.4826 | C53: =C34/C14*100 -> 15.265671 | D53: =D34/D14*100 -> 15.28912 | E53: =E34/E14*100 -> 15.22587 | F53: =F34/F14*100 -> 15.162679 | G53: =G34/G14*100 -> 15.182912 | H53: =H34/H14*100 -> 16.063733 | I53: =I34/I14*100 -> 16.08718 | ... W53: =W34/W14*100 -> 16.661158 | X53: =W53+(W53-V53) -> 16.760655 | Y53: =X53 -> 16.760655 | Z53: =Y53 -> 16.760655 | AA53: =Z53 -> 16.760655
A54: Transport , storage and communication | B54: =B35/B15*100 -> 22.388574 | C54: =C35/C15*100 -> 22.044029 | D54: =D35/D15*100 -> 21.62607 | E54: =E35/E15*100 -> 21.426956 | F54: =F35/F15*100 -> 21.091197 | G54: =G35/G15*100 -> 20.731781 | H54: =H35/H15*100 -> 20.421254 | I54: =I35/I15*100 -> 20.48779 | ... W54: =W35/W15*100 -> 21.063912 | X54: =W54+(W54-V54) -> 21.085178 | Y54: =X54 -> 21.085178 | Z54: =Y54 -> 21.085178 | AA54: =Z54 -> 21.085178
A55: Finance, real estate and business services | B55: =B36/B16*100 -> 13.169308 | C55: =C36/C16*100 -> 13.19361 | D55: =D36/D16*100 -> 13.142458 | E55: =E36/E16*100 -> 13.054841 | F55: =F36/F16*100 -> 13.16574 | G55: =G36/G16*100 -> 12.858389 | H55: =H36/H16*100 -> 13.062619 | I55: =I36/I16*100 -> 12.912477 | ... W55: =W36/W16*100 -> 13.217357 | X55: =W55+(W55-V55) -> 13.148611 | Y55: =X55 -> 13.148611 | Z55: =Y55 -> 13.148611 | AA55: =Z55 -> 13.148611
A56: Personal services | B56: =B37/B17*100 -> 16.526606 | C56: =C37/C17*100 -> 16.51743 | D56: =D37/D17*100 -> 16.50636 | E56: =E37/E17*100 -> 16.50692 | F56: =F37/F17*100 -> 16.479821 | G56: =G37/G17*100 -> 16.462328 | H56: =H37/H17*100 -> 16.475789 | I56: =I37/I17*100 -> 16.467184 | ... W56: =W37/W17*100 -> 16.876703 | X56: =W56+(W56-V56) -> 16.941093 | Y56: =X56 -> 16.941093 | Z56: =Y56 -> 16.941093 | AA56: =Z56 -> 16.941093
... A60: KZN - GDPR at constant 2010 prices | B60: =B41/B21*100 -> 15.244148 | C60: =C41/C21*100 -> 15.523615 | D60: =D41/D21*100 -> 15.422673 | E60: =E41/E21*100 -> 15.453775 | F60: =F41/F21*100 -> 15.152478 | G60: =G41/G21*100 -> 15.238247 | H60: =H41/H21*100 -> 15.622123 | I60: =I41/I21*100 -> 15.412257 | ... W60: =W41/W21*100 -> 15.929555 | X60: =W60+(W60-V60) -> 15.932047 | Y60: =X60 -> 15.932047 | Z60: =Y60 -> 15.932047 | AA60: =Z60 -> 15.932047
A62: SA – GDP by activity
A63: PA Change
A64: National Industry | C64: 1996 | D64: 1997 | E64: 1998 | F64: 1999 | G64: 2000 | H64: 2001 | I64: 2002 | J64: 2003 | K64: 2004 | L64: 2005 | M64: 2006 | N64: 2007 | O64: 2008 | P64: 2009 | Q64: 2010 | R64: 2011 | S64: 2012 | T64: 2013 | U64: 2014 | V64: 2015 | W64: 2016
A65: Primary Industries | C65: =(C6-B6)/B6*100 -> 2.8687616 | D65: =(D6-C6)/C6*100 -> 1.5573421 | E65: =(E6-D6)/D6*100 -> -1.0212747 | F65: =(F6-E6)/E6*100 -> -0.11172809 | G65: =(G6-F6)/F6*100 -> -0.054721649 | H65: =(H6-G6)/G6*100 -> -0.70414104 | I65: =(I6-H6)/H6*100 -> 2.0112217 | J65: =(J6-I6)/I6*100 -> 2.8751793 | ... W65: =(W6-V6)/V6*100 -> -5.4346732
A66: Agriculture, forestry and fishing | C66: =(C7-B7)/B7*100 -> 24 | D66: =(D7-C7)/C7*100 -> 0.9 | E66: =(E7-D7)/D7*100 -> -5.3 | F66: =(F7-E7)/E7*100 -> 6.2 | G66: =(G7-F7)/F7*100 -> 4.7 | H66: =(H7-G7)/G7*100 -> -3.3 | I66: =(I7-H7)/H7*100 -> 6.5 | J66: =(J7-I7)/I7*100 -> 0.68106961 | ... W66: =(W7-V7)/V7*100 -> -7.8061553
A67: Mining and quarrying | C67: =(C8-B8)/B8*100 -> -0.8 | D67: =(D8-C8)/C8*100 -> 1.7 | E67: =(E8-D8)/D8*100 -> -0.1 | F67: =(F8-E8)/E8*100 -> -1.4 | G67: =(G8-F8)/F8*100 -> -1.1 | H67: =(H8-G8)/G8*100 -> -0.1 | I67: =(I8-H8)/H8*100 -> 1 | J67: =(J8-I8)/I8*100 -> 3.3963798 | ... W67: =(W8-V8)/V8*100 -> -4.7184055
A68: Secondary Industries | C68: =(C9-B9)/B9*100 -> 2.8760604 | D68: =(D9-C9)/C9*100 -> 2.9811606 | E68: =(E9-D9)/D9*100 -> -1.869337 | F68: =(F9-E9)/E9*100 -> 0.20540276 | G68: =(G9-F9)/F9*100 -> 7.0550774 | H68: =(H9-G9)/G9*100 -> 2.3709371 | I68: =(I9-H9)/H9*100 -> 3.2409103 | J68: =(J9-I9)/I9*100 -> 0.1926621 | ... W68: =(W9-V9)/V9*100 -> 0.18348129
A69: Manufacturing | C69: =(C10-B10)/B10*100 -> 1.4 | D69: =(D10-C10)/C10*100 -> 2.7 | E69: =(E10-D10)/D10*100 -> -0.2 | F69: =(F10-E10)/E10*100 -> 0.6 | G69: =(G10-F10)/F10*100 -> 8.1 | H69: =(H10-G10)/G10*100 -> 3.2 | I69: =(I10-H10)/H10*100 -> 2.8 | J69: =(J10-I10)/I10*100 -> -1.504237 | ... W69: =(W10-V10)/V10*100 -> 0.67204089
A70: Electricity, gas and water | C70: =(C11-B11)/B11*100 -> 10.8 | D70: =(D11-C11)/C11*100 -> 3.9 | E70: =(E11-D11)/D11*100 -> -6.3 | F70: =(F11-E11)/E11*100 -> -0.5 | G70: =(G11-F11)/F11*100 -> 3.1 | H70: =(H11-G11)/G11*100 -> -3.7 | I70: =(I11-H11)/H11*100 -> 3.5 | J70: =(J11-I11)/I11*100 -> 2.9505666 | ... W70: =(W11-V11)/V11*100 -> -3.4895614
A71: Construction | C71: =(C12-B12)/B12*100 -> 2.0159734 | D71: =(D12-C12)/C12*100 -> 3.4427236 | E71: =(E12-D12)/D12*100 -> -5.894375 | F71: =(F12-E12)/E12*100 -> -1.3573544 | G71: =(G12-F12)/F12*100 -> 5.6492369 | H71: =(H12-G12)/G12*100 -> 4.9256418 | I71: =(I12-H12)/H12*100 -> 5.8093347 | J71: =(J12-I12)/I12*100 -> 7.6873231 | ... W71: =(W12-V12)/V12*100 -> 0.71894641
A72: Tertiary industries | C72: =(C13-B13)/B13*100 -> 4.075377 | D72: =(D13-C13)/C13*100 -> 2.3944048 | E72: =(E13-D13)/D13*100 -> 1.8821457 | F72: =(F13-E13)/E13*100 -> 3.7456246 | G72: =(G13-F13)/F13*100 -> 3.8829093 | H72: =(H13-G13)/G13*100 -> 3.3513677 | I72: =(I13-H13)/H13*100 -> 3.890256 | J72: =(J13-I13)/I13*100 -> 4.0860175 | ... W72: =(W13-V13)/V13*100 -> 1.3653296
A73: Wholesale & retail trade; hotels & restaurants | C73: =(C14-B14)/B14*100 -> 3.7 | D73: =(D14-C14)/C14*100 -> 0.4 | E73: =(E14-D14)/D14*100 -> 1.3 | F73: =(F14-E14)/E14*100 -> 7.6 | G73: =(G14-F14)/F14*100 -> 8.1 | H73: =(H14-G14)/G14*100 -> 1.9 | I73: =(I14-H14)/H14*100 -> 2.3 | J73: =(J14-I14)/I14*100 -> 2.6657607 | ... W73: =(W14-V14)/V14*100 -> 1.2145028
A74: Transport , storage and communication | C74: =(C15-B15)/B15*100 -> 6.1 | D74: =(D15-C15)/C15*100 -> 7.6 | E74: =(E15-D15)/D15*100 -> 5.5 | F74: =(F15-E15)/E15*100 -> 5.2 | G74: =(G15-F15)/F15*100 -> 8.3 | H74: =(H15-G15)/G15*100 -> 5.9 | I74: =(I15-H15)/H15*100 -> 9 | J74: =(J15-I15)/I15*100 -> 6.3478429 | ... W74: =(W15-V15)/V15*100 -> 0.39090644
A75: Finance, real estate and business services | C75: =(C16-B16)/B16*100 -> 6.7853709 | D75: =(D16-C16)/C16*100 -> 4.7060867 | E75: =(E16-D16)/D16*100 -> 2.302056 | F75: =(F16-E16)/E16*100 -> 5.1105563 | G75: =(G16-F16)/F16*100 -> 3.1802295 | H75: =(H16-G16)/G16*100 -> 8.1675334 | I75: =(I16-H16)/H16*100 -> 6.2763462 | J75: =(J16-I16)/I16*100 -> 4.7992294 | ... W75: =(W16-V16)/V16*100 -> 1.9185864
A76: Personal services | C76: =(C17-B17)/B17*100 -> 2.6582004 | D76: =(D17-C17)/C17*100 -> -0.032717766 | E76: =(E17-D17)/D17*100 -> 6.2112207 | F76: =(F17-E17)/E17*100 -> 3.8691359 | G76: =(G17-F17)/F17*100 -> 4.8180335 | H76: =(H17-G17)/G17*100 -> 2.2482669 | I76: =(I17-H17)/H17*100 -> 2.4637526 | J76: =(J17-I17)/I17*100 -> 5.5579361 | ... W76: =(W17-V17)/V17*100 -> 1.1676062
... A80: SA - GDP at constant 2010 prices | C80: =(C21-B21)/B21*100 -> 3.730256 | D80: =(D21-C21)/C21*100 -> 2.4303836 | E80: =(E21-D21)/D21*100 -> 0.39849236 | F80: =(F21-E21)/E21*100 -> 2.0602249 | G80: =(G21-F21)/F21*100 -> 3.6702378 | H80: =(H21-G21)/G21*100 -> 2.3988636 | I80: =(I21-H21)/H21*100 -> 3.3929606 | J80: =(J21-I21)/I21*100 -> 3.0368578 | ... W80: =(W21-V21)/V21*100 -> 0.27935742
A82: KZN – GDPR by activity
A83: PA Change
A84: Provincial Industry | C84: 1996 | D84: 1997 | E84: 1998 | F84: 1999 | G84: 2000 | H84: 2001 | I84: 2002 | J84: 2003 | K84: 2004 | L84: 2005 | M84: 2006 | N84: 2007 | O84: 2008 | P84: 2009 | Q84: 2010 | R84: 2011 | S84: 2012 | T84: 2013 | U84: 2014 | V84: 2015 | W84: 2016
A85: Primary Industries | C85: =(C26-B26)/B26*100 -> 26.771263 | D85: =(D26-C26)/C26*100 -> 0.37282431 | E85: =(E26-D26)/D26*100 -> -0.22944381 | F85: =(F26-E26)/E26*100 -> -15.02592 | G85: =(G26-F26)/F26*100 -> 1.0669682 | H85: =(H26-G26)/G26*100 -> -2.2999321 | I85: =(I26-H26)/H26*100 -> -1.430624 | J85: =(J26-I26)/I26*100 -> 5.4310501 | ... W85: =(W26-V26)/V26*100 -> -10.007256
A86: Agriculture, forestry and fishing | C86: =(C27-B27)/B27*100 -> 16.33339 | D86: =(D27-C27)/C27*100 -> -0.35775829 | E86: =(E27-D27)/D27*100 -> 0.90679689 | F86: =(F27-E27)/E27*100 -> -2.6298178 | G86: =(G27-F27)/F27*100 -> 3.7541219 | H86: =(H27-G27)/G27*100 -> -0.35508425 | I86: =(I27-H27)/H27*100 -> 4.6528399 | J86: =(J27-I27)/I27*100 -> 5.1830894 | ... W86: =(W27-V27)/V27*100 -> -8.9831939
A87: Mining and quarrying | C87: =(C28-B28)/B28*100 -> 39.291129 | D87: =(D28-C28)/C28*100 -> 1.104701 | E87: =(E28-D28)/D28*100 -> -1.3512325 | F87: =(F28-E28)/E28*100 -> -27.544488 | G87: =(G28-F28)/F28*100 -> -2.5798703 | H87: =(H28-G28)/G28*100 -> -5.1109674 | I87: =(I28-H28)/H28*100 -> -10.664217 | J87: =(J28-I28)/I28*100 -> 5.871938 | ... W87: =(W28-V28)/V28*100 -> -12.467321
A88: Secondary Industries | C88: =(C29-B29)/B29*100 -> 2.3920519 | D88: =(D29-C29)/C29*100 -> 3.1624294 | E88: =(E29-D29)/D29*100 -> -2.6643897 | F88: =(F29-E29)/E29*100 -> 0.50150588 | G88: =(G29-F29)/F29*100 -> 7.705195 | H88: =(H29-G29)/G29*100 -> 6.0874714 | I88: =(I29-H29)/H29*100 -> 0.10031902 | J88: =(J29-I29)/I29*100 -> -1.6350008 | ... W88: =(W29-V29)/V29*100 -> 0.55102454
A89: Manufacturing | C89: =(C30-B30)/B30*100 -> 1.7479865 | D89: =(D30-C30)/C30*100 -> 2.6509811 | E89: =(E30-D30)/D30*100 -> -0.45016265 | F89: =(F30-E30)/E30*100 -> 1.6032162 | G89: =(G30-F30)/F30*100 -> 8.5899493 | H89: =(H30-G30)/G30*100 -> 2.9761257 | I89: =(I30-H30)/H30*100 -> 2.6356048 | J89: =(J30-I30)/I30*100 -> -0.91605472 | ... W89: =(W30-V30)/V30*100 -> 0.98297633
A90: Electricity, gas and water | C90: =(C31-B31)/B31*100 -> 11.07317 | D90: =(D31-C31)/C31*100 -> 3.4439858 | E90: =(E31-D31)/D31*100 -> -6.1115589 | F90: =(F31-E31)/E31*100 -> 0.05873819 | G90: =(G31-F31)/F31*100 -> 5.8672146 | H90: =(H31-G31)/G31*100 -> -0.15507277 | I90: =(I31-H31)/H31*100 -> 9.7037841 | J90: =(J31-I31)/I31*100 -> -11.509926 | ... W90: =(W31-V31)/V31*100 -> -3.9611657
A91: Construction | C91: =(C32-B32)/B32*100 -> -1.7304948 | D91: =(D32-C32)/C32*100 -> 5.7192337 | E91: =(E32-D32)/D32*100 -> -11.254515 | F91: =(F32-E32)/E32*100 -> -5.6966588 | G91: =(G32-F32)/F32*100 -> 3.9411201 | H91: =(H32-G32)/G32*100 -> 34.109198 | I91: =(I32-H32)/H32*100 -> -21.009253 | J91: =(J32-I32)/I32*100 -> 4.7496883 | ... W91: =(W32-V32)/V32*100 -> 1.1042968
A92: Tertiary industries | C92: =(C33-B33)/B33*100 -> 4.1163389 | D92: =(D33-C33)/C33*100 -> 1.1938308 | E92: =(E33-D33)/D33*100 -> 2.4852056 | F92: =(F33-E33)/E33*100 -> 2.8327012 | G92: =(G33-F33)/F33*100 -> 3.4982911 | H92: =(H33-G33)/G33*100 -> 5.2812738 | I92: =(I33-H33)/H33*100 -> 3.7264605 | J92: =(J33-I33)/I33*100 -> 4.5144201 | ... W92: =(W33-V33)/V33*100 -> 1.3374668
A93: Wholesale & retail trade; hotels & restaurants | C93: =(C34-B34)/B34*100 -> 2.2470429 | D93: =(D34-C34)/C34*100 -> 0.55422229 | E93: =(E34-D34)/D34*100 -> 0.88092426 | F93: =(F34-E34)/E34*100 -> 7.1534381 | G93: =(G34-F34)/F34*100 -> 8.244244 | H93: =(H34-G34)/G34*100 -> 7.8116277 | I93: =(I34-H34)/H34*100 -> 2.4493202 | J93: =(J34-I34)/I34*100 -> 3.4689505 | ... W93: =(W34-V34)/V34*100 -> 1.8225665
A94: Transport , storage and communication | C94: =(C35-B35)/B35*100 -> 4.4671965 | D94: =(D35-C35)/C35*100 -> 5.5598838 | E94: =(E35-D35)/D35*100 -> 4.5286472 | F94: =(F35-E35)/E35*100 -> 3.5515228 | G94: =(G35-F35)/F35*100 -> 6.4544517 | H94: =(H35-G35)/G35*100 -> 4.3137984 | I94: =(I35-H35)/H35*100 -> 9.3551418 | J94: =(J35-I35)/I35*100 -> 6.9910453 | ... W94: =(W35-V35)/V35*100 -> 0.49235964
A95: Finance, real estate and business services | C95: =(C36-B36)/B36*100 -> 6.9824312 | D95: =(D36-C36)/C36*100 -> 4.3001347 | E95: =(E36-D36)/D36*100 -> 1.6200403 | F95: =(F36-E36)/E36*100 -> 6.0034505 | G95: =(G36-F36)/F36*100 -> 0.77151661 | H95: =(H36-G36)/G36*100 -> 9.8855577 | I95: =(I36-H36)/H36*100 -> 5.0548049 | J95: =(J36-I36)/I36*100 -> 5.5895925 | ... W95: =(W36-V36)/V36*100 -> 1.3912287
A96: Personal services | C96: =(C37-B37)/B37*100 -> 2.6011995 | D96: =(D37-C37)/C37*100 -> -0.099714304 | E96: =(E37-D37)/D37*100 -> 6.2148253 | F96: =(F37-E37)/E37*100 -> 3.6986112 | G96: =(G37-F37)/F37*100 -> 4.7067763 | H96: =(H37-G37)/G37*100 -> 2.3318725 | I96: =(I37-H37)/H37*100 -> 2.4102375 | J96: =(J37-I37)/I37*100 -> 5.5714174 | ... W96: =(W37-V37)/V37*100 -> 1.5550705
... A99: Taxes less subsidies on products | C99: =(C40-B40)/B40*100 -> 5.2529069 | D99: =(D40-C40)/C40*100 -> 2.759255 | E99: =(E40-D40)/D40*100 -> -0.56017126 | F99: =(F40-E40)/E40*100 -> -1.9620212 | G99: =(G40-F40)/F40*100 -> 2.5481394 | H99: =(H40-G40)/G40*100 -> 6.2281327 | I99: =(I40-H40)/H40*100 -> -0.46990193 | J99: =(J40-I40)/I40*100 -> 1.6516373 | ... W99: =(W40-V40)/V40*100 -> -0.57664073
A100: KZN - GDPR at constant 2010 prices | C100: =(C41-B41)/B41*100 -> 5.6319188 | D100: =(D41-C41)/C41*100 -> 1.7643328 | E100: =(E41-D41)/D41*100 -> 0.60095551 | F100: =(F41-E41)/E41*100 -> 0.07039388 | G100: =G98 -> 4.4379751 | H100: =(H41-G41)/G41*100 -> 4.9784567 | I100: =(I41-H41)/H41*100 -> 2.0039893 | J100: =(J41-I41)/I41*100 -> 2.7439226 | K100: =(K41-J41)/J41*100 -> 4.4267942 | L100: =(L41-K41)/K41*100 -> 5.6605833 | M100: =(M41-L41)/L41*100 -> 5.3647642 | N100: =(N41-M41)/M41*100 -> 6.1006522 | O100: =(O41-N41)/N41*100 -> 3.8468892 | ... W100: =(W41-V41)/V41*100 -> 0.2950503
A102: Targeted GDP | C102: 5 | D102: 5 | E102: 5 | F102: 5 | G102: 5 | H102: 5 | I102: 5 | J102: 5 | K102: 5 | L102: 5 | M102: 5 | N102: 5 | O102: 5 | P102: 5 | Q102: 5 | R102: 5 | S102: 5 | T102: 5 | U102: 5 | V102: 5 | W102: 5
A103: Potential GDP | C103: 3.5 | D103: 3.5 | E103: 3.5 | F103: 3.5 | G103: 3.5 | H103: 3.5 | I103: 3.5 | J103: 3.5 | K103: 3.5 | L103: 3.5 | M103: 3.5 | N103: 3.5 | O103: 3.5 | P103: 3.5 | Q103: 3.5 | R103: 3.5 | S103: 3.5 | T103: 3.5 | U103: 3.5 | V103: 3.5 | W103: 3.5
A104: Population Growth Rate | C104: 1.2 | D104: 1.2 | E104: 1.2 | F104: 1.2 | G104: 1.2 | H104: 1.2 | I104: 1.2 | J104: 1.2 | K104: 1.2 | L104: 1.2 | M104: 1.2 | N104: 1.2 | O104: 1.2 | P104: 1.2 | Q104: 1.2 | R104: 1.2 | S104: 1.2 | T104: 1.2 | U104: 1.2 | V104: 1.2 | W104: 1.2
A134: Primary Industries | B134: =B26/B$39*100 -> 9.0742906 | C134: =C26/C$39*100 -> 10.886006 | D134: =D26/D$39*100 -> 10.748558 | E134: =E26/E$39*100 -> 10.646354 | F134: =F26/F$39*100 -> 9.0204357 | G134: =G26/G$39*100 -> 8.7292777 | H134: =H26/H$39*100 -> 8.1341236 | I134: =I26/I$39*100 -> 7.8402094 | ... P134: =P26/P$39*100 -> 6.4292785
A135: Agriculture, forestry and fishing | B135: =B27/B$39*100 -> 4.9486101 | C135: =C27/C$39*100 -> 5.4478193 | D135: =D27/D$39*100 -> 5.3398819 | E135: =E27/E$39*100 -> 5.3493424 | F135: =F27/F$39*100 -> 5.1935764 | G135: =G27/G$39*100 -> 5.1595691 | H135: =H27/H$39*100 -> 4.9034999 | I135: =I27/I$39*100 -> 5.0180164 | ... P135: =P27/P$39*100 -> 4.5329615
A136: Mining and quarrying | B136: =B28/B$39*100 -> 4.1256805 | C136: =C28/C$39*100 -> 5.4381868 | D136: =D28/D$39*100 -> 5.4086757 | E136: =E28/E$39*100 -> 5.2970116 | F136: =F28/F$39*100 -> 3.8268593 | G136: =G28/G$39*100 -> 3.5697085 | H136: =H28/H$39*100 -> 3.2306237 | I136: =I28/I$39*100 -> 2.822193 | ... P136: =P28/P$39*100 -> 1.896317
A137: Secondary Industries | B137: =B29/B$39*100 -> 28.933414 | C137: =C29/C$39*100 -> 28.035028 | D137: =D29/D$39*100 -> 28.450377 | E137: =E29/E$39*100 -> 27.492112 | F137: =F29/F$39*100 -> 27.54995 | G137: =G29/G$39*100 -> 28.411818 | H137: =H29/H$39*100 -> 28.747542 | I137: =I29/I$39*100 -> 28.139156 | ... P137: =P29/P$39*100 -> 25.902037
A138: Manufacturing | B138: =B30/B$39*100 -> 21.436055 | C138: =C30/C$39*100 -> 20.639813 | D138: =D30/D$39*100 -> 20.841757 | E138: =E30/E$39*100 -> 20.597913 | F138: =F30/F$39*100 -> 20.867519 | G138: =G30/G$39*100 -> 21.697115 | H138: =H30/H$39*100 -> 21.309641 | I138: =I30/I$39*100 -> 21.386961 | ... P138: =P30/P$39*100 -> 18.492208
A139: Electricity, gas and water | B139: =B31/B$39*100 -> 3.4923152 | C139: =C31/C$39*100 -> 3.6707742 | D139: =D31/D$39*100 -> 3.735325 | E139: =E31/E$39*100 -> 3.4816799 | F139: =F31/F$39*100 -> 3.4736336 | G139: =G31/G$39*100 -> 3.5211704 | H139: =H31/H$39*100 -> 3.3531319 | I139: =I31/I$39*100 -> 3.5970555 | ... P139: =P31/P$39*100 -> 2.7068418
A140: Construction | B140: =B32/B$39*100 -> 4.0050434 | C140: =C32/C$39*100 -> 3.7244407 | D140: =D32/D$39*100 -> 3.8732947 | E140: =E32/E$39*100 -> 3.4125194 | F140: =F32/F$39*100 -> 3.2087978 | G140: =G32/G$39*100 -> 3.1935322 | H140: =H32/H$39*100 -> 4.0847686 | I140: =I32/I$39*100 -> 3.1551396 | ... P140: =P32/P$39*100 -> 4.7029865
A141: Tertiary industries | B141: =B33/B$39*100 -> 61.992296 | C141: =C33/C$39*100 -> 61.078966 | D141: =D33/D$39*100 -> 60.801065 | E141: =E33/E$39*100 -> 61.861534 | F141: =F33/F$39*100 -> 63.429614 | G141: =G33/G$39*100 -> 62.858904 | H141: =H33/H$39*100 -> 63.118335 | I141: =I33/I$39*100 -> 64.020635 | ... P141: =P33/P$39*100 -> 67.668685
A142: Wholesale & retail trade; hotels & restaurants | B142: =B34/B$39*100 -> 13.680767 | C142: =C34/C$39*100 -> 13.237204 | D142: =D34/D$39*100 -> 13.09369 | E142: =E34/E$39*100 -> 13.113524 | F142: =F34/F$39*100 -> 14.010889 | G142: =G34/G$39*100 -> 14.521519 | H142: =H34/H$39*100 -> 14.931906 | I142: =I34/I$39*100 -> 14.958885 | ... P142: =P34/P$39*100 -> 15.288481
A143: Transport , storage and communication | B143: =B35/B$39*100 -> 9.6613267 | C143: =C35/C$39*100 -> 9.5510645 | D143: =D35/D$39*100 -> 9.9178185 | E143: =E35/E$39*100 -> 10.292001 | F143: =F35/F$39*100 -> 10.626651 | G143: =G35/G$39*100 -> 10.83183 | H143: =H35/H$39*100 -> 10.776585 | I143: =I35/I$39*100 -> 11.523788 | ... P143: =P35/P$39*100 -> 12.374772
...

Sheet Quarterly
A1: Quarterly GDP and GDPR
A3: SA – GDP by activity
A4: Constant 2010 prices - Rand million
A5: National Industry | B5: 1995q1 | C5: 1995q2 | D5: 1995q3 | E5: 1995q4 | F5: 1996q1 | G5: 1996q2 | H5: 1996q3 | I5: 1996q4 | J5: 1997q1 | K5: 1997q2 | L5: 1997q3 | M5: 1997q4 | N5: 1998q1 | O5: 1998q2 | P5: 1998q3 | Q5: 1998q4 | R5: 1999q1 | S5: 1999q2 | T5: 1999q3 | U5: 1999q4 | V5: 2000q1 | W5: 2000q2 | X5: 2000q3 | Y5: 2000q4 | Z5: 2001q1 | AA5: 2001q2 | AB5: 2001q3 | AC5: 2001q4 | AD5: 2002q1 | AE5: 2002q2 | AF5: 2002q3 | AG5: 2002q4 | AH5: 2003q1 | AI5: 2003q2 | AJ5: 2003q3 | AK5: 2003q4 | AL5: 2004q1 | AM5: 2004q2 | AN5: 2004q3 | AO5: 2004q4 | AP5: 2005q1 | AQ5: 2005q2 | AR5: 2005q3 | AS5: 2005q4 | AT5: 2006q1 | AU5: 2006q2 | AV5: 2006q3 | AW5: 2006q4 | AX5: 2007q1 | AY5: 2007q2 | AZ5: 2007q3 | BA5: 2007q4 | BB5: 2008q1 | BC5: 2008q2 | BD5: 2008q3 | BE5: 2008q4 | BF5: 2009q1 | BG5: 2009q2 | BH5: 2009q3 | BI5: 2009q4 | BJ5: 2010q1 | BK5: 2010q2 | BL5: 2010q3 | BM5: 2010q4 | BN5: 2011q1 | BO5: 2011q2 | BP5: 2011q3 | BQ5: 2011q4 | BR5: 2012q1 | BS5: 2012q2 | BT5: 2012q3 | BU5: 2012q4 | BV5: 2013q1 | BW5: 2013q2 | BX5: 2013q3 | BY5: 2013q4 | BZ5: 2014q1 | CA5: 2014q2 | CB5: 2014q3 | CC5: 2014q4 | CD5: 2015q1 | CE5: 2015q2 | CF5: 2015q3 | CG5: 2015q4 | CH5: 2016q1 | CI5: 2016q2 | CJ5: 2016q3 | CK5: 2016q4
A6: Primary Industries | B6: =SUM(B7:B8) -> 66451.388 | C6: =SUM(C7:C8) -> 69582.845 | D6: =SUM(D7:D8) -> 71297.39 | E6: =SUM(E7:E8) -> 68005.396 | F6: =SUM(F7:F8) -> 66542.205 | G6: =SUM(G7:G8) -> 76676.168 | H6: =SUM(H7:H8) -> 72285.846 | I6: =SUM(I7:I8) -> 67731.541 | ... CK6: =SUM(CK7:CK8) -> 69779
A7: Agriculture, forestry and fishing | B7: 7808.6148 | C7: 11347.134 | D7: 12167.747 | E7: 9408.0997 | F7: 8573.7264 | G7: 19103.301 | H7: 13679.614 | I7: 9150.5374 | J7: 9466.7634 | K7: 18725.188 | L7: 13582.279 | M7: 9187.513 | N7: 9162.8312 | O7: 18080.503 | P7: 13113.338 | Q7: 7904.0988 | R7: 10054.371 | S7: 19983.855 | T7: 13977.512 | U7: 7237.2013 | V7: 8541.3628 | W7: 17124.159 | X7: 19090.928 | Y7: 8905.3771 | Z7: 9491.5501 | AA7: 19794.365 | AB7: 15172.844 | AC7: 7432.2272 | AD7: 10381.456 | AE7: 21742.441 | AF7: 14285.686 | AG7: 8854.3178 | AH7: 9534.5886 | AI7: 24048.574 | AJ7: 15012.234 | AK7: 7044.8901 | AL7: 9590.1209 | AM7: 21819.569 | AN7: 16496.18 | AO7: 8212.6111 | AP7: 11050.621 | AQ7: 20247.388 | AR7: 18072.372 | AS7: 8324.9098 | AT7: 11298.216 | AU7: 18265.598 | AV7: 15860.192 | AW7: 9119.513 | AX7: 11700.973 | AY7: 18877.074 | AZ7: 16246.529 | BA7: 9343.884 | BB7: 14448.318 | BC7: 22623.534 | BD7: 19281.361 | BE7: 10718.397 | BF7: 14121.695 | BG7: 21764.437 | BH7: 18713.038 | BI7: 11203.26 | BJ7: 14236 | BK7: 22159 | BL7: 18301 | BM7: 10908 | BN7: 14186 | BO7: 22233 | BP7: 19004 | BQ7: 11489 | BR7: 14871 | BS7: 23588 | BT7: 18372 | BU7: 11262 | BV7: 15894 | BW7: 25651 | BX7: 18224 | BY7: 11374 | BZ7: 15806 | CA7: 27664 | CB7: 20595 | CC7: 11977 | CD7: 17620 | CE7: 25745 | CF7: 16708 | CG7: 11345 | CH7: 16772 | CI7: 21623 | CJ7: 15835 | CK7: 11614
A8: Mining and quarrying | B8: 58642.774 | C8: 58235.712 | D8: 59129.642 | E8: 58597.296 | F8: 57968.478 | G8: 57572.867 | H8: 58606.232 | I8: 58581.003 | J8: 57740.205 | K8: 58897.155 | L8: 60135.332 | M8: 59912.274 | N8: 59095.22 | O8: 59099.875 | P8: 59276.524 | Q8: 58976.662 | R8: 57763.478 | S8: 58056.963 | T8: 58627.176 | U8: 58690.388 | V8: 57126.055 | W8: 57821.901 | X8: 57789.317 | Y8: 57836.214 | Z8: 56774.455 | AA8: 58066.278 | AB8: 58101.189 | AC8: 57400.991 | AD8: 56490.857 | AE8: 58043.464 | AF8: 58892.965 | AG8: 59219.057 | AH8: 58130.651 | AI8: 60091.113 | AJ8: 61306.015 | AK8: 61020.117 | AL8: 61019.906 | AM8: 60856.825 | AN8: 62702.452 | AO8: 59600.472 | AP8: 63571.039 | AQ8: 62327.859 | AR8: 61526.536 | AS8: 59259.998 | AT8: 60131.256 | AU8: 60856.401 | AV8: 61270.299 | AW8: 62966.695 | AX8: 61301.183 | AY8: 60768.499 | AZ8: 61090.631 | BA8: 60502.848 | BB8: 56013.971 | BC8: 58711.499 | BD8: 57801.947 | BE8: 58136.084 | BF8: 52487.809 | BG8: 54872.811 | BH8: 55383.597 | BI8: 56086.793 | BJ8: 57311 | BK8: 54667 | BL8: 58679 | BM8: 59694 | BN8: 57537 | BO8: 58283 | BP8: 56204 | BQ8: 56621 | BR8: 52472 | BS8: 58154 | BT8: 55994 | BU8: 55370 | BV8: 54638 | BW8: 57307 | BX8: 57881 | BY8: 60946 | BZ8: 54047 | CA8: 56907 | CB8: 56480 | CC8: 60088 | CD8: 58231 | CE8: 60393 | CF8: 57824 | CG8: 60009 | CH8: 51664 | CI8: 57717 | CJ8: 57754 | CK8: 58165
A9: Secondary Industries | B9: =SUM(B10:B12) -> 83002.24 | C9: =SUM(C10:C12) -> 84540.063 | D9: =SUM(D10:D12) -> 88952.483 | E9: =SUM(E10:E12) -> 87019.486 | F9: =SUM(F10:F12) -> 84811.274 | G9: =SUM(G10:G12) -> 86285.611 | H9: =SUM(H10:H12) -> 91230.288 | I9: =SUM(I10:I12) -> 91066.776 | ... CK9: =SUM(CK10:CK12) -> 142483
A10: Manufacturing | B10: 59932.646 | C10: 61081.256 | D10: 65401.611 | E10: 64639.59 | F10: 61296.726 | G10: 61799.016 | H10: 65690.039 | I10: 65784.095 | J10: 62320.706 | K10: 64461.104 | L10: 67583.131 | M10: 67078.313 | N10: 63536.636 | O10: 64625.556 | P10: 66593.894 | Q10: 66164.281 | R10: 62195.608 | S10: 63823.705 | T10: 67460.739 | U10: 69005.837 | V10: 66591.169 | W10: 68957.294 | X10: 73175.793 | Y10: 75022.993 | Z10: 70866.633 | AA10: 72291.908 | AB10: 74346.056 | AC10: 75322.566 | AD10: 71202.307 | AE10: 73938.114 | AF10: 77877.809 | AG10: 78008.095 | AH10: 72543.465 | AI10: 72785.68 | AJ10: 75949.776 | AK10: 75219.256 | AL10: 73926.641 | AM10: 75959.974 | AN10: 80648.751 | AO10: 80475.326 | AP10: 76594.578 | AQ10: 81417.564 | AR10: 86325.609 | AS10: 85968.563 | AT10: 81925.419 | AU10: 85868.174 | AV10: 91141.294 | AW10: 92637.155 | AX10: 87770.456 | AY10: 90785.762 | AZ10: 94519.206 | BA10: 97313.916 | BB10: 90118.83 | BC10: 96634.291 | BD10: 98624.099 | BE10: 93586.87 | BF10: 80618.515 | BG10: 81908.748 | BH10: 87368.739 | BI10: 88795.699 | BJ10: 83985.452 | BK10: 89493.433 | BL10: 92552.781 | BM10: 92667.673 | BN10: 88788.206 | BO10: 91015.158 | BP10: 94452.509 | BQ10: 95326.478 | BR10: 89340.175 | BS10: 92773.698 | BT10: 96584.708 | BU10: 98631.869 | BV10: 89457.659 | BW10: 95349.054 | BX10: 96451.714 | BY10: 99915.043 | BZ10: 91204.482 | CA10: 94243.438 | CB10: 96380.406 | CC10: 100178.14 | CD10: 91456.792 | CE10: 92672.543 | CF10: 97851.118 | CG10: 99097.847 | CH10: 90721.024 | CI10: 96225.032 | CJ10: 98296.856 | CK10: 98396.447
A11: Electricity, gas and water | B11: 12695.422 | C11: 12943.779 | D11: 13153.433 | E11: 12447.581 | F11: 12939.299 | G11: 13785.925 | H11: 14931.15 | I11: 15117.784 | J11: 14351.002 | K11: 14882.513 | L11: 15072.716 | M11: 14682.118 | N11: 13584.48 | O11: 13912.325 | P11: 14013.146 | Q11: 13762.133 | R11: 13034.072 | S11: 13725.649 | T11: 14130.859 | U11: 14105.143 | V11: 13561.081 | W11: 14239.235 | X11: 14717.806 | Y11: 14182.469 | Z11: 13272.397 | AA11: 13633.254 | AB11: 14055.833 | AC11: 13641.185 | AD11: 13478.601 | AE11: 14125.764 | AF11: 14605.585 | AG11: 14303.813 | AH11: 13962.387 | AI11: 14511.603 | AJ11: 14995.389 | AK11: 14711.859 | AL11: 14807.823 | AM11: 15490.279 | AN11: 16115.632 | AO11: 15715.121 | AP11: 15588.622 | AQ11: 16300.026 | AR11: 16744.158 | AS11: 16817.519 | AT11: 16031.057 | AU11: 16836.47 | AV11: 17397.208 | AW11: 17423.695 | AX11: 16610.062 | AY11: 17327.923 | AZ11: 18091.772 | BA11: 17970.244 | BB11: 16087.417 | BC11: 16579.152 | BD11: 17839.499 | BE11: 17015.932 | BF11: 15693.848 | BG11: 16345.493 | BH11: 17221.826 | BI11: 17075.834 | BJ11: 16148.336 | BK11: 16780.416 | BL11: 17525.935 | BM11: 17484.912 | BN11: 16511.346 | BO11: 17160.586 | BP11: 17727.666 | BQ11: 17578.304 | BR11: 16492.934 | BS11: 17089.185 | BT11: 17673.466 | BU11: 17477.763 | BV11: 16033.644 | BW11: 17066.892 | BX11: 17736.478 | BY11: 17452.337 | BZ11: 16047.163 | CA11: 16711.531 | CB11: 17326.098 | CC11: 17430.578 | CD11: 16307.482 | CE11: 16554.484 | CF11: 16779.833 | CG11: 16841.781 | CH11: 15401.103 | CI11: 16034.407 | CJ11: 16431.285 | CK11: 16297.326
A12: Construction | B12: 10374.172 | C12: 10515.028 | D12: 10397.439 | E12: 9932.3153 | F12: 10575.249 | G12: 10700.67 | H12: 10609.099 | I12: 10164.897 | J12: 10781.584 | K12: 10846.994 | L12: 10718.955 | M12: 11150.04 | N12: 10467.798 | O12: 10205.09 | P12: 9922.2901 | Q12: 10338.488 | R12: 10057.657 | S12: 10045.463 | T12: 9887.994 | U12: 10386.937 | V12: 10229.415 | W12: 10463.78 | X12: 10584.953 | Y12: 11380.956 | Z12: 11041.639 | AA12: 11132.5 | AB12: 10968.799 | AC12: 11617.4 | AD12: 11524.792 | AE12: 11536.059 | AF12: 11767.058 | AG12: 12532.7 | AH12: 12466.495 | AI12: 12468.12 | AJ12: 12695.799 | AK12: 13370.968 | AL12: 13249.885 | AM12: 13553.449 | AN12: 14067.295 | AO12: 14776.193 | AP12: 14810.003 | AQ12: 15226.954 | AR12: 15756.742 | AS12: 16486.939 | AT12: 16393.1 | AU12: 16803.1 | AV12: 17396.1 | AW12: 18188.08 | AX12: 18742.82 | AY12: 19202 | AZ12: 19850 | BA12: 21660 | BB12: 20925.12 | BC12: 21283.12 | BD12: 21920.1 | BE12: 23172.03 | BF12: 23052.08 | BG12: 23089 | BH12: 23657 | BI12: 24961 | BJ12: 23760.42 | BK12: 23637.42 | BL12: 23495.44 | BM12: 24559.42 | BN12: 23428.243 | BO12: 23647.881 | BP12: 23828.495 | BQ12: 24954.931 | BR12: 24357.731 | BS12: 24182.717 | BT12: 24261.255 | BU12: 25527.767 | BV12: 25421.722 | BW12: 25485.545 | BX12: 25506.073 | BY12: 26404.281 | BZ12: 26428.579 | CA12: 26356.776 | CB12: 26346.536 | CC12: 27374.769 | CD12: 26990.959 | CE12: 26878.875 | CF12: 26758.426 | CG12: 27724.339 | CH12: 27429.795 | CI12: 26896.033 | CJ12: 27017.004 | CK12: 27789.227
A13: Tertiary industries | B13: =SUM(B14:B18) -> 231961.06 | C13: =SUM(C14:C18) -> 234621.08 | D13: =SUM(D14:D18) -> 242400.92 | E13: =SUM(E14:E18) -> 251970.35 | F13: =SUM(F14:F18) -> 242021.85 | G13: =SUM(G14:G18) -> 244693.4 | H13: =SUM(H14:H18) -> 251769.43 | I13: =SUM(I14:I18) -> 261631.2 | ... CK13: =SUM(CK14:CK18) -> 504879
A14: Wholesale & retail trade; hotels & restaurants | B14: 48609.405 | C14: 49866.385 | D14: 53184.776 | E14: 61134.044 | F14: 51363.796 | G14: 52192.327 | H14: 54721.933 | I14: 62389.954 | J14: 52450.741 | K14: 52791.793 | L14: 54818.711 | M14: 61489.437 | N14: 52475.789 | O14: 53629.274 | P14: 55609.317 | Q14: 62716.461 | R14: 54794.542 | S14: 56910.489 | T14: 60185.239 | U14: 69597.315 | V14: 60001.198 | W14: 62249.558 | X14: 64881.092 | Y14: 73916.232 | Z14: 62437.252 | AA14: 63719.027 | AB14: 65472.78 | AC14: 74378.934 | AD14: 63220.443 | AE14: 64781.849 | AF14: 67256.499 | AG14: 76867.387 | AH14: 64263.481 | AI14: 65980.058 | AJ14: 69595.698 | AK14: 79541.173 | AL14: 67174.388 | AM14: 69167.362 | AN14: 72314.419 | AO14: 85804.576 | AP14: 72273.363 | AQ14: 73933.367 | AR14: 77418.89 | AS14: 91584.686 | AT14: 76190.835 | AU14: 78373.553 | AV14: 82255.282 | AW14: 97178.905 | AX14: 81001.363 | AY14: 83088.505 | AZ14: 87014.281 | BA14: 101593.68 | BB14: 85186.756 | BC14: 85956.774 | BD14: 86367.209 | BE14: 101369.6 | BF14: 84232.192 | BG14: 84201.797 | BH14: 86309.913 | BI14: 100126.58 | BJ14: 86088 | BK14: 87915 | BL14: 90554 | BM14: 106024 | BN14: 89467 | BO14: 91008 | BP14: 94224 | BQ14: 110996 | BR14: 93897 | BS14: 95056 | BT14: 97713 | BU14: 114271 | BV14: 95828 | BW14: 97110 | BX14: 99530 | BY14: 116501 | BZ14: 97890 | CA14: 98225 | CB14: 101335 | CC14: 118030 | CD14: 99407 | CE14: 99350 | CF14: 102581 | CG14: 120070 | CH14: 100700 | CI14: 101045 | CJ14: 103349 | CK14: 121431
A15: Transport , storage and communication | B15: 24777.506 | C15: 24835.795 | D15: 26875.359 | E15: 27432.605 | F15: 26709.014 | G15: 26588.416 | H15: 28403.459 | I15: 28559.572 | J15: 28289.266 | K15: 28554.859 | L15: 30526.569 | M15: 31269.564 | N15: 30566.49 | O15: 30690.138 | P15: 31771.528 | Q15: 32137.315 | R15: 31251.545 | S15: 31963.489 | T15: 33840.453 | U15: 34618.588 | V15: 34015.598 | W15: 34885.568 | X15: 36611.701 | Y15: 37090.157 | Z15: 35931.359 | AA15: 36614.693 | AB15: 38630.206 | AC15: 39840.345 | AD15: 39116.758 | AE15: 40166.932 | AF15: 42175.514 | AG15: 43148.893 | AH15: 41973.685 | AI15: 42794.307 | AJ15: 44468.819 | AK15: 45820.349 | AL15: 43714.734 | AM15: 44639.319 | AN15: 47079.005 | AO15: 48179.636 | AP15: 46194.48 | AQ15: 47178.672 | AR15: 49468.788 | AS15: 50491.793 | AT15: 48332.346 | AU15: 49486.752 | AV15: 52392.265 | AW15: 53013.078 | AX15: 52288.735 | AY15: 53319.34 | AZ15: 55961.955 | BA15: 56918.4 | BB15: 54391.89 | BC15: 55386.176 | BD15: 58000.578 | BE15: 58357.225 | BF15: 54584.494 | BG15: 55250.796 | BH15: 57750.345 | BI15: 58126.105 | BJ15: 54784 | BK15: 56121 | BL15: 59041 | BM15: 59552 | BN15: 56612 | BO15: 58151 | BP15: 60958 | BQ15: 61721 | BR15: 58258 | BS15: 59708 | BT15: 62303 | BU15: 62919 | BV15: 59790 | BW15: 61227 | BX15: 64319 | BY15: 64793 | BZ15: 61360 | CA15: 63198 | CB15: 66255 | CC15: 67210 | CD15: 62711 | CE15: 64035 | CF15: 66850 | CG15: 67335 | CH15: 62124 | CI15: 64251 | CJ15: 67112 | CK15: 68465
A16: Finance, real estate and business services | B16: 59354.498 | C16: 59935.792 | D16: 61703.433 | E16: 62694.047 | F16: 61961.449 | G16: 63925.101 | H16: 66250.209 | I16: 68086.126 | J16: 67107.406 | K16: 68184.102 | L16: 68581.428 | M16: 68596.258 | N16: 67695.505 | O16: 69628.181 | P16: 70622.792 | Q16: 70795.111 | R16: 71207.154 | S16: 72934.7 | T16: 74167.11 | U16: 74677.874 | V16: 73764.818 | W16: 74896.496 | X16: 76183.178 | Y16: 77459.997 | Z16: 78410.22 | AA16: 81017.919 | AB16: 82935.216 | AC16: 84631.957 | AD16: 87007.795 | AE16: 86787.227 | AF16: 86368.787 | AG16: 87354.863 | AH16: 90926.972 | AI16: 90412.166 | AJ16: 90826.351 | AK16: 92031.4 | AL16: 96600.792 | AM16: 96730.272 | AN16: 97242.119 | AO16: 99316.086 | AP16: 102050.9 | AQ16: 102217 | AR16: 103148.8 | AS16: 104731.81 | AT16: 108259.01 | AU16: 111990.1 | AV16: 114925.1 | AW16: 116722.1 | AX16: 118778.9 | AY16: 119610.9 | AZ16: 121964.9 | BA16: 124319.89 | BB16: 127008.12 | BC16: 127417.12 | BD16: 128211.12 | BE16: 129080.12 | BF16: 129560.1 | BG16: 129156.1 | BH16: 128918.1 | BI16: 129480.01 | BJ16: 130988 | BK16: 131110 | BL16: 130730 | BM16: 130698 | BN16: 134588 | BO16: 135465 | BP16: 137790 | BQ16: 137958 | BR16: 140692 | BS16: 140046 | BT16: 140709 | BU16: 140595 | BV16: 143154 | BW16: 143478 | BX16: 144207 | BY16: 145868 | BZ16: 146453 | CA16: 146555 | CB16: 147461 | CC16: 148845 | CD16: 150233 | CE16: 151071 | CF16: 152005 | CG16: 152241 | CH16: 153517 | CI16: 154130 | CJ16: 154559 | CK16: 154962
A17: Personal services | B17: 22682.454 | C17: 23324.34 | D17: 23739.231 | E17: 23712.761 | F17: 23991.525 | G17: 23896.516 | H17: 24021.649 | I17: 24033.418 | J17: 23771.625 | K17: 24041.351 | L17: 24237.959 | M17: 23860.782 | N17: 24532.899 | O17: 25247.532 | P17: 26012.639 | Q17: 26075.936 | R17: 25943 | S17: 26274.969 | T17: 26845.428 | U17: 26747.06 | V17: 26945.334 | W17: 27432.986 | X17: 28282.496 | Y17: 28247.624 | Z17: 28032.07 | AA17: 28167.977 | AB17: 28719.801 | AC17: 28482.11 | AD17: 28375.621 | AE17: 28723.624 | AF17: 29518.717 | AG17: 29577.939 | AH17: 29818.528 | AI17: 30512.663 | AJ17: 31439.642 | AK17: 30883.162 | AL17: 30418.355 | AM17: 31037.512 | AN17: 31703.237 | AO17: 31637.338 | AP17: 31914.407 | AQ17: 32224.864 | AR17: 32763.771 | AS17: 32631.826 | AT17: 33825.058 | AU17: 33926.855 | AV17: 34270.007 | AW17: 34276.08 | AX17: 36139.192 | AY17: 36360.434 | AZ17: 36350.309 | BA17: 34957.066 | BB17: 37562.545 | BC17: 38015.458 | BD17: 37754.608 | BE17: 35883.599 | BF17: 37176.469 | BG17: 37244.714 | BH17: 37161.173 | BI17: 36432.645 | BJ17: 36858 | BK17: 37281 | BL17: 37434 | BM17: 36989 | BN17: 38159 | BO17: 38321 | BP17: 38092 | BQ17: 37655 | BR17: 38890 | BS17: 39507 | BT17: 39189 | BU17: 37887 | BV17: 39771 | BW17: 40434 | BX17: 40188 | BY17: 39137 | BZ17: 40636 | CA17: 41205 | CB17: 40988 | CC17: 39824 | CD17: 41103 | CE17: 41784 | CF17: 41443 | CG17: 40110 | CH17: 41522 | CI17: 42235 | CJ17: 42051 | CK17: 40551
A18: General government services | B18: 76537.2 | C18: 76658.772 | D18: 76898.117 | E18: 76996.895 | F18: 77996.065 | G18: 78091.043 | H18: 78372.178 | I18: 78562.135 | J18: 78679.908 | K18: 78706.501 | L18: 78995.235 | M18: 79109.209 | N18: 78213.241 | O18: 78294.087 | P18: 78282.538 | Q18: 78340.285 | R18: 77589.567 | S18: 77718.922 | T18: 77675.034 | U18: 77474.072 | V18: 76878.118 | W18: 76988.993 | X18: 76956.655 | Y18: 76758.003 | Z18: 76411.518 | AA18: 76309.882 | AB18: 76041.934 | AC18: 75944.918 | AD18: 75784.791 | AE18: 76675.356 | AF18: 77088.487 | AG18: 77342.475 | AH18: 77585.21 | AI18: 78723.332 | AJ18: 79300.431 | AK18: 79774.649 | AL18: 78919.45 | AM18: 80131.517 | AN18: 80650.746 | AO18: 81716.529 | AP18: 82034.518 | AQ18: 83823.964 | AR18: 84563.442 | AS18: 84843.15 | AT18: 85599 | AU18: 85929 | AV18: 86713 | AW18: 87290 | AX18: 88815 | AY18: 89824 | AZ18: 90891 | BA18: 92106 | BB18: 93530 | BC18: 94657 | BD18: 96279 | BE18: 97302 | BF18: 98060 | BG18: 98558 | BH18: 98604 | BI18: 98699 | BJ18: 99361 | BK18: 100718 | BL18: 101676 | BM18: 102892 | BN18: 104381 | BO18: 105407 | BP18: 106490 | BQ18: 107555 | BR18: 107724 | BS18: 108567 | BT18: 109745 | BU18: 110431 | BV18: 111466 | BW18: 112149 | BX18: 112951 | BY18: 113888 | BZ18: 114739 | CA18: 115798 | CB18: 116349 | CC18: 116430 | CD18: 116538 | CE18: 116727 | CF18: 116925 | CG18: 116873 | CH18: 117923 | CI18: 118019 | CJ18: 118179 | CK18: 119470
A19: All industries at basic prices | B19: =B13+B9+B6 -> 381414.69 | C19: =C13+C9+C6 -> 388743.99 | D19: =D13+D9+D6 -> 402650.79 | E19: =E13+E9+E6 -> 406995.23 | F19: =F13+F9+F6 -> 393375.33 | G19: =G13+G9+G6 -> 407655.18 | H19: =H13+H9+H6 -> 415285.56 | I19: =I13+I9+I6 -> 420429.52 | ... CK19: =CK13+CK9+CK6 -> 717141
A20: Taxes less subsidies on products | B20: 42787.113 | C20: 42794.388 | D20: 43168.245 | E20: 43342.651 | F20: 44426.159 | G20: 44902.082 | H20: 45310.64 | I20: 45862.842 | J20: 46222.157 | K20: 46356.918 | L20: 46560.307 | M20: 46635.404 | N20: 45639.631 | O20: 45191.242 | P20: 46097.802 | Q20: 46730.065 | R20: 44774.237 | S20: 44697.957 | T20: 46125.528 | U20: 47068.188 | V20: 45352.176 | W20: 45426.416 | X20: 46918.163 | Y20: 47851.886 | Z20: 46088.867 | AA20: 46131.581 | AB20: 47489.909 | AC20: 48505.753 | AD20: 46708.631 | AE20: 48034.63 | AF20: 48943.518 | AG20: 49632.265 | AH20: 48038.492 | AI20: 49536.999 | AJ20: 49939.948 | AK20: 50989.161 | AL20: 49652.863 | AM20: 51805.358 | AN20: 52867.445 | AO20: 54152.248 | AP20: 52398.839 | AQ20: 54543.61 | AR20: 55532.316 | AS20: 56398.721 | AT20: 55914 | AU20: 57129 | AV20: 58502 | AW20: 60994 | AX20: 58952 | AY20: 59956 | AZ20: 61528 | BA20: 63426 | BB20: 61023 | BC20: 62159 | BD20: 62949 | BE20: 63232 | BF20: 59467 | BG20: 59485 | BH20: 60776 | BI20: 63159 | BJ20: 60568 | BK20: 62287 | BL20: 64286 | BM20: 66007 | BN20: 63611 | BO20: 64738 | BP20: 66642 | BQ20: 68289 | BR20: 65163 | BS20: 66120 | BT20: 67681 | BU20: 69531 | BV20: 66059 | BW20: 67958 | BX20: 68686 | BY20: 70606 | BZ20: 66547 | CA20: 67913 | CB20: 69217 | CC20: 71773 | CD20: 69227 | CE20: 69077 | CF20: 69718 | CG20: 71899 | CH20: 67511 | CI20: 68699 | CJ20: 69998 | CK20: 71776
A21: SA - GDP at constant 2010 prices | B21: =B19+B20 -> 424201.8 | C21: =C19+C20 -> 431538.38 | D21: =D19+D20 -> 445819.03 | E21: =E19+E20 -> 450337.88 | F21: =F19+F20 -> 437801.49 | G21: =G19+G20 -> 452557.26 | H21: =H19+H20 -> 460596.2 | I21: =I19+I20 -> 466292.36 | ... CK21: =CK19+CK20 -> 788917
A23: KZN – GDPR by activity
A24: Constant 2010 prices - Rand million
A25: Provincial Industry | B25: =B5 -> 1995q1 | C25: =C5 -> 1995q2 | D25: =D5 -> 1995q3 | E25: =E5 -> 1995q4 | F25: =F5 -> 1996q1 | G25: =G5 -> 1996q2 | H25: =H5 -> 1996q3 | I25: =I5 -> 1996q4 | ... CK25: =CK5 -> 2016q4
A26: Primary Industries | B26: =SUM(B27:B28) -> 4768.169 | C26: =SUM(C27:C28) -> 5786.2329 | D26: =SUM(D27:D28) -> 6064.1866 | E26: =SUM(E27:E28) -> 5234.2217 | F26: =SUM(F27:F28) -> 5800.5339 | G26: =SUM(G27:G28) -> 8667.2854 | H26: =SUM(H27:H28) -> 7239.98 | I26: =SUM(I27:I28) -> 5995.2876 | ... CK26: =SUM(CK27:CK28) -> 5350.7065
A27: Agriculture, forestry and fishing | B27: =B7*Annual!$B46/100 -> 2284.6511 | C27: =C7*Annual!$B46/100 -> 3319.9541 | D27: =D7*Annual!$B46/100 -> 3560.0498 | E27: =E7*Annual!$B46/100 -> 2752.6298 | F27: =F7*Annual!$C46/100 -> 2353.4134 | G27: =G7*Annual!$C46/100 -> 5243.69 | H27: =H7*Annual!$C46/100 -> 3754.9351 | I27: =I7*Annual!$C46/100 -> 2511.743 | J27: =J7*Annual!$D46/100 -> 2566.1524 | K27: =K7*Annual!$D46/100 -> 5075.8304 | L27: =L7*Annual!$D46/100 -> 3681.7437 | M27: =M7*Annual!$D46/100 -> 2490.4561 | N27: =N7*Annual!$E46/100 -> 2646.5557 | O27: =O7*Annual!$E46/100 -> 5222.3005 | P27: =P7*Annual!$E46/100 -> 3787.6044 | Q27: =Q7*Annual!$E46/100 -> 2282.9885 | R27: =R7*Annual!$F46/100 -> 2662.6109 | S27: =S7*Annual!$F46/100 -> 5292.1494 | T27: =T7*Annual!$F46/100 -> 3701.5421 | U27: =U7*Annual!$F46/100 -> 1916.5647 | V27: =V7*Annual!$G46/100 -> 2241.4996 | W27: =W7*Annual!$G46/100 -> 4493.8725 | X27: =X7*Annual!$G46/100 -> 5010.0094 | Y27: =Y7*Annual!$G46/100 -> 2337.0275 | Z27: =Z7*Annual!H46/100 -> 2566.713 | AA27: =AA7*Annual!H46/100 -> 5352.8091 | AB27: =AB7*Annual!H46/100 -> 4103.0533 | AC27: =AC7*Annual!H46/100 -> 2009.8292 | AD27: =AD7*Annual!$I46/100 -> 2758.6707 | AE27: =AE7*Annual!$I46/100 -> 5777.632 | AF27: =AF7*Annual!$I46/100 -> 3796.144 | AG27: =AG7*Annual!$I46/100 -> 2352.8633 | AH27: =AH7*Annual!$J46/100 -> 2646.925 | AI27: =AI7*Annual!$J46/100 -> 6676.195 | AJ27: =AJ7*Annual!$J46/100 -> 4167.5901 | AK27: =AK7*Annual!$J46/100 -> 1955.7526 | AL27: =AL7*Annual!$K46/100 -> 2647.5764 | AM27: =AM7*Annual!$K46/100 -> 6023.8007 | AN27: =AN7*Annual!$K46/100 -> 4554.1551 | AO27: =AO7*Annual!$K46/100 -> 2267.2828 | AP27: =AP7*Annual!$L46/100 -> 2794.2122 | AQ27: =AQ7*Annual!$L46/100 -> 5119.667 | AR27: =AR7*Annual!$L46/100 -> 4569.702 | AS27: =AS7*Annual!$L46/100 -> 2105.0007 | AT27: =AT7*Annual!$M46/100 -> 3037.8805 | AU27: =AU7*Annual!$M46/100 -> 4911.2802 | AV27: =AV7*Annual!$M46/100 -> 4264.5111 | AW27: =AW7*Annual!$M46/100 -> 2452.0677 | AX27: =AX7*Annual!$N46/100 -> 3193.3394 | AY27: =AY7*Annual!$N46/100 -> 5151.7856 | AZ27: =AZ7*Annual!$N46/100 -> 4433.8775 | BA27: =BA7*Annual!$N46/100 -> 2550.0608 | BB27: =BB7*Annual!$O46/100 -> 3850.0101 | BC27: =BC7*Annual!$O46/100 -> 6028.4411 | BD27: =BD7*Annual!$O46/100 -> 5137.86 | BE27: =BE7*Annual!$O46/100 -> 2856.1066 | BF27: =BF7*Annual!P46/100 -> 3713.3655 | BG27: =BG7*Annual!P46/100 -> 5723.0602 | BH27: =BH7*Annual!P46/100 -> 4920.6806 | BI27: =BI7*Annual!P46/100 -> 2945.9494 | BJ27: =BJ7*Annual!Q46/100 -> 3843.861 | BK27: =BK7*Annual!Q46/100 -> 5983.1495 | BL27: =BL7*Annual!Q46/100 -> 4941.4513 | BM27: =BM7*Annual!Q46/100 -> 2945.2681 | BN27: =BN7*Annual!$R46/100 -> 4127.7692 | BO27: =BO7*Annual!$R46/100 -> 6469.2438 | BP27: =BP7*Annual!$R46/100 -> 5529.686 | BQ27: =BQ7*Annual!$R46/100 -> 3343.01 | BR27: =BR7*Annual!$S46/100 -> 4350.3785 | BS27: =BS7*Annual!$S46/100 -> 6900.4591 | BT27: =BT7*Annual!$S46/100 -> 5374.5648 | BU27: =BU7*Annual!$S46/100 -> 3294.5977 | BV27: =BV7*Annual!$T46/100 -> 4673.05 | BW27: =BW7*Annual!$T46/100 -> 7541.7394 | BX27: =BX7*Annual!$T46/100 -> 5358.1014 | BY27: =BY7*Annual!$T46/100 -> 3344.1092 | BZ27: =BZ7*Annual!$U46/100 -> 4710.3505 | CA27: =CA7*Annual!$U46/100 -> 8244.1565 | CB27: =CB7*Annual!$U46/100 -> 6137.5218 | CC27: =CC7*Annual!$U46/100 -> 3569.2692 | CD27: =CD7*Annual!$V46/100 -> 5184.7475 | CE27: =CE7*Annual!$V46/100 -> 7575.5576 | CF27: =CF7*Annual!$V46/100 -> 4916.3883 | CG27: =CG7*Annual!$V46/100 -> 3338.3065 | CH27: =CH7*Annual!$W46/100 -> 4872.2126 | CI27: =CI7*Annual!$W46/100 -> 6281.4126 | CJ27: =CJ7*Annual!$W46/100 -> 4600.0171 | CK27: =CK7*Annual!$W46/100 -> 3373.83
A28: Mining and quarrying | B28: =B8*Annual!$B47/100 -> 2483.5179 | C28: =C8*Annual!$B47/100 -> 2466.2788 | D28: =D8*Annual!$B47/100 -> 2504.1367 | E28: =E8*Annual!$B47/100 -> 2481.5919 | F28: =F8*Annual!$C47/100 -> 3447.1206 | G28: =G8*Annual!$C47/100 -> 3423.5954 | H28: =H8*Annual!$C47/100 -> 3485.0449 | I28: =I8*Annual!$C47/100 -> 3483.5446 | J28: =J8*Annual!$D47/100 -> 3413.448 | K28: =K8*Annual!$D47/100 -> 3481.8438 | L28: =L8*Annual!$D47/100 -> 3555.0415 | M28: =M8*Annual!$D47/100 -> 3541.8549 | N28: =N8*Annual!$E47/100 -> 3449.7967 | O28: =O8*Annual!$E47/100 -> 3450.0684 | P28: =P8*Annual!$E47/100 -> 3460.3807 | Q28: =Q8*Annual!$E47/100 -> 3442.8756 | R28: =R8*Annual!$F47/100 -> 2477.9298 | S28: =S8*Annual!$F47/100 -> 2490.5197 | T28: =T8*Annual!$F47/100 -> 2514.9806 | U28: =U8*Annual!$F47/100 -> 2517.6922 | V28: =V8*Annual!$G47/100 -> 2413.9168 | W28: =W8*Annual!$G47/100 -> 2443.3205 | X28: =X8*Annual!$G47/100 -> 2441.9436 | Y28: =Y8*Annual!$G47/100 -> 2443.9253 | Z28: =Z8*Annual!H47/100 -> 2278.7232 | AA28: =AA8*Annual!H47/100 -> 2330.5724 | AB28: =AB8*Annual!H47/100 -> 2331.9736 | AC28: =AC8*Annual!H47/100 -> 2303.8701 | AD28: =AD8*Annual!$I47/100 -> 2005.4915 | AE28: =AE8*Annual!$I47/100 -> 2060.6109 | AF28: =AF8*Annual!$I47/100 -> 2090.7692 | AG28: =AG8*Annual!$I47/100 -> 2102.3458 | AH28: =AH8*Annual!$J47/100 -> 2113.1163 | AI28: =AI8*Annual!$J47/100 -> 2184.3813 | AJ28: =AJ8*Annual!$J47/100 -> 2228.5444 | AK28: =AK8*Annual!$J47/100 -> 2218.1517 | AL28: =AL8*Annual!$K47/100 -> 2228.9207 | AM28: =AM8*Annual!$K47/100 -> 2222.9637 | AN28: =AN8*Annual!$K47/100 -> 2290.3804 | AO28: =AO8*Annual!$K47/100 -> 2177.072 | AP28: =AP8*Annual!$L47/100 -> 2154.6909 | AQ28: =AQ8*Annual!$L47/100 -> 2112.5543 | AR28: =AR8*Annual!$L47/100 -> 2085.3941 | AS28: =AS8*Annual!$L47/100 -> 2008.5715 | AT28: =AT8*Annual!$M47/100 -> 1981.7195 | AU28: =AU8*Annual!$M47/100 -> 2005.6178 | AV28: =AV8*Annual!$M47/100 -> 2019.2584 | AW28: =AW8*Annual!$M47/100 -> 2075.1658 | AX28: =AX8*Annual!$N47/100 -> 2041.1152 | AY28: =AY8*Annual!$N47/100 -> 2023.3787 | AZ28: =AZ8*Annual!$N47/100 -> 2034.1045 | BA28: =BA8*Annual!$N47/100 -> 2014.5334 | BB28: =BB8*Annual!$O47/100 -> 1840.9394 | BC28: =BC8*Annual!$O47/100 -> 1929.5956 | BD28: =BD8*Annual!$O47/100 -> 1899.7025 | BE28: =BE8*Annual!$O47/100 -> 1910.6842 | BF28: =BF8*Annual!P47/100 -> 1736.2112 | BG28: =BG8*Annual!P47/100 -> 1815.1031 | BH28: =BH8*Annual!P47/100 -> 1831.9991 | BI28: =BI8*Annual!P47/100 -> 1855.2597 | BJ28: =BJ8*Annual!Q47/100 -> 1980.9428 | BK28: =BK8*Annual!Q47/100 -> 1889.5535 | BL28: =BL8*Annual!Q47/100 -> 2028.2275 | BM28: =BM8*Annual!Q47/100 -> 2063.3107 | BN28: =BN8*Annual!$R47/100 -> 1985.9608 | BO28: =BO8*Annual!$R47/100 -> 2011.71 | BP28: =BP8*Annual!$R47/100 -> 1939.9507 | BQ28: =BQ8*Annual!$R47/100 -> 1954.344 | BR28: =BR8*Annual!$S47/100 -> 1904.6776 | BS28: =BS8*Annual!$S47/100 -> 2110.9281 | BT28: =BT8*Annual!$S47/100 -> 2032.5224 | BU28: =BU8*Annual!$S47/100 -> 2009.8719 | BV28: =BV8*Annual!$T47/100 -> 1989.7464 | BW28: =BW8*Annual!$T47/100 -> 2086.9431 | BX28: =BX8*Annual!$T47/100 -> 2107.8464 | BY28: =BY8*Annual!$T47/100 -> 2219.4642 | BZ28: =BZ8*Annual!$U47/100 -> 2162.1461 | CA28: =CA8*Annual!$U47/100 -> 2276.5601 | CB28: =CB8*Annual!$U47/100 -> 2259.478 | CC28: =CC8*Annual!$U47/100 -> 2403.8158 | CD28: =CD8*Annual!$V47/100 -> 2154.3231 | CE28: =CE8*Annual!$V47/100 -> 2234.3088 | CF28: =CF8*Annual!$V47/100 -> 2139.2657 | CG28: =CG8*Annual!$V47/100 -> 2220.1023 | CH28: =CH8*Annual!$W47/100 -> 1755.9245 | CI28: =CI8*Annual!$W47/100 -> 1961.6501 | CJ28: =CJ8*Annual!$W47/100 -> 1962.9077 | CK28: =CK8*Annual!$W47/100 -> 1976.8765
A29: Secondary Industries | B29: =SUM(B30:B32) -> 16834.713 | C29: =SUM(C30:C32) -> 17144.615 | D29: =SUM(D30:D32) -> 18039.872 | E29: =SUM(E30:E32) -> 17658.494 | F29: =SUM(F30:F32) -> 17159.891 | G29: =SUM(G30:G32) -> 17431.1 | H29: =SUM(H30:H32) -> 18401.719 | I29: =SUM(I30:I32) -> 18351.71 | ... CK29: =SUM(CK30:CK32) -> 28694.138
A30: Manufacturing | B30: =B10*Annual!$B49/100 -> 12323.48 | C30: =C10*Annual!$B49/100 -> 12559.659 | D30: =D10*Annual!$B49/100 -> 13448.02 | E30: =E10*Annual!$B49/100 -> 13291.331 | F30: =F10*Annual!$C49/100 -> 12647.219 | G30: =G10*Annual!$C49/100 -> 12750.856 | H30: =H10*Annual!$C49/100 -> 13553.682 | I30: =I10*Annual!$C49/100 -> 13573.088 | J30: =J10*Annual!$D49/100 -> 12852.357 | K30: =K10*Annual!$D49/100 -> 13293.77 | L30: =L10*Annual!$D49/100 -> 13937.624 | M30: =M10*Annual!$D49/100 -> 13833.515 | N30: =N10*Annual!$E49/100 -> 13070.273 | O30: =O10*Annual!$E49/100 -> 13294.277 | P30: =P10*Annual!$E49/100 -> 13699.189 | Q30: =Q10*Annual!$E49/100 -> 13610.812 | R30: =R10*Annual!$F49/100 -> 12921.997 | S30: =S10*Annual!$F49/100 -> 13260.257 | T30: =T10*Annual!$F49/100 -> 14015.901 | U30: =U10*Annual!$F49/100 -> 14336.916 | V30: =V10*Annual!$G49/100 -> 13897.942 | W30: =W10*Annual!$G49/100 -> 14391.765 | X30: =X10*Annual!$G49/100 -> 15272.189 | Y30: =Y10*Annual!$G49/100 -> 15657.71 | Z30: =Z10*Annual!H49/100 -> 14758.17 | AA30: =AA10*Annual!H49/100 -> 15054.987 | AB30: =AB10*Annual!H49/100 -> 15482.769 | AC30: =AC10*Annual!H49/100 -> 15686.13 | AD30: =AD10*Annual!$I49/100 -> 14804.362 | AE30: =AE10*Annual!$I49/100 -> 15373.19 | AF30: =AF10*Annual!$I49/100 -> 16192.33 | AG30: =AG10*Annual!$I49/100 -> 16219.42 | AH30: =AH10*Annual!$J49/100 -> 15173.287 | AI30: =AI10*Annual!$J49/100 -> 15223.949 | AJ30: =AJ10*Annual!$J49/100 -> 15885.755 | AK30: =AK10*Annual!$J49/100 -> 15732.959 | AL30: =AL10*Annual!$K49/100 -> 15433.928 | AM30: =AM10*Annual!$K49/100 -> 15858.434 | AN30: =AN10*Annual!$K49/100 -> 16837.327 | AO30: =AO10*Annual!$K49/100 -> 16801.12 | AP30: =AP10*Annual!$L49/100 -> 15985.596 | AQ30: =AQ10*Annual!$L49/100 -> 16992.172 | AR30: =AR10*Annual!$L49/100 -> 18016.501 | AS30: =AS10*Annual!$L49/100 -> 17941.984 | AT30: =AT10*Annual!$M49/100 -> 17033.584 | AU30: =AU10*Annual!$M49/100 -> 17853.345 | AV30: =AV10*Annual!$M49/100 -> 18949.71 | AW30: =AW10*Annual!$M49/100 -> 19260.723 | AX30: =AX10*Annual!$N49/100 -> 18261.276 | AY30: =AY10*Annual!$N49/100 -> 18888.632 | AZ30: =AZ10*Annual!$N49/100 -> 19665.402 | BA30: =BA10*Annual!$N49/100 -> 20246.862 | BB30: =BB10*Annual!$O49/100 -> 18735.665 | BC30: =BC10*Annual!$O49/100 -> 20090.227 | BD30: =BD10*Annual!$O49/100 -> 20503.907 | BE30: =BE10*Annual!$O49/100 -> 19456.669 | BF30: =BF10*Annual!P49/100 -> 16801.953 | BG30: =BG10*Annual!P49/100 -> 17070.854 | BH30: =BH10*Annual!P49/100 -> 18208.788 | BI30: =BI10*Annual!P49/100 -> 18506.185 | BJ30: =BJ10*Annual!Q49/100 -> 17570.967 | BK30: =BK10*Annual!Q49/100 -> 18723.316 | BL30: =BL10*Annual!Q49/100 -> 19363.376 | BM30: =BM10*Annual!Q49/100 -> 19387.413 | BN30: =BN10*Annual!$R49/100 -> 18558.744 | BO30: =BO10*Annual!$R49/100 -> 19024.227 | BP30: =BP10*Annual!$R49/100 -> 19742.711 | BQ30: =BQ10*Annual!$R49/100 -> 19925.391 | BR30: =BR10*Annual!$S49/100 -> 18678.26 | BS30: =BS10*Annual!$S49/100 -> 19396.103 | BT30: =BT10*Annual!$S49/100 -> 20192.867 | BU30: =BU10*Annual!$S49/100 -> 20620.865 | BV30: =BV10*Annual!$T49/100 -> 18744.256 | BW30: =BW10*Annual!$T49/100 -> 19978.693 | BX30: =BX10*Annual!$T49/100 -> 20209.735 | BY30: =BY10*Annual!$T49/100 -> 20935.414 | BZ30: =BZ10*Annual!$U49/100 -> 19133.063 | CA30: =CA10*Annual!$U49/100 -> 19770.581 | CB30: =CB10*Annual!$U49/100 -> 20218.879 | CC30: =CC10*Annual!$U49/100 -> 21015.576 | CD30: =CD10*Annual!$V49/100 -> 19245.434 | CE30: =CE10*Annual!$V49/100 -> 19501.267 | CF30: =CF10*Annual!$V49/100 -> 20591.005 | CG30: =CG10*Annual!$V49/100 -> 20853.357 | CH30: =CH10*Annual!$W49/100 -> 19149.568 | CI30: =CI10*Annual!$W49/100 -> 20311.365 | CJ30: =CJ10*Annual!$W49/100 -> 20748.69 | CK30: =CK10*Annual!$W49/100 -> 20769.711
A31: Electricity, gas and water | B31: =B11*Annual!$B50/100 -> 2083.7409 | C31: =C11*Annual!$B50/100 -> 2124.5045 | D31: =D11*Annual!$B50/100 -> 2158.9157 | E31: =E11*Annual!$B50/100 -> 2043.0619 | F31: =F11*Annual!$C50/100 -> 2129.0052 | G31: =G11*Annual!$C50/100 -> 2268.3073 | H31: =H11*Annual!$C50/100 -> 2456.7402 | I31: =I11*Annual!$C50/100 -> 2487.4486 | J31: =J11*Annual!$D50/100 -> 2350.9203 | K31: =K11*Annual!$D50/100 -> 2437.9902 | L31: =L11*Annual!$D50/100 -> 2469.1485 | M31: =M11*Annual!$D50/100 -> 2405.1624 | N31: =N11*Annual!$E50/100 -> 2229.8273 | O31: =O11*Annual!$E50/100 -> 2283.6415 | P31: =P11*Annual!$E50/100 -> 2300.1909 | Q31: =Q11*Annual!$E50/100 -> 2258.9882 | R31: =R11*Annual!$F50/100 -> 2151.4947 | S31: =S11*Annual!$F50/100 -> 2265.6511 | T31: =T11*Annual!$F50/100 -> 2332.538 | U31: =U11*Annual!$F50/100 -> 2328.2931 | V31: =V11*Annual!$G50/100 -> 2298.5677 | W31: =W11*Annual!$G50/100 -> 2413.5129 | X31: =X11*Annual!$G50/100 -> 2494.6295 | Y31: =Y11*Annual!$G50/100 -> 2403.8913 | Z31: =Z11*Annual!H50/100 -> 2332.4485 | AA31: =AA11*Annual!H50/100 -> 2395.8643 | AB31: =AB11*Annual!H50/100 -> 2470.1271 | AC31: =AC11*Annual!H50/100 -> 2397.2581 | AD31: =AD11*Annual!$I50/100 -> 2510.665 | AE31: =AE11*Annual!$I50/100 -> 2631.2123 | AF31: =AF11*Annual!$I50/100 -> 2720.5888 | AG31: =AG11*Annual!$I50/100 -> 2664.3776 | AH31: =AH11*Annual!$J50/100 -> 2235.4731 | AI31: =AI11*Annual!$J50/100 -> 2323.4063 | AJ31: =AJ11*Annual!$J50/100 -> 2400.8638 | AK31: =AK11*Annual!$J50/100 -> 2355.4686 | AL31: =AL11*Annual!$K50/100 -> 2382.6756 | AM31: =AM11*Annual!$K50/100 -> 2492.4872 | AN31: =AN11*Annual!$K50/100 -> 2593.1106 | AO31: =AO11*Annual!$K50/100 -> 2528.6657 | AP31: =AP11*Annual!$L50/100 -> 2536.0472 | AQ31: =AQ11*Annual!$L50/100 -> 2651.7825 | AR31: =AR11*Annual!$L50/100 -> 2724.0364 | AS31: =AS11*Annual!$L50/100 -> 2735.9712 | AT31: =AT11*Annual!$M50/100 -> 2605.0563 | AU31: =AU11*Annual!$M50/100 -> 2735.9364 | AV31: =AV11*Annual!$M50/100 -> 2827.0567 | AW31: =AW11*Annual!$M50/100 -> 2831.3608 | AX31: =AX11*Annual!$N50/100 -> 2687.1659 | AY31: =AY11*Annual!$N50/100 -> 2803.301 | AZ31: =AZ11*Annual!$N50/100 -> 2926.876 | BA31: =BA11*Annual!$N50/100 -> 2907.2153 | BB31: =BB11*Annual!$O50/100 -> 2576.5965 | BC31: =BC11*Annual!$O50/100 -> 2655.3538 | BD31: =BD11*Annual!$O50/100 -> 2857.2138 | BE31: =BE11*Annual!$O50/100 -> 2725.3095 | BF31: =BF11*Annual!P50/100 -> 2444.4279 | BG31: =BG11*Annual!P50/100 -> 2545.9262 | BH31: =BH11*Annual!P50/100 -> 2682.4213 | BI31: =BI11*Annual!P50/100 -> 2659.682 | BJ31: =BJ11*Annual!Q50/100 -> 2506.1533 | BK31: =BK11*Annual!Q50/100 -> 2604.2494 | BL31: =BL11*Annual!Q50/100 -> 2719.9508 | BM31: =BM11*Annual!Q50/100 -> 2713.5842 | BN31: =BN11*Annual!$R50/100 -> 2551.6969 | BO31: =BO11*Annual!$R50/100 -> 2652.0317 | BP31: =BP11*Annual!$R50/100 -> 2739.6694 | BQ31: =BQ11*Annual!$R50/100 -> 2716.5867 | BR31: =BR11*Annual!$S50/100 -> 2557.2171 | BS31: =BS11*Annual!$S50/100 -> 2649.6653 | BT31: =BT11*Annual!$S50/100 -> 2740.2577 | BU31: =BU11*Annual!$S50/100 -> 2709.9141 | BV31: =BV11*Annual!$T50/100 -> 2497.0025 | BW31: =BW11*Annual!$T50/100 -> 2657.9156 | BX31: =BX11*Annual!$T50/100 -> 2762.1937 | BY31: =BY11*Annual!$T50/100 -> 2717.9429 | BZ31: =BZ11*Annual!$U50/100 -> 2488.3026 | CA31: =CA11*Annual!$U50/100 -> 2591.3207 | CB31: =CB11*Annual!$U50/100 -> 2686.6166 | CC31: =CC11*Annual!$U50/100 -> 2702.8175 | CD31: =CD11*Annual!$V50/100 -> 2516.3717 | CE31: =CE11*Annual!$V50/100 -> 2554.4861 | CF31: =CF11*Annual!$V50/100 -> 2589.2592 | CG31: =CG11*Annual!$V50/100 -> 2598.8182 | CH31: =CH11*Annual!$W50/100 -> 2364.8974 | CI31: =CI11*Annual!$W50/100 -> 2462.1436 | CJ31: =CJ11*Annual!$W50/100 -> 2523.0857 | CK31: =CK11*Annual!$W50/100 -> 2502.5158
A32: Construction | B32: =B12*Annual!$B51/100 -> 2427.4922 | C32: =C12*Annual!$B51/100 -> 2460.4516 | D32: =D12*Annual!$B51/100 -> 2432.9364 | E32: =E12*Annual!$B51/100 -> 2324.1004 | F32: =F12*Annual!$C51/100 -> 2383.667 | G32: =G12*Annual!$C51/100 -> 2411.937 | H32: =H12*Annual!$C51/100 -> 2391.2969 | I32: =I12*Annual!$C51/100 -> 2291.1734 | J32: =J12*Annual!$D51/100 -> 2483.657 | K32: =K12*Annual!$D51/100 -> 2498.725 | L32: =L12*Annual!$D51/100 -> 2469.2296 | M32: =M12*Annual!$D51/100 -> 2568.5348 | N32: =N12*Annual!$E51/100 -> 2274.024 | O32: =O12*Annual!$E51/100 -> 2216.9534 | P32: =P12*Annual!$E51/100 -> 2155.5179 | Q32: =Q12*Annual!$E51/100 -> 2245.9328 | R32: =R12*Annual!$F51/100 -> 2088.8098 | S32: =S12*Annual!$F51/100 -> 2086.2773 | T32: =T12*Annual!$F51/100 -> 2053.5737 | U32: =U12*Annual!$F51/100 -> 2157.196 | V32: =V12*Annual!$G51/100 -> 2090.133 | W32: =W12*Annual!$G51/100 -> 2138.0197 | X32: =X12*Annual!$G51/100 -> 2162.7786 | Y32: =Y12*Annual!$G51/100 -> 2325.4225 | Z32: =Z12*Annual!H51/100 -> 2883.5906 | AA32: =AA12*Annual!H51/100 -> 2907.3195 | AB32: =AB12*Annual!H51/100 -> 2864.568 | AC32: =AC12*Annual!H51/100 -> 3033.954 | AD32: =AD12*Annual!$I51/100 -> 2246.9086 | AE32: =AE12*Annual!$I51/100 -> 2249.1051 | AF32: =AF12*Annual!$I51/100 -> 2294.1414 | AG32: =AG12*Annual!$I51/100 -> 2443.4133 | AH32: =AH12*Annual!$J51/100 -> 2364.2033 | AI32: =AI12*Annual!$J51/100 -> 2364.5115 | AJ32: =AJ12*Annual!$J51/100 -> 2407.6895 | AK32: =AK12*Annual!$J51/100 -> 2535.7316 | AL32: =AL12*Annual!$K51/100 -> 2519.5615 | AM32: =AM12*Annual!$K51/100 -> 2577.2865 | AN32: =AN12*Annual!$K51/100 -> 2674.9979 | AO32: =AO12*Annual!$K51/100 -> 2809.8001 | AP32: =AP12*Annual!$L51/100 -> 2857.2316 | AQ32: =AQ12*Annual!$L51/100 -> 2937.6722 | AR32: =AR12*Annual!$L51/100 -> 3039.8819 | AS32: =AS12*Annual!$L51/100 -> 3180.7557 | AT32: =AT12*Annual!$M51/100 -> 3081.3119 | AU32: =AU12*Annual!$M51/100 -> 3158.3772 | AV32: =AV12*Annual!$M51/100 -> 3269.8398 | AW32: =AW12*Annual!$M51/100 -> 3418.7035 | AX32: =AX12*Annual!$N51/100 -> 3511.3122 | AY32: =AY12*Annual!$N51/100 -> 3597.3358 | AZ32: =AZ12*Annual!$N51/100 -> 3718.7332 | BA32: =BA12*Annual!$N51/100 -> 4057.8217 | BB32: =BB12*Annual!$O51/100 -> 3929.6565 | BC32: =BC12*Annual!$O51/100 -> 3996.8875 | BD32: =BD12*Annual!$O51/100 -> 4116.5099 | BE32: =BE12*Annual!$O51/100 -> 4351.6175 | BF32: =BF12*Annual!P51/100 -> 4367.2067 | BG32: =BG12*Annual!P51/100 -> 4374.2012 | BH32: =BH12*Annual!P51/100 -> 4481.8085 | BI32: =BI12*Annual!P51/100 -> 4728.8508 | BJ32: =BJ12*Annual!Q51/100 -> 4543.0885 | BK32: =BK12*Annual!Q51/100 -> 4519.5704 | BL32: =BL12*Annual!Q51/100 -> 4492.4232 | BM32: =BM12*Annual!Q51/100 -> 4695.8605 | BN32: =BN12*Annual!$R51/100 -> 4484.5069 | BO32: =BO12*Annual!$R51/100 -> 4526.5488 | BP32: =BP12*Annual!$R51/100 -> 4561.121 | BQ32: =BQ12*Annual!$R51/100 -> 4776.7372 | BR32: =BR12*Annual!$S51/100 -> 4670.9453 | BS32: =BS12*Annual!$S51/100 -> 4637.3838 | BT32: =BT12*Annual!$S51/100 -> 4652.4446 | BU32: =BU12*Annual!$S51/100 -> 4895.3165 | BV32: =BV12*Annual!$T51/100 -> 4908.1542 | BW32: =BW12*Annual!$T51/100 -> 4920.4765 | BX32: =BX12*Annual!$T51/100 -> 4924.4398 | BY32: =BY12*Annual!$T51/100 -> 5097.8562 | BZ32: =BZ12*Annual!$U51/100 -> 5117.1299 | CA32: =CA12*Annual!$U51/100 -> 5103.2273 | CB32: =CB12*Annual!$U51/100 -> 5101.2447 | CC32: =CC12*Annual!$U51/100 -> 5300.3322 | CD32: =CD12*Annual!$V51/100 -> 5246.0901 | CE32: =CE12*Annual!$V51/100 -> 5224.3049 | CF32: =CF12*Annual!$V51/100 -> 5200.8939 | CG32: =CG12*Annual!$V51/100 -> 5388.6333 | CH32: =CH12*Annual!$W51/100 -> 5351.7822 | CI32: =CI12*Annual!$W51/100 -> 5247.6407 | CJ32: =CJ12*Annual!$W51/100 -> 5271.2432 | CK32: =CK12*Annual!$W51/100 -> 5421.9104
A33: Tertiary industries | B33: =SUM(B34:B38) -> 35988.663 | C33: =SUM(C34:C38) -> 36396.989 | D33: =SUM(D34:D38) -> 37704.239 | E33: =SUM(E34:E38) -> 39200.482 | F33: =SUM(F34:F38) -> 37643.166 | G33: =SUM(G34:G38) -> 38000.787 | H33: =SUM(H34:H38) -> 39156.94 | I33: =SUM(I34:I38) -> 40634.777 | ... CK33: =SUM(CK34:CK38) -> 79960.763
A34: Wholesale & retail trade; hotels & restaurants | B34: =B14*Annual!$B53/100 -> 7525.9998 | C34: =C14*Annual!$B53/100 -> 7720.613 | D34: =D14*Annual!$B53/100 -> 8234.3863 | E34: =E14*Annual!$B53/100 -> 9465.1398 | F34: =F14*Annual!$C53/100 -> 7841.0282 | G34: =G14*Annual!$C53/100 -> 7967.509 | H34: =H14*Annual!$C53/100 -> 8353.6704 | I34: =I14*Annual!$C53/100 -> 9524.2453 | J34: =J14*Annual!$D53/100 -> 8019.2569 | K34: =K14*Annual!$D53/100 -> 8071.4008 | L34: =L14*Annual!$D53/100 -> 8381.2988 | M34: =M14*Annual!$D53/100 -> 9401.1941 | N34: =N14*Annual!$E53/100 -> 7989.8953 | O34: =O14*Annual!$E53/100 -> 8165.5233 | P34: =P14*Annual!$E53/100 -> 8467.0022 | Q34: =Q14*Annual!$E53/100 -> 9549.1266 | R34: =R14*Annual!$F53/100 -> 8308.3207 | S34: =S14*Annual!$F53/100 -> 8629.155 | T34: =T14*Annual!$F53/100 -> 9125.6947 | U34: =U14*Annual!$F53/100 -> 10552.818 | V34: =V14*Annual!$G53/100 -> 9109.9289 | W34: =W14*Annual!$G53/100 -> 9451.2953 | X34: =X14*Annual!$G53/100 -> 9850.8389 | Y34: =Y14*Annual!$G53/100 -> 11222.636 | Z34: =Z14*Annual!H53/100 -> 10029.754 | AA34: =AA14*Annual!H53/100 -> 10235.655 | AB34: =AB14*Annual!H53/100 -> 10517.373 | AC34: =AC14*Annual!H53/100 -> 11948.034 | AD34: =AD14*Annual!$I53/100 -> 10170.387 | AE34: =AE14*Annual!$I53/100 -> 10421.573 | AF34: =AF14*Annual!$I53/100 -> 10819.674 | AG34: =AG14*Annual!$I53/100 -> 12365.795 | AH34: =AH14*Annual!$J53/100 -> 10419.061 | AI34: =AI14*Annual!$J53/100 -> 10697.37 | AJ34: =AJ14*Annual!$J53/100 -> 11283.575 | AK34: =AK14*Annual!$J53/100 -> 12896.039 | AL34: =AL14*Annual!$K53/100 -> 10895.055 | AM34: =AM14*Annual!$K53/100 -> 11218.296 | AN34: =AN14*Annual!$K53/100 -> 11728.719 | AO34: =AO14*Annual!$K53/100 -> 13916.696 | AP34: =AP14*Annual!$L53/100 -> 11658.73 | AQ34: =AQ14*Annual!$L53/100 -> 11926.513 | AR34: =AR14*Annual!$L53/100 -> 12488.777 | AS34: =AS14*Annual!$L53/100 -> 14773.924 | AT34: =AT14*Annual!$M53/100 -> 12341.737 | AU34: =AU14*Annual!$M53/100 -> 12695.304 | AV34: =AV14*Annual!$M53/100 -> 13324.084 | AW34: =AW14*Annual!$M53/100 -> 15741.48 | AX34: =AX14*Annual!$N53/100 -> 13182.09 | AY34: =AY14*Annual!$N53/100 -> 13521.749 | AZ34: =AZ14*Annual!$N53/100 -> 14160.627 | BA34: =BA14*Annual!$N53/100 -> 16533.265 | BB34: =BB14*Annual!$O53/100 -> 13823.693 | BC34: =BC14*Annual!$O53/100 -> 13948.648 | BD34: =BD14*Annual!$O53/100 -> 14015.251 | BE34: =BE14*Annual!$O53/100 -> 16449.766 | BF34: =BF14*Annual!P53/100 -> 13852.026 | BG34: =BG14*Annual!P53/100 -> 13847.028 | BH34: =BH14*Annual!P53/100 -> 14193.708 | BI34: =BI14*Annual!P53/100 -> 16465.866 | BJ34: =BJ14*Annual!Q53/100 -> 14167.885 | BK34: =BK14*Annual!Q53/100 -> 14468.563 | BL34: =BL14*Annual!Q53/100 -> 14902.875 | BM34: =BM14*Annual!Q53/100 -> 17448.842 | BN34: =BN14*Annual!$R53/100 -> 14843.047 | BO34: =BO14*Annual!$R53/100 -> 15098.707 | BP34: =BP14*Annual!$R53/100 -> 15632.258 | BQ34: =BQ14*Annual!$R53/100 -> 18414.822 | BR34: =BR14*Annual!$S53/100 -> 15540.132 | BS34: =BS14*Annual!$S53/100 -> 15731.948 | BT34: =BT14*Annual!$S53/100 -> 16171.687 | BU34: =BU14*Annual!$S53/100 -> 18912.067 | BV34: =BV14*Annual!$T53/100 -> 15787.785 | BW34: =BW14*Annual!$T53/100 -> 15998.996 | BX34: =BX14*Annual!$T53/100 -> 16397.695 | BY34: =BY14*Annual!$T53/100 -> 19193.688 | BZ34: =BZ14*Annual!$U53/100 -> 16114.813 | CA34: =CA14*Annual!$U53/100 -> 16169.961 | CB34: =CB14*Annual!$U53/100 -> 16681.934 | CC34: =CC14*Annual!$U53/100 -> 19430.292 | CD34: =CD14*Annual!$V53/100 -> 16463.451 | CE34: =CE14*Annual!$V53/100 -> 16454.01 | CF34: =CF14*Annual!$V53/100 -> 16989.118 | CG34: =CG14*Annual!$V53/100 -> 19885.587 | CH34: =CH14*Annual!$W53/100 -> 16777.786 | CI34: =CI14*Annual!$W53/100 -> 16835.267 | CJ34: =CJ14*Annual!$W53/100 -> 17219.141 | CK34: =CK14*Annual!$W53/100 -> 20231.811
A35: Transport , storage and communication | B35: =B15*Annual!$B54/100 -> 5547.3302 | C35: =C15*Annual!$B54/100 -> 5560.3803 | D35: =D15*Annual!$B54/100 -> 6017.0095 | E35: =E15*Annual!$B54/100 -> 6141.769 | F35: =F15*Annual!$C54/100 -> 5887.743 | G35: =G15*Annual!$C54/100 -> 5861.1583 | H35: =H15*Annual!$C54/100 -> 6261.2669 | I35: =I15*Annual!$C54/100 -> 6295.6804 | J35: =J15*Annual!$D54/100 -> 6117.8566 | K35: =K15*Annual!$D54/100 -> 6175.2939 | L35: =L15*Annual!$D54/100 -> 6601.6972 | M35: =M15*Annual!$D54/100 -> 6762.3779 | N35: =N15*Annual!$E54/100 -> 6549.4685 | O35: =O15*Annual!$E54/100 -> 6575.9624 | P35: =P15*Annual!$E54/100 -> 6807.6715 | Q35: =Q15*Annual!$E54/100 -> 6886.0484 | R35: =R15*Annual!$F54/100 -> 6591.3249 | S35: =S15*Annual!$F54/100 -> 6741.4826 | T35: =T15*Annual!$F54/100 -> 7137.3568 | U35: =U15*Annual!$F54/100 -> 7301.4748 | V35: =V15*Annual!$G54/100 -> 7052.0392 | W35: =W15*Annual!$G54/100 -> 7232.3994 | X35: =X15*Annual!$G54/100 -> 7590.2576 | Y35: =Y15*Annual!$G54/100 -> 7689.4499 | Z35: =Z15*Annual!H54/100 -> 7337.634 | AA35: =AA15*Annual!H54/100 -> 7477.1793 | AB35: =AB15*Annual!H54/100 -> 7888.7724 | AC35: =AC15*Annual!H54/100 -> 8135.898 | AD35: =AD15*Annual!$I54/100 -> 8014.1592 | AE35: =AE15*Annual!$I54/100 -> 8229.3166 | AF35: =AF15*Annual!$I54/100 -> 8640.8307 | AG35: =AG15*Annual!$I54/100 -> 8840.2546 | AH35: =AH15*Annual!$J54/100 -> 8651.491 | AI35: =AI15*Annual!$J54/100 -> 8820.6351 | AJ35: =AJ15*Annual!$J54/100 -> 9165.7805 | AK35: =AK15*Annual!$J54/100 -> 9444.3539 | AL35: =AL15*Annual!$K54/100 -> 8975.2692 | AM35: =AM15*Annual!$K54/100 -> 9165.1 | AN35: =AN15*Annual!$K54/100 -> 9666.0029 | AO35: =AO15*Annual!$K54/100 -> 9891.9784 | AP35: =AP15*Annual!$L54/100 -> 9540.3574 | AQ35: =AQ15*Annual!$L54/100 -> 9743.6184 | AR35: =AR15*Annual!$L54/100 -> 10216.587 | AS35: =AS15*Annual!$L54/100 -> 10427.864 | AT35: =AT15*Annual!$M54/100 -> 9989.8923 | AU35: =AU15*Annual!$M54/100 -> 10228.498 | AV35: =AV15*Annual!$M54/100 -> 10829.044 | AW35: =AW15*Annual!$M54/100 -> 10957.36 | AX35: =AX15*Annual!$N54/100 -> 10887.276 | AY35: =AY15*Annual!$N54/100 -> 11101.863 | AZ35: =AZ15*Annual!$N54/100 -> 11652.094 | BA35: =BA15*Annual!$N54/100 -> 11851.239 | BB35: =BB15*Annual!$O54/100 -> 11349.573 | BC35: =BC15*Annual!$O54/100 -> 11557.044 | BD35: =BD15*Annual!$O54/100 -> 12102.573 | BE35: =BE15*Annual!$O54/100 -> 12176.992 | BF35: =BF15*Annual!P54/100 -> 11423.34 | BG35: =BG15*Annual!P54/100 -> 11562.783 | BH35: =BH15*Annual!P54/100 -> 12085.883 | BI35: =BI15*Annual!P54/100 -> 12164.522 | BJ35: =BJ15*Annual!Q54/100 -> 11524.264 | BK35: =BK15*Annual!Q54/100 -> 11805.513 | BL35: =BL15*Annual!Q54/100 -> 12419.759 | BM35: =BM15*Annual!Q54/100 -> 12527.252 | BN35: =BN15*Annual!$R54/100 -> 11891.186 | BO35: =BO15*Annual!$R54/100 -> 12214.448 | BP35: =BP15*Annual!$R54/100 -> 12804.05 | BQ35: =BQ15*Annual!$R54/100 -> 12964.316 | BR35: =BR15*Annual!$S54/100 -> 12269.041 | BS35: =BS15*Annual!$S54/100 -> 12574.408 | BT35: =BT15*Annual!$S54/100 -> 13120.911 | BU35: =BU15*Annual!$S54/100 -> 13250.64 | BV35: =BV15*Annual!$T54/100 -> 12604.164 | BW35: =BW15*Annual!$T54/100 -> 12907.094 | BX35: =BX15*Annual!$T54/100 -> 13558.91 | BY35: =BY15*Annual!$T54/100 -> 13658.832 | BZ35: =BZ15*Annual!$U54/100 -> 12898.72 | CA35: =CA15*Annual!$U54/100 -> 13285.093 | CB35: =CB15*Annual!$U54/100 -> 13927.717 | CC35: =CC15*Annual!$U54/100 -> 14128.471 | CD35: =CD15*Annual!$V54/100 -> 13196.054 | CE35: =CE15*Annual!$V54/100 -> 13474.659 | CF35: =CF15*Annual!$V54/100 -> 14067.01 | CG35: =CG15*Annual!$V54/100 -> 14169.066 | CH35: =CH15*Annual!$W54/100 -> 13085.745 | CI35: =CI15*Annual!$W54/100 -> 13533.774 | CJ35: =CJ15*Annual!$W54/100 -> 14136.413 | CK35: =CK15*Annual!$W54/100 -> 14421.408
A36: Finance, real estate and business services | B36: =B16*Annual!$B55/100 -> 7816.5766 | C36: =C16*Annual!$B55/100 -> 7893.129 | D36: =D16*Annual!$B55/100 -> 8125.915 | E36: =E16*Annual!$B55/100 -> 8256.372 | F36: =F16*Annual!$C55/100 -> 8174.9522 | G36: =G16*Annual!$C55/100 -> 8434.0288 | H36: =H16*Annual!$C55/100 -> 8740.7944 | I36: =I16*Annual!$C55/100 -> 8983.0182 | J36: =J16*Annual!$D55/100 -> 8819.5626 | K36: =K16*Annual!$D55/100 -> 8961.0669 | L36: =L16*Annual!$D55/100 -> 9013.2853 | M36: =M16*Annual!$D55/100 -> 9015.2343 | N36: =N16*Annual!$E55/100 -> 8837.5408 | O36: =O16*Annual!$E55/100 -> 9089.8484 | P36: =P16*Annual!$E55/100 -> 9219.6933 | Q36: =Q16*Annual!$E55/100 -> 9242.1893 | R36: =R16*Annual!$F55/100 -> 9374.9485 | S36: =S16*Annual!$F55/100 -> 9602.3927 | T36: =T16*Annual!$F55/100 -> 9764.6487 | U36: =U16*Annual!$F55/100 -> 9831.8945 | V36: =V16*Annual!$G55/100 -> 9484.9674 | W36: =W16*Annual!$G55/100 -> 9630.483 | X36: =X16*Annual!$G55/100 -> 9795.9296 | Y36: =Y16*Annual!$G55/100 -> 9960.1079 | Z36: =Z16*Annual!H55/100 -> 10242.428 | AA36: =AA16*Annual!H55/100 -> 10583.062 | AB36: =AB16*Annual!H55/100 -> 10833.511 | AC36: =AC16*Annual!H55/100 -> 11055.15 | AD36: =AD16*Annual!$I55/100 -> 11234.862 | AE36: =AE16*Annual!$I55/100 -> 11206.381 | AF36: =AF16*Annual!$I55/100 -> 11152.35 | AG36: =AG16*Annual!$I55/100 -> 11279.677 | AH36: =AH16*Annual!$J55/100 -> 11829.471 | AI36: =AI16*Annual!$J55/100 -> 11762.495 | AJ36: =AJ16*Annual!$J55/100 -> 11816.38 | AK36: =AK16*Annual!$J55/100 -> 11973.155 | AL36: =AL16*Annual!$K55/100 -> 12587.648 | AM36: =AM16*Annual!$K55/100 -> 12604.52 | AN36: =AN16*Annual!$K55/100 -> 12671.217 | AO36: =AO16*Annual!$K55/100 -> 12941.467 | AP36: =AP16*Annual!$L55/100 -> 13910.039 | AQ36: =AQ16*Annual!$L55/100 -> 13932.679 | AR36: =AR16*Annual!$L55/100 -> 14059.688 | AS36: =AS16*Annual!$L55/100 -> 14275.46 | AT36: =AT16*Annual!$M55/100 -> 14493.896 | AU36: =AU16*Annual!$M55/100 -> 14993.42 | AV36: =AV16*Annual!$M55/100 -> 15386.363 | AW36: =AW16*Annual!$M55/100 -> 15626.948 | AX36: =AX16*Annual!$N55/100 -> 15912.137 | AY36: =AY16*Annual!$N55/100 -> 16023.595 | AZ36: =AZ16*Annual!$N55/100 -> 16338.947 | BA36: =BA16*Annual!$N55/100 -> 16654.432 | BB36: =BB16*Annual!$O55/100 -> 17056.075 | BC36: =BC16*Annual!$O55/100 -> 17111 | BD36: =BD16*Annual!$O55/100 -> 17217.628 | BE36: =BE16*Annual!$O55/100 -> 17334.327 | BF36: =BF16*Annual!P55/100 -> 17500.52 | BG36: =BG16*Annual!P55/100 -> 17445.949 | BH36: =BH16*Annual!P55/100 -> 17413.801 | BI36: =BI16*Annual!P55/100 -> 17489.702 | BJ36: =BJ16*Annual!Q55/100 -> 17692.635 | BK36: =BK16*Annual!Q55/100 -> 17709.114 | BL36: =BL16*Annual!Q55/100 -> 17657.787 | BM36: =BM16*Annual!Q55/100 -> 17653.465 | BN36: =BN16*Annual!$R55/100 -> 18189.78 | BO36: =BO16*Annual!$R55/100 -> 18308.308 | BP36: =BP16*Annual!$R55/100 -> 18622.536 | BQ36: =BQ16*Annual!$R55/100 -> 18645.241 | BR36: =BR16*Annual!$S55/100 -> 18846.563 | BS36: =BS16*Annual!$S55/100 -> 18760.027 | BT36: =BT16*Annual!$S55/100 -> 18848.84 | BU36: =BU16*Annual!$S55/100 -> 18833.569 | BV36: =BV16*Annual!$T55/100 -> 19160.361 | BW36: =BW16*Annual!$T55/100 -> 19203.726 | BX36: =BX16*Annual!$T55/100 -> 19301.299 | BY36: =BY16*Annual!$T55/100 -> 19523.614 | BZ36: =BZ16*Annual!$U55/100 -> 19558.578 | CA36: =CA16*Annual!$U55/100 -> 19572.2 | CB36: =CB16*Annual!$U55/100 -> 19693.195 | CC36: =CC16*Annual!$U55/100 -> 19878.026 | CD36: =CD16*Annual!$V55/100 -> 19960.112 | CE36: =CE16*Annual!$V55/100 -> 20071.449 | CF36: =CF16*Annual!$V55/100 -> 20195.542 | CG36: =CG16*Annual!$V55/100 -> 20226.897 | CH36: =CH16*Annual!$W55/100 -> 20290.89 | CI36: =CI16*Annual!$W55/100 -> 20371.913 | CJ36: =CJ16*Annual!$W55/100 -> 20428.615 | CK36: =CK16*Annual!$W55/100 -> 20481.881
A37: Personal services | B37: =B17*Annual!$B56/100 -> 3748.6398 | C37: =C17*Annual!$B56/100 -> 3854.7219 | D37: =D17*Annual!$B56/100 -> 3923.2893 | E37: =E17*Annual!$B56/100 -> 3918.9147 | F37: =F17*Annual!$C56/100 -> 3962.7834 | G37: =G17*Annual!$C56/100 -> 3947.0903 | H37: =H17*Annual!$C56/100 -> 3967.7591 | I37: =I17*Annual!$C56/100 -> 3969.7029 | J37: =J17*Annual!$D56/100 -> 3923.8301 | K37: =K17*Annual!$D56/100 -> 3968.352 | L37: =L17*Annual!$D56/100 -> 4000.8049 | M37: =M17*Annual!$D56/100 -> 3938.5467 | N37: =N17*Annual!$E56/100 -> 4049.6261 | O37: =O17*Annual!$E56/100 -> 4167.59 | P37: =P17*Annual!$E56/100 -> 4293.8857 | Q37: =Q17*Annual!$E56/100 -> 4304.334 | R37: =R17*Annual!$F56/100 -> 4275.3598 | S37: =S17*Annual!$F56/100 -> 4330.0677 | T37: =T17*Annual!$F56/100 -> 4424.0784 | U37: =U17*Annual!$F56/100 -> 4407.8675 | V37: =V17*Annual!$G56/100 -> 4435.8294 | W37: =W17*Annual!$G56/100 -> 4516.1082 | X37: =X17*Annual!$G56/100 -> 4655.9574 | Y37: =Y17*Annual!$G56/100 -> 4650.2166 | Z37: =Z17*Annual!H56/100 -> 4618.5048 | AA37: =AA17*Annual!H56/100 -> 4640.8964 | AB37: =AB17*Annual!H56/100 -> 4731.8139 | AC37: =AC17*Annual!H56/100 -> 4692.6524 | AD37: =AD17*Annual!$I56/100 -> 4672.6657 | AE37: =AE17*Annual!$I56/100 -> 4729.972 | AF37: =AF17*Annual!$I56/100 -> 4860.9015 | AG37: =AG17*Annual!$I56/100 -> 4870.6537 | AH37: =AH17*Annual!$J56/100 -> 4910.8991 | AI37: =AI17*Annual!$J56/100 -> 5025.2182 | AJ37: =AJ17*Annual!$J56/100 -> 5177.8849 | AK37: =AK17*Annual!$J56/100 -> 5086.2366 | AL37: =AL17*Annual!$K56/100 -> 5010.747 | AM37: =AM17*Annual!$K56/100 -> 5112.7394 | AN37: =AN17*Annual!$K56/100 -> 5222.4028 | AO37: =AO17*Annual!$K56/100 -> 5211.5474 | AP37: =AP17*Annual!$L56/100 -> 5235.919 | AQ37: =AQ17*Annual!$L56/100 -> 5286.853 | AR37: =AR17*Annual!$L56/100 -> 5375.2668 | AS37: =AS17*Annual!$L56/100 -> 5353.6198 | AT37: =AT17*Annual!$M56/100 -> 5553.8384 | AU37: =AU17*Annual!$M56/100 -> 5570.5528 | AV37: =AV17*Annual!$M56/100 -> 5626.8959 | AW37: =AW17*Annual!$M56/100 -> 5627.8931 | AX37: =AX17*Annual!$N56/100 -> 5928.0026 | AY37: =AY17*Annual!$N56/100 -> 5964.2935 | AZ37: =AZ17*Annual!$N56/100 -> 5962.6327 | BA37: =BA17*Annual!$N56/100 -> 5734.0955 | BB37: =BB17*Annual!$O56/100 -> 6149.9518 | BC37: =BC17*Annual!$O56/100 -> 6224.1053 | BD37: =BD17*Annual!$O56/100 -> 6181.3975 | BE37: =BE17*Annual!$O56/100 -> 5875.0653 | BF37: =BF17*Annual!P56/100 -> 6131.1315 | BG37: =BG17*Annual!P56/100 -> 6142.3864 | BH37: =BH17*Annual!P56/100 -> 6128.6089 | BI37: =BI17*Annual!P56/100 -> 6008.4603 | BJ37: =BJ17*Annual!Q56/100 -> 6092.8424 | BK37: =BK17*Annual!Q56/100 -> 6162.7668 | BL37: =BL17*Annual!Q56/100 -> 6188.0586 | BM37: =BM17*Annual!Q56/100 -> 6114.4975 | BN37: =BN17*Annual!$R56/100 -> 6335.2673 | BO37: =BO17*Annual!$R56/100 -> 6362.1631 | BP37: =BP17*Annual!$R56/100 -> 6324.1438 | BQ37: =BQ17*Annual!$R56/100 -> 6251.5918 | BR37: =BR17*Annual!$S56/100 -> 6472.1613 | BS37: =BS17*Annual!$S56/100 -> 6574.8438 | BT37: =BT17*Annual!$S56/100 -> 6521.9215 | BU37: =BU17*Annual!$S56/100 -> 6305.2398 | BV37: =BV17*Annual!$T56/100 -> 6629.9127 | BW37: =BW17*Annual!$T56/100 -> 6740.4363 | BX37: =BX17*Annual!$T56/100 -> 6699.4275 | BY37: =BY17*Annual!$T56/100 -> 6524.2235 | BZ37: =BZ17*Annual!$U56/100 -> 6805.6862 | CA37: =CA17*Annual!$U56/100 -> 6900.9819 | CB37: =CB17*Annual!$U56/100 -> 6864.6389 | CC37: =CC17*Annual!$U56/100 -> 6669.6931 | CD37: =CD17*Annual!$V56/100 -> 6910.3652 | CE37: =CE17*Annual!$V56/100 -> 7024.857 | CF37: =CF17*Annual!$V56/100 -> 6967.527 | CG37: =CG17*Annual!$V56/100 -> 6743.4189 | CH37: =CH17*Annual!$W56/100 -> 7007.5447 | CI37: =CI17*Annual!$W56/100 -> 7127.8756 | CJ37: =CJ17*Annual!$W56/100 -> 7096.8225 | CK37: =CK17*Annual!$W56/100 -> 6843.6719
A38: General government services | B38: =B18*Annual!$B57/100 -> 11350.116 | C38: =C18*Annual!$B57/100 -> 11368.145 | D38: =D18*Annual!$B57/100 -> 11403.639 | E38: =E18*Annual!$B57/100 -> 11418.287 | F38: =F18*Annual!$C57/100 -> 11776.659 | G38: =G18*Annual!$C57/100 -> 11791 | H38: =H18*Annual!$C57/100 -> 11833.449 | I38: =I18*Annual!$C57/100 -> 11862.131 | J38: =J18*Annual!$D57/100 -> 11501.877 | K38: =K18*Annual!$D57/100 -> 11505.764 | L38: =L18*Annual!$D57/100 -> 11547.973 | M38: =M18*Annual!$D57/100 -> 11564.635 | N38: =N18*Annual!$E57/100 -> 11740.826 | O38: =O18*Annual!$E57/100 -> 11752.962 | P38: =P18*Annual!$E57/100 -> 11751.229 | Q38: =Q18*Annual!$E57/100 -> 11759.897 | R38: =R18*Annual!$F57/100 -> 11338.311 | S38: =S18*Annual!$F57/100 -> 11357.214 | T38: =T18*Annual!$F57/100 -> 11350.801 | U38: =U18*Annual!$F57/100 -> 11321.434 | V38: =V18*Annual!$G57/100 -> 11306.752 | W38: =W18*Annual!$G57/100 -> 11323.059 | X38: =X18*Annual!$G57/100 -> 11318.303 | Y38: =Y18*Annual!$G57/100 -> 11289.086 | Z38: =Z18*Annual!H57/100 -> 11449.676 | AA38: =AA18*Annual!H57/100 -> 11434.447 | AB38: =AB18*Annual!H57/100 -> 11394.297 | AC38: =AC18*Annual!H57/100 -> 11379.759 | AD38: =AD18*Annual!$I57/100 -> 11321.874 | AE38: =AE18*Annual!$I57/100 -> 11454.92 | AF38: =AF18*Annual!$I57/100 -> 11516.64 | AG38: =AG18*Annual!$I57/100 -> 11554.585 | AH38: =AH18*Annual!$J57/100 -> 11526.584 | AI38: =AI18*Annual!$J57/100 -> 11695.671 | AJ38: =AJ18*Annual!$J57/100 -> 11781.409 | AK38: =AK18*Annual!$J57/100 -> 11851.862 | AL38: =AL18*Annual!$K57/100 -> 11659.926 | AM38: =AM18*Annual!$K57/100 -> 11839.002 | AN38: =AN18*Annual!$K57/100 -> 11915.715 | AO38: =AO18*Annual!$K57/100 -> 12073.179 | AP38: =AP18*Annual!$L57/100 -> 12142.922 | AQ38: =AQ18*Annual!$L57/100 -> 12407.799 | AR38: =AR18*Annual!$L57/100 -> 12517.258 | AS38: =AS18*Annual!$L57/100 -> 12558.661 | AT38: =AT18*Annual!$M57/100 -> 12660.465 | AU38: =AU18*Annual!$M57/100 -> 12709.274 | AV38: =AV18*Annual!$M57/100 -> 12825.231 | AW38: =AW18*Annual!$M57/100 -> 12910.572 | AX38: =AX18*Annual!$N57/100 -> 13172.369 | AY38: =AY18*Annual!$N57/100 -> 13322.016 | AZ38: =AZ18*Annual!$N57/100 -> 13480.265 | BA38: =BA18*Annual!$N57/100 -> 13660.465 | BB38: =BB18*Annual!$O57/100 -> 13864.299 | BC38: =BC18*Annual!$O57/100 -> 14031.358 | BD38: =BD18*Annual!$O57/100 -> 14271.794 | BE38: =BE18*Annual!$O57/100 -> 14423.437 | BF38: =BF18*Annual!P57/100 -> 14549.324 | BG38: =BG18*Annual!P57/100 -> 14623.213 | BH38: =BH18*Annual!P57/100 -> 14630.038 | BI38: =BI18*Annual!P57/100 -> 14644.133 | BJ38: =BJ18*Annual!Q57/100 -> 14840.786 | BK38: =BK18*Annual!Q57/100 -> 15043.47 | BL38: =BL18*Annual!Q57/100 -> 15186.56 | BM38: =BM18*Annual!Q57/100 -> 15368.184 | BN38: =BN18*Annual!$R57/100 -> 15492.894 | BO38: =BO18*Annual!$R57/100 -> 15645.18 | BP38: =BP18*Annual!$R57/100 -> 15805.926 | BQ38: =BQ18*Annual!$R57/100 -> 15964 | BR38: =BR18*Annual!$S57/100 -> 16072.241 | BS38: =BS18*Annual!$S57/100 -> 16198.016 | BT38: =BT18*Annual!$S57/100 -> 16373.771 | BU38: =BU18*Annual!$S57/100 -> 16476.121 | BV38: =BV18*Annual!$T57/100 -> 16663.704 | BW38: =BW18*Annual!$T57/100 -> 16765.809 | BX38: =BX18*Annual!$T57/100 -> 16885.705 | BY38: =BY18*Annual!$T57/100 -> 17025.782 | BZ38: =BZ18*Annual!$U57/100 -> 17279.882 | CA38: =CA18*Annual!$U57/100 -> 17439.369 | CB38: =CB18*Annual!$U57/100 -> 17522.351 | CC38: =CC18*Annual!$U57/100 -> 17534.549 | CD38: =CD18*Annual!$V57/100 -> 17545.748 | CE38: =CE18*Annual!$V57/100 -> 17574.204 | CF38: =CF18*Annual!$V57/100 -> 17604.014 | CG38: =CG18*Annual!$V57/100 -> 17596.185 | CH38: =CH18*Annual!$W57/100 -> 17749.145 | CI38: =CI18*Annual!$W57/100 -> 17763.594 | CJ38: =CJ18*Annual!$W57/100 -> 17787.676 | CK38: =CK18*Annual!$W57/100 -> 17981.991
A39: All industries at basic prices | B39: =B33+B29+B26 -> 57591.544 | C39: =C33+C29+C26 -> 59327.837 | D39: =D33+D29+D26 -> 61808.297 | E39: =E33+E29+E26 -> 62093.198 | F39: =F33+F29+F26 -> 60603.591 | G39: =G33+G29+G26 -> 64099.172 | H39: =H33+H29+H26 -> 64798.639 | I39: =I33+I29+I26 -> 64981.775 | ... CK39: =CK33+CK29+CK26 -> 114005.61
A40: Taxes less subsidies on products | B40: =B20*Annual!$B59/100 -> 6524.2261 | C40: =C20*Annual!$B59/100 -> 6525.3355 | D40: =D20*Annual!$B59/100 -> 6582.3417 | E40: =E20*Annual!$B59/100 -> 6608.9353 | F40: =F20*Annual!$C59/100 -> 6797.8132 | G40: =G20*Annual!$C59/100 -> 6870.6359 | H40: =H20*Annual!$C59/100 -> 6933.151 | I40: =I20*Annual!$C59/100 -> 7017.6454 | J40: =J20*Annual!$D59/100 -> 7061.4875 | K40: =K20*Annual!$D59/100 -> 7082.0753 | L40: =L20*Annual!$D59/100 -> 7113.1477 | M40: =M20*Annual!$D59/100 -> 7124.6204 | N40: =N20*Annual!$E59/100 -> 7013.3199 | O40: =O20*Annual!$E59/100 -> 6944.4171 | P40: =P20*Annual!$E59/100 -> 7083.7258 | Q40: =Q20*Annual!$E59/100 -> 7180.884 | R40: =R20*Annual!$F59/100 -> 6782.0058 | S40: =S20*Annual!$F59/100 -> 6770.4517 | T40: =T20*Annual!$F59/100 -> 6986.6875 | U40: =U20*Annual!$F59/100 -> 7129.4734 | V40: =V20*Annual!$G59/100 -> 6935.1461 | W40: =W20*Annual!$G59/100 -> 6946.4986 | X40: =X20*Annual!$G59/100 -> 7174.613 | Y40: =Y20*Annual!$G59/100 -> 7317.3956 | Z40: =Z20*Annual!H59/100 -> 7380.6404 | AA40: =AA20*Annual!H59/100 -> 7387.4806 | AB40: =AB20*Annual!H59/100 -> 7605.0023 | AC40: =AC20*Annual!H59/100 -> 7767.6788 | AD40: =AD20*Annual!$I59/100 -> 7248.2262 | AE40: =AE20*Annual!$I59/100 -> 7453.9941 | AF40: =AF20*Annual!$I59/100 -> 7595.0351 | AG40: =AG20*Annual!$I59/100 -> 7701.9145 | AH40: =AH20*Annual!$J59/100 -> 7379.7628 | AI40: =AI20*Annual!$J59/100 -> 7609.9663 | AJ40: =AJ20*Annual!$J59/100 -> 7671.8681 | AK40: =AK20*Annual!$J59/100 -> 7833.0501 | AL40: =AL20*Annual!$K59/100 -> 7609.5794 | AM40: =AM20*Annual!$K59/100 -> 7939.4614 | AN40: =AN20*Annual!$K59/100 -> 8102.2321 | AO40: =AO20*Annual!$K59/100 -> 8299.1353 | AP40: =AP20*Annual!$L59/100 -> 7994.3594 | AQ40: =AQ20*Annual!$L59/100 -> 8321.5817 | AR40: =AR20*Annual!$L59/100 -> 8472.4261 | AS40: =AS20*Annual!$L59/100 -> 8604.6113 | AT40: =AT20*Annual!$M59/100 -> 8543.8242 | AU40: =AU20*Annual!$M59/100 -> 8729.4798 | AV40: =AV20*Annual!$M59/100 -> 8939.2782 | AW40: =AW20*Annual!$M59/100 -> 9320.0632 | AX40: =AX20*Annual!$N59/100 -> 8981.2708 | AY40: =AY20*Annual!$N59/100 -> 9134.2291 | AZ40: =AZ20*Annual!$N59/100 -> 9373.7215 | BA40: =BA20*Annual!$N59/100 -> 9662.8797 | BB40: =BB20*Annual!$O59/100 -> 9305.812 | BC40: =BC20*Annual!$O59/100 -> 9479.0484 | BD40: =BD20*Annual!$O59/100 -> 9599.5209 | BE40: =BE20*Annual!$O59/100 -> 9642.6774 | BF40: =BF20*Annual!P59/100 -> 9098.7346 | BG40: =BG20*Annual!P59/100 -> 9101.4887 | BH40: =BH20*Annual!P59/100 -> 9299.0178 | BI40: =BI20*Annual!P59/100 -> 9663.6282 | BJ40: =BJ20*Annual!Q59/100 -> 9416.2869 | BK40: =BK20*Annual!Q59/100 -> 9683.5336 | BL40: =BL20*Annual!Q59/100 -> 9994.3109 | BM40: =BM20*Annual!Q59/100 -> 10261.869 | BN40: =BN20*Annual!$R59/100 -> 9759.3403 | BO40: =BO20*Annual!$R59/100 -> 9932.2472 | BP40: =BP20*Annual!$R59/100 -> 10224.363 | BQ40: =BQ20*Annual!$R59/100 -> 10477.049 | BR40: =BR20*Annual!$S59/100 -> 10040.386 | BS40: =BS20*Annual!$S59/100 -> 10187.841 | BT40: =BT20*Annual!$S59/100 -> 10428.362 | BU40: =BU20*Annual!$S59/100 -> 10713.412 | BV40: =BV20*Annual!$T59/100 -> 10232.161 | BW40: =BW20*Annual!$T59/100 -> 10526.305 | BX40: =BX20*Annual!$T59/100 -> 10639.068 | BY40: =BY20*Annual!$T59/100 -> 10936.465 | BZ40: =BZ20*Annual!$U59/100 -> 10322.335 | CA40: =CA20*Annual!$U59/100 -> 10534.22 | CB40: =CB20*Annual!$U59/100 -> 10736.488 | CC40: =CC20*Annual!$U59/100 -> 11132.958 | CD40: =CD20*Annual!$V59/100 -> 10750.525 | CE40: =CE20*Annual!$V59/100 -> 10727.231 | CF40: =CF20*Annual!$V59/100 -> 10826.774 | CG40: =CG20*Annual!$V59/100 -> 11165.47 | CH40: =CH20*Annual!$W59/100 -> 10496.217 | CI40: =CI20*Annual!$W59/100 -> 10680.921 | CJ40: =CJ20*Annual!$W59/100 -> 10882.882 | CK40: =CK20*Annual!$W59/100 -> 11159.315
A41: KZN - GDPR at constant 2010 prices | B41: =B39+B40 -> 64115.77 | C41: =C39+C40 -> 65853.173 | D41: =D39+D40 -> 68390.639 | E41: =E39+E40 -> 68702.133 | F41: =F39+F40 -> 67401.405 | G41: =G39+G40 -> 70969.808 | H41: =H39+H40 -> 71731.79 | I41: =I39+I40 -> 71999.42 | ... CK41: =CK39+CK40 -> 125164.92
A43: SA – GDP by activity
A44: Quarterly Change
A45: National Industry | B45: =B25 -> 1995q1 | C45: =C25 -> 1995q2 | D45: =D25 -> 1995q3 | E45: =E25 -> 1995q4 | F45: =F25 -> 1996q1 | G45: =G25 -> 1996q2 | H45: =H25 -> 1996q3 | I45: =I25 -> 1996q4 | ... CK45: =CK25 -> 2016q4
A46: Primary Industries | C46: =(C6-B6)/B6*100 -> 4.7124027 | D46: =(D6-C6)/C6*100 -> 2.4640327 | E46: =(E6-D6)/D6*100 -> -4.6172708 | F46: =(F6-E6)/E6*100 -> -2.1515813 | G46: =(G6-F6)/F6*100 -> 15.229377 | H46: =(H6-G6)/G6*100 -> -5.7257969 | I46: =(I6-H6)/H6*100 -> -6.3004113 | J46: =(J6-I6)/I6*100 -> -0.77448647 | ... CK46: =(CK6-CJ6)/CJ6*100 -> -5.1774042
A47: Agriculture, forestry and fishing | C47: =(C7-B7)/B7*100 -> 45.31558 | D47: =(D7-C7)/C7*100 -> 7.2318999 | E47: =(E7-D7)/D7*100 -> -22.68002 | F47: =(F7-E7)/E7*100 -> -8.8686703 | G47: =(G7-F7)/F7*100 -> 122.81211 | H47: =(H7-G7)/G7*100 -> -28.391359 | I47: =(I7-H7)/H7*100 -> -33.108219 | J47: =(J7-I7)/I7*100 -> 3.4558189 | ... CK47: =(CK7-CJ7)/CJ7*100 -> -26.656141
A48: Mining and quarrying | C48: =(C8-B8)/B8*100 -> -0.69413852 | D48: =(D8-C8)/C8*100 -> 1.5350215 | E48: =(E8-D8)/D8*100 -> -0.90030304 | F48: =(F8-E8)/E8*100 -> -1.0731178 | G48: =(G8-F8)/F8*100 -> -0.68245929 | H48: =(H8-G8)/G8*100 -> 1.7948822 | I48: =(I8-H8)/H8*100 -> -0.04304833 | J48: =(J8-I8)/I8*100 -> -1.4352735 | ... CK48: =(CK8-CJ8)/CJ8*100 -> 0.71163902
A49: Secondary Industries | C49: =(C9-B9)/B9*100 -> 1.8527486 | D49: =(D9-C9)/C9*100 -> 5.2193239 | E49: =(E9-D9)/D9*100 -> -2.1730674 | F49: =(F9-E9)/E9*100 -> -2.5376064 | G49: =(G9-F9)/F9*100 -> 1.7383748 | H49: =(H9-G9)/G9*100 -> 5.7305921 | I49: =(I9-H9)/H9*100 -> -0.17922986 | J49: =(J9-I9)/I9*100 -> -3.9679491 | ... CK49: =(CK9-CJ9)/CJ9*100 -> 0.5205505
A50: Manufacturing | C50: =(C10-B10)/B10*100 -> 1.9165017 | D50: =(D10-C10)/C10*100 -> 7.0731273 | E50: =(E10-D10)/D10*100 -> -1.1651424 | F50: =(F10-E10)/E10*100 -> -5.1715423 | G50: =(G10-F10)/F10*100 -> 0.81944128 | H50: =(H10-G10)/G10*100 -> 6.2962525 | I50: =(I10-H10)/H10*100 -> 0.14318153 | J50: =(J10-I10)/I10*100 -> -5.2647814 | ... CK50: =(CK10-CJ10)/CJ10*100 -> 0.10131635
A51: Electricity, gas and water | C51: =(C11-B11)/B11*100 -> 1.9562705 | D51: =(D11-C11)/C11*100 -> 1.6197272 | E51: =(E11-D11)/D11*100 -> -5.3662948 | F51: =(F11-E11)/E11*100 -> 3.9503102 | G51: =(G11-F11)/F11*100 -> 6.5430585 | H51: =(H11-G11)/G11*100 -> 8.3072055 | I51: =(I11-H11)/H11*100 -> 1.2499668 | J51: =(J11-I11)/I11*100 -> -5.0720521 | ... CK51: =(CK11-CJ11)/CJ11*100 -> -0.81526838
A52: Construction | C52: =(C12-B12)/B12*100 -> 1.3577556 | D52: =(D12-C12)/C12*100 -> -1.1182967 | E52: =(E12-D12)/D12*100 -> -4.473443 | F52: =(F12-E12)/E12*100 -> 6.47315 | G52: =(G12-F12)/F12*100 -> 1.1859888 | H52: =(H12-G12)/G12*100 -> -0.85574866 | I52: =(I12-H12)/H12*100 -> -4.1869939 | J52: =(J12-I12)/I12*100 -> 6.0668326 | ... CK52: =(CK12-CJ12)/CJ12*100 -> 2.8582864
A53: Tertiary industries | C53: =(C13-B13)/B13*100 -> 1.1467538 | D53: =(D13-C13)/C13*100 -> 3.3159129 | E53: =(E13-D13)/D13*100 -> 3.9477724 | F53: =(F13-E13)/E13*100 -> -3.9482828 | G53: =(G13-F13)/F13*100 -> 1.1038481 | H53: =(H13-G13)/G13*100 -> 2.8917928 | I53: =(I13-H13)/H13*100 -> 3.9169866 | J53: =(J13-I13)/I13*100 -> -4.3313868 | ... CK53: =(CK13-CJ13)/CJ13*100 -> 4.0451314
A54: Wholesale & retail trade; hotels & restaurants | C54: =(C14-B14)/B14*100 -> 2.5858784 | D54: =(D14-C14)/C14*100 -> 6.6545655 | E54: =(E14-D14)/D14*100 -> 14.946511 | F54: =(F14-E14)/E14*100 -> -15.981682 | G54: =(G14-F14)/F14*100 -> 1.6130641 | H54: =(H14-G14)/G14*100 -> 4.8467018 | I54: =(I14-H14)/H14*100 -> 14.012701 | J54: =(J14-I14)/I14*100 -> -15.930791 | ... CK54: =(CK14-CJ14)/CJ14*100 -> 17.496057
A55: Transport , storage and communication | C55: =(C15-B15)/B15*100 -> 0.23525002 | D55: =(D15-C15)/C15*100 -> 8.2121937 | E55: =(E15-D15)/D15*100 -> 2.0734475 | F55: =(F15-E15)/E15*100 -> -2.6377028 | G55: =(G15-F15)/F15*100 -> -0.45152585 | H55: =(H15-G15)/G15*100 -> 6.8264428 | I55: =(I15-H15)/H15*100 -> 0.54962377 | J55: =(J15-I15)/I15*100 -> -0.94646309 | ... CK55: =(CK15-CJ15)/CJ15*100 -> 2.0160329
A56: Finance, real estate and business services | C56: =(C16-B16)/B16*100 -> 0.97936015 | D56: =(D16-C16)/C16*100 -> 2.9492234 | E56: =(E16-D16)/D16*100 -> 1.6054441 | F56: =(F16-E16)/E16*100 -> -1.1685277 | G56: =(G16-F16)/F16*100 -> 3.1691508 | H56: =(H16-G16)/G16*100 -> 3.6372377 | I56: =(I16-H16)/H16*100 -> 2.7711869 | J56: =(J16-I16)/I16*100 -> -1.4374739 | ... CK56: =(CK16-CJ16)/CJ16*100 -> 0.26074185
A57: Personal services | C57: =(C17-B17)/B17*100 -> 2.8298824 | D57: =(D17-C17)/C17*100 -> 1.7787884 | E57: =(E17-D17)/D17*100 -> -0.11150273 | F57: =(F17-E17)/E17*100 -> 1.1755864 | G57: =(G17-F17)/F17*100 -> -0.3960117 | H57: =(H17-G17)/G17*100 -> 0.52364746 | I57: =(I17-H17)/H17*100 -> 0.0489901 | J57: =(J17-I17)/I17*100 -> -1.0892862 | ... CK57: =(CK17-CJ17)/CJ17*100 -> -3.5670971
... A61: SA - GDP at constant 2010 prices | C61: =(C21-B21)/B21*100 -> 1.7295018 | D61: =(D21-C21)/C21*100 -> 3.3092425 | E61: =(E21-D21)/D21*100 -> 1.0136067 | F61: =(F21-E21)/E21*100 -> -2.7837759 | G61: =(G21-F21)/F21*100 -> 3.3704264 | H61: =(H21-G21)/G21*100 -> 1.7763364 | I61: =(I21-H21)/H21*100 -> 1.2366926 | J61: =(J21-I21)/I21*100 -> -3.2406707 | ... CK61: =(CK21-CJ21)/CJ21*100 -> 2.3793511
A63: KZN – GDPR by activity
A64: Quarterly Change
A65: Provincial Industry | B65: =B45 -> 1995q1 | C65: =C45 -> 1995q2 | D65: =D45 -> 1995q3 | E65: =E45 -> 1995q4 | F65: =F45 -> 1996q1 | G65: =G45 -> 1996q2 | H65: =H45 -> 1996q3 | I65: =I45 -> 1996q4 | ... CK65: =CK45 -> 2016q4
A66: Primary Industries | C66: =(C26-B26)/B26*100 -> 21.351254 | D66: =(D26-C26)/C26*100 -> 4.8037068 | E66: =(E26-D26)/D26*100 -> -13.686334 | F66: =(F26-E26)/E26*100 -> 10.819416 | G66: =(G26-F26)/F26*100 -> 49.4222 | H66: =(H26-G26)/G26*100 -> -16.467732 | I66: =(I26-H26)/H26*100 -> -17.191932 | J66: =(J26-I26)/I26*100 -> -0.26165853 | ... CK66: =(CK26-CJ26)/CJ26*100 -> -18.470702
A67: Agriculture, forestry and fishing | C67: =(C27-B27)/B27*100 -> 45.31558 | D67: =(D27-C27)/C27*100 -> 7.2318999 | E67: =(E27-D27)/D27*100 -> -22.68002 | F67: =(F27-E27)/E27*100 -> -14.503093 | G67: =(G27-F27)/F27*100 -> 122.81211 | H67: =(H27-G27)/G27*100 -> -28.391359 | I67: =(I27-H27)/H27*100 -> -33.108219 | J67: =(J27-I27)/I27*100 -> 2.1662013 | ... CK67: =(CK27-CJ27)/CJ27*100 -> -26.656141
A68: Mining and quarrying | C68: =(C28-B28)/B28*100 -> -0.69413852 | D68: =(D28-C28)/C28*100 -> 1.5350215 | E68: =(E28-D28)/D28*100 -> -0.90030304 | F68: =(F28-E28)/E28*100 -> 38.907632 | G68: =(G28-F28)/F28*100 -> -0.68245929 | H68: =(H28-G28)/G28*100 -> 1.7948822 | I68: =(I28-H28)/H28*100 -> -0.04304833 | J68: =(J28-I28)/I28*100 -> -2.0122203 | ... CK68: =(CK28-CJ28)/CJ28*100 -> 0.71163902
A69: Secondary Industries | C69: =(C29-B29)/B29*100 -> 1.8408554 | D69: =(D29-C29)/C29*100 -> 5.2217953 | E69: =(E29-D29)/D29*100 -> -2.1140859 | F69: =(F29-E29)/E29*100 -> -2.8235841 | G69: =(G29-F29)/F29*100 -> 1.5804798 | H69: =(H29-G29)/G29*100 -> 5.568317 | I69: =(I29-H29)/H29*100 -> -0.27176074 | J69: =(J29-I29)/I29*100 -> -3.6224171 | ... CK69: =(CK29-CJ29)/CJ29*100 -> 0.52944337
A70: Manufacturing | C70: =(C30-B30)/B30*100 -> 1.9165017 | D70: =(D30-C30)/C30*100 -> 7.0731273 | E70: =(E30-D30)/D30*100 -> -1.1651424 | F70: =(F30-E30)/E30*100 -> -4.8461081 | G70: =(G30-F30)/F30*100 -> 0.81944128 | H70: =(H30-G30)/G30*100 -> 6.2962525 | I70: =(I30-H30)/H30*100 -> 0.14318153 | J70: =(J30-I30)/I30*100 -> -5.3099986 | ... CK70: =(CK30-CJ30)/CJ30*100 -> 0.10131635
A71: Electricity, gas and water | C71: =(C31-B31)/B31*100 -> 1.9562705 | D71: =(D31-C31)/C31*100 -> 1.6197272 | E71: =(E31-D31)/D31*100 -> -5.3662948 | F71: =(F31-E31)/E31*100 -> 4.2065926 | G71: =(G31-F31)/F31*100 -> 6.5430585 | H71: =(H31-G31)/G31*100 -> 8.3072055 | I71: =(I31-H31)/H31*100 -> 1.2499668 | J71: =(J31-I31)/I31*100 -> -5.4886882 | ... CK71: =(CK31-CJ31)/CJ31*100 -> -0.81526838
A72: Construction | C72: =(C32-B32)/B32*100 -> 1.3577556 | D72: =(D32-C32)/C32*100 -> -1.1182967 | E72: =(E32-D32)/D32*100 -> -4.473443 | F72: =(F32-E32)/E32*100 -> 2.5629949 | G72: =(G32-F32)/F32*100 -> 1.1859888 | H72: =(H32-G32)/G32*100 -> -0.85574866 | I72: =(I32-H32)/H32*100 -> -4.1869939 | J72: =(J32-I32)/I32*100 -> 8.4010926 | ... CK72: =(CK32-CJ32)/CJ32*100 -> 2.8582864
A73: Tertiary industries | C73: =(C33-B33)/B33*100 -> 1.1345973 | D73: =(D33-C33)/C33*100 -> 3.591642 | E73: =(E33-D33)/D33*100 -> 3.9683699 | F73: =(F33-E33)/E33*100 -> -3.9726962 | G73: =(G33-F33)/F33*100 -> 0.95002743 | H73: =(H33-G33)/G33*100 -> 3.0424457 | I73: =(I33-H33)/H33*100 -> 3.7741392 | J73: =(J33-I33)/I33*100 -> -5.5430213 | ... CK73: =(CK33-CJ33)/CJ33*100 -> 4.2939252
A74: Wholesale & retail trade; hotels & restaurants | C74: =(C34-B34)/B34*100 -> 2.5858784 | D74: =(D34-C34)/C34*100 -> 6.6545655 | E74: =(E34-D34)/D34*100 -> 14.946511 | F74: =(F34-E34)/E34*100 -> -17.158876 | G74: =(G34-F34)/F34*100 -> 1.6130641 | H74: =(H34-G34)/G34*100 -> 4.8467018 | I74: =(I34-H34)/H34*100 -> 14.012701 | J74: =(J34-I34)/I34*100 -> -15.801654 | ... CK74: =(CK34-CJ34)/CJ34*100 -> 17.496057
A75: Transport , storage and communication | C75: =(C35-B35)/B35*100 -> 0.23525002 | D75: =(D35-C35)/C35*100 -> 8.2121937 | E75: =(E35-D35)/D35*100 -> 2.0734475 | F75: =(F35-E35)/E35*100 -> -4.1360393 | G75: =(G35-F35)/F35*100 -> -0.45152585 | H75: =(H35-G35)/G35*100 -> 6.8264428 | I75: =(I35-H35)/H35*100 -> 0.54962377 | J75: =(J35-I35)/I35*100 -> -2.8245368 | ... CK75: =(CK35-CJ35)/CJ35*100 -> 2.0160329
A76: Finance, real estate and business services | C76: =(C36-B36)/B36*100 -> 0.97936015 | D76: =(D36-C36)/C36*100 -> 2.9492234 | E76: =(E36-D36)/D36*100 -> 1.6054441 | F76: =(F36-E36)/E36*100 -> -0.98614536 | G76: =(G36-F36)/F36*100 -> 3.1691508 | H76: =(H36-G36)/G36*100 -> 3.6372377 | I76: =(I36-H36)/H36*100 -> 2.7711869 | J76: =(J36-I36)/I36*100 -> -1.8196069 | ... CK76: =(CK36-CJ36)/CJ36*100 -> 0.26074185
A77: Personal services | C77: =(C37-B37)/B37*100 -> 2.8298824 | D77: =(D37-C37)/C37*100 -> 1.7787884 | E77: =(E37-D37)/D37*100 -> -0.11150273 | F77: =(F37-E37)/E37*100 -> 1.1194087 | G77: =(G37-F37)/F37*100 -> -0.3960117 | H77: =(H37-G37)/G37*100 -> 0.52364746 | I77: =(I37-H37)/H37*100 -> 0.0489901 | J77: =(J37-I37)/I37*100 -> -1.1555747 | ... CK77: =(CK37-CJ37)/CJ37*100 -> -3.5670971
... A81: KZN - GDPR at constant 2010 prices | C81: =(C41-B41)/B41*100 -> 2.7097895 | D81: =(D41-C41)/C41*100 -> 3.8532176 | E81: =(E41-D41)/D41*100 -> 0.45546299 | F81: =(F41-E41)/E41*100 -> -1.8932868 | G81: =(G41-F41)/F41*100 -> 5.2942563 | H81: =(H41-G41)/G41*100 -> 1.0736705 | I81: =(I41-H41)/H41*100 -> 0.37309931 | J81: =(J41-I41)/I41*100 -> -4.0125531 | ... CK81: =(CK41-CJ41)/CJ41*100 -> 2.0442528
A83: SA – GDP by activity
A84: Annual Change
A85: National Industry | B85: =B65 -> 1995q1 | C85: =C65 -> 1995q2 | D85: =D65 -> 1995q3 | E85: =E65 -> 1995q4 | F85: =F65 -> 1996q1 | G85: =G65 -> 1996q2 | H85: =H65 -> 1996q3 | I85: =I65 -> 1996q4 | ... CK85: =CK65 -> 2016q4
A86: Primary Industries | F86: =(F6-B6)/B6*100 -> 0.13666556 | G86: =(G6-C6)/C6*100 -> 10.194068 | H86: =(H6-D6)/D6*100 -> 1.3863854 | I86: =(I6-E6)/E6*100 -> -0.40269672 | J86: =(J6-F6)/F6*100 -> 0.9990115 | K86: =(K6-G6)/G6*100 -> 1.2339894 | L86: =(L6-H6)/H6*100 -> 1.9806979 | M86: =(M6-I6)/I6*100 -> 2.020102 | ... CK86: =(CK6-CG6)/CG6*100 -> -2.2073044
A87: Agriculture, forestry and fishing | F87: =(F7-B7)/B7*100 -> 9.798301 | G87: =(G7-C7)/C7*100 -> 68.353533 | H87: =(H7-D7)/D7*100 -> 12.425199 | I87: =(I7-E7)/E7*100 -> -2.7376655 | J87: =(J7-F7)/F7*100 -> 10.415973 | K87: =(K7-G7)/G7*100 -> -1.9793056 | L87: =(L7-H7)/H7*100 -> -0.71153566 | M87: =(M7-I7)/I7*100 -> 0.40408102 | ... CK87: =(CK7-CG7)/CG7*100 -> 2.3710886
A88: Mining and quarrying | F88: =(F8-B8)/B8*100 -> -1.1498355 | G88: =(G8-C8)/C8*100 -> -1.1382099 | H88: =(H8-D8)/D8*100 -> -0.88519081 | I88: =(I8-E8)/E8*100 -> -0.027805376 | J88: =(J8-F8)/F8*100 -> -0.39378776 | K88: =(K8-G8)/G8*100 -> 2.3001954 | L88: =(L8-H8)/H8*100 -> 2.6091074 | M88: =(M8-I8)/I8*100 -> 2.2725296 | ... CK88: =(CK8-CG8)/CG8*100 -> -3.0728724
A89: Secondary Industries | F89: =(F9-B9)/B9*100 -> 2.1794993 | G89: =(G9-C9)/C9*100 -> 2.0647585 | H89: =(H9-D9)/D9*100 -> 2.5606985 | I89: =(I9-E9)/E9*100 -> 4.6510162 | J89: =(J9-F9)/F9*100 -> 3.1151743 | K89: =(K9-G9)/G9*100 -> 4.5256672 | L89: =(L9-H9)/H9*100 -> 2.3506598 | M89: =(M9-I9)/I9*100 -> 2.0245531 | ... CK89: =(CK9-CG9)/CG9*100 -> -0.8220342
A90: Manufacturing | F90: =(F10-B10)/B10*100 -> 2.276021 | G90: =(G10-C10)/C10*100 -> 1.1750906 | H90: =(H10-D10)/D10*100 -> 0.44100931 | I90: =(I10-E10)/E10*100 -> 1.7705946 | J90: =(J10-F10)/F10*100 -> 1.6705298 | K90: =(K10-G10)/G10*100 -> 4.307653 | L90: =(L10-H10)/H10*100 -> 2.8818555 | M90: =(M10-I10)/I10*100 -> 1.9673729 | ... CK90: =(CK10-CG10)/CG10*100 -> -0.70778553
A91: Electricity, gas and water | F91: =(F11-B11)/B11*100 -> 1.9209819 | G91: =(G11-C11)/C11*100 -> 6.5061824 | H91: =(H11-D11)/D11*100 -> 13.515233 | I91: =(I11-E11)/E11*100 -> 21.451586 | J91: =(J11-F11)/F11*100 -> 10.910201 | K91: =(K11-G11)/G11*100 -> 7.9544041 | L91: =(L11-H11)/H11*100 -> 0.94812779 | M91: =(M11-I11)/I11*100 -> -2.8818107 | ... CK91: =(CK11-CG11)/CG11*100 -> -3.2327642
A92: Construction | F92: =(F12-B12)/B12*100 -> 1.9382448 | G92: =(G12-C12)/C12*100 -> 1.7654943 | H92: =(H12-D12)/D12*100 -> 2.0356993 | I92: =(I12-E12)/E12*100 -> 2.341667 | J92: =(J12-F12)/F12*100 -> 1.951116 | K92: =(K12-G12)/G12*100 -> 1.3674309 | L92: =(L12-H12)/H12*100 -> 1.035482 | M92: =(M12-I12)/I12*100 -> 9.6916155 | ... CK92: =(CK12-CG12)/CG12*100 -> 0.23404831
A93: Tertiary industries | F93: =(F13-B13)/B13*100 -> 4.3372742 | G93: =(G13-C13)/C13*100 -> 4.2930151 | H93: =(H13-D13)/D13*100 -> 3.8648839 | I93: =(I13-E13)/E13*100 -> 3.8341227 | J93: =(J13-F13)/F13*100 -> 3.4199785 | K93: =(K13-G13)/G13*100 -> 3.0998806 | L93: =(L13-H13)/H13*100 -> 2.1410355 | M93: =(M13-I13)/I13*100 -> 1.0297112 | ... CK93: =(CK13-CG13)/CG13*100 -> 1.6611998
A94: Wholesale & retail trade; hotels & restaurants | F94: =(F14-B14)/B14*100 -> 5.6663752 | G94: =(G14-C14)/C14*100 -> 4.6643488 | H94: =(H14-D14)/D14*100 -> 2.8902205 | I94: =(I14-E14)/E14*100 -> 2.0543543 | J94: =(J14-F14)/F14*100 -> 2.1161694 | K94: =(K14-G14)/G14*100 -> 1.1485718 | L94: =(L14-H14)/H14*100 -> 0.17685392 | M94: =(M14-I14)/I14*100 -> -1.4433688 | ... CK94: =(CK14-CG14)/CG14*100 -> 1.1335055
A95: Transport , storage and communication | F95: =(F15-B15)/B15*100 -> 7.7954114 | G95: =(G15-C15)/C15*100 -> 7.056836 | H95: =(H15-D15)/D15*100 -> 5.6858805 | I95: =(I15-E15)/E15*100 -> 4.1081279 | J95: =(J15-F15)/F15*100 -> 5.9165467 | K95: =(K15-G15)/G15*100 -> 7.3958616 | L95: =(L15-H15)/H15*100 -> 7.4748259 | M95: =(M15-I15)/I15*100 -> 9.4889105 | ... CK95: =(CK15-CG15)/CG15*100 -> 1.6781763
A96: Finance, real estate and business services | F96: =(F16-B16)/B16*100 -> 4.3921718 | G96: =(G16-C16)/C16*100 -> 6.6559711 | H96: =(H16-D16)/D16*100 -> 7.3687578 | I96: =(I16-E16)/E16*100 -> 8.6006244 | J96: =(J16-F16)/F16*100 -> 8.3050938 | K96: =(K16-G16)/G16*100 -> 6.6624861 | L96: =(L16-H16)/H16*100 -> 3.5188102 | M96: =(M16-I16)/I16*100 -> 0.74924471 | ... CK96: =(CK16-CG16)/CG16*100 -> 1.7872978
A97: Personal services | F97: =(F17-B17)/B17*100 -> 5.7712959 | G97: =(G17-C17)/C17*100 -> 2.4531262 | H97: =(H17-D17)/D17*100 -> 1.1896693 | I97: =(I17-E17)/E17*100 -> 1.3522528 | J97: =(J17-F17)/F17*100 -> -0.9165746 | K97: =(K17-G17)/G17*100 -> 0.60609265 | L97: =(L17-H17)/H17*100 -> 0.90047922 | M97: =(M17-I17)/I17*100 -> -0.71831317 | ... CK97: =(CK17-CG17)/CG17*100 -> 1.0994764
... A101: SA - GDP at constant 2010 prices | F101: =(F21-B21)/B21*100 -> 3.2059467 | G101: =(G21-C21)/C21*100 -> 4.8706867 | H101: =(H21-D21)/D21*100 -> 3.3146119 | I101: =(I21-E21)/E21*100 -> 3.5427794 | J101: =(J21-F21)/F21*100 -> 3.0561512 | K101: =(K21-G21)/G21*100 -> 3.0694932 | L101: =(L21-H21)/H21*100 -> 2.2180855 | M101: =(M21-I21)/I21*100 -> 1.4322664 | ... CK101: =(CK21-CG21)/CG21*100 -> 0.68547772
A103: KZN – GDPR by activity
A104: Annual Change
A105: Provincial Industry | B105: =B85 -> 1995q1 | C105: =C85 -> 1995q2 | D105: =D85 -> 1995q3 | E105: =E85 -> 1995q4 | F105: =F85 -> 1996q1 | G105: =G85 -> 1996q2 | H105: =H85 -> 1996q3 | I105: =I85 -> 1996q4 | ... CK105: =CK85 -> 2016q4
A106: Primary Industries | F106: =(F26-B26)/B26*100 -> 21.651181 | G106: =(G26-C26)/C26*100 -> 49.791505 | H106: =(H26-D26)/D26*100 -> 19.389137 | I106: =(I26-E26)/E26*100 -> 14.540192 | J106: =(J26-F26)/F26*100 -> 3.0870691 | K106: =(K26-G26)/G26*100 -> -1.2646528 | L106: =(L26-H26)/H26*100 -> -0.044126254 | M106: =(M26-I26)/I26*100 -> 0.61754209 | ... CK106: =(CK26-CG26)/CG26*100 -> -3.736723
A107: Agriculture, forestry and fishing | F107: =(F27-B27)/B27*100 -> 3.0097463 | G107: =(G27-C27)/C27*100 -> 57.944654 | H107: =(H27-D27)/D27*100 -> 5.4742294 | I107: =(I27-E27)/E27*100 -> -8.7511527 | J107: =(J27-F27)/F27*100 -> 9.0395947 | K107: =(K27-G27)/G27*100 -> -3.2011722 | L107: =(L27-H27)/H27*100 -> -1.9492055 | M107: =(M27-I27)/I27*100 -> -0.84749545 | ... CK107: =(CK27-CG27)/CG27*100 -> 1.0641171
A108: Mining and quarrying | F108: =(F28-B28)/B28*100 -> 38.79991 | G108: =(G28-C28)/C28*100 -> 38.816234 | H108: =(H28-D28)/D28*100 -> 39.171509 | I108: =(I28-E28)/E28*100 -> 40.375402 | J108: =(J28-F28)/F28*100 -> -0.97683084 | K108: =(K28-G28)/G28*100 -> 1.7013832 | L108: =(L28-H28)/H28*100 -> 2.0084869 | M108: =(M28-I28)/I28*100 -> 1.6738793 | ... CK108: =(CK28-CG28)/CG28*100 -> -10.955614
A109: Secondary Industries | F109: =(F29-B29)/B29*100 -> 1.9315959 | G109: =(G29-C29)/C29*100 -> 1.6709883 | H109: =(H29-D29)/D29*100 -> 2.0058163 | I109: =(I29-E29)/E29*100 -> 3.9256827 | J109: =(J29-F29)/F29*100 -> 3.0713678 | K109: =(K29-G29)/G29*100 -> 4.5859718 | L109: =(L29-H29)/H29*100 -> 2.5773834 | M109: =(M29-I29)/I29*100 -> 2.4820708 | ... CK109: =(CK29-CG29)/CG29*100 -> -0.50855212
A110: Manufacturing | F110: =(F30-B30)/B30*100 -> 2.6270138 | G110: =(G30-C30)/C30*100 -> 1.5223053 | H110: =(H30-D30)/D30*100 -> 0.78570474 | I110: =(I30-E30)/E30*100 -> 2.119853 | J110: =(J30-F30)/F30*100 -> 1.6220023 | K110: =(K30-G30)/G30*100 -> 4.2578668 | L110: =(L30-H30)/H30*100 -> 2.8327498 | M110: =(M30-I30)/I30*100 -> 1.9187037 | ... CK110: =(CK30-CG30)/CG30*100 -> -0.40111182
A111: Electricity, gas and water | F111: =(F31-B31)/B31*100 -> 2.1722611 | G111: =(G31-C31)/C31*100 -> 6.7687661 | H111: =(H31-D31)/D31*100 -> 13.795097 | I111: =(I31-E31)/E31*100 -> 21.751016 | J111: =(J31-F31)/F31*100 -> 10.423419 | K111: =(K31-G31)/G31*100 -> 7.4805952 | L111: =(L31-H31)/H31*100 -> 0.50506927 | M111: =(M31-I31)/I31*100 -> -3.3080597 | ... CK111: =(CK31-CG31)/CG31*100 -> -3.7056234
A112: Construction | F112: =(F32-B32)/B32*100 -> -1.8053689 | G112: =(G32-C32)/C32*100 -> -1.9717753 | H112: =(H32-D32)/D32*100 -> -1.7114933 | I112: =(I32-E32)/E32*100 -> -1.4167621 | J112: =(J32-F32)/F32*100 -> 4.1947996 | K112: =(K32-G32)/G32*100 -> 3.5982691 | L112: =(L32-H32)/H32*100 -> 3.2590148 | M112: =(M32-I32)/I32*100 -> 12.105648 | ... CK112: =(CK32-CG32)/CG32*100 -> 0.61754346
A113: Tertiary industries | F113: =(F33-B33)/B33*100 -> 4.597291 | G113: =(G33-C33)/C33*100 -> 4.4064017 | H113: =(H33-D33)/D33*100 -> 3.8528858 | I113: =(I33-E33)/E33*100 -> 3.6588709 | J113: =(J33-F33)/F33*100 -> 1.9637476 | K113: =(K33-G33)/G33*100 -> 1.7923091 | L113: =(L33-H33)/H33*100 -> 0.9911897 | M113: =(M33-I33)/I33*100 -> 0.11618192 | ... CK113: =(CK33-CG33)/CG33*100 -> 1.7038783
A114: Wholesale & retail trade; hotels & restaurants | F114: =(F34-B34)/B34*100 -> 4.1858668 | G114: =(G34-C34)/C34*100 -> 3.19788 | H114: =(H34-D34)/D34*100 -> 1.4486093 | I114: =(I34-E34)/E34*100 -> 0.62445461 | J114: =(J34-F34)/F34*100 -> 2.2730279 | K114: =(K34-G34)/G34*100 -> 1.303944 | L114: =(L34-H34)/H34*100 -> 0.33073344 | M114: =(M34-I34)/I34*100 -> -1.2919781 | ... CK114: =(CK34-CG34)/CG34*100 -> 1.7410825
A115: Transport , storage and communication | F115: =(F35-B35)/B35*100 -> 6.1365168 | G115: =(G35-C35)/C35*100 -> 5.4093075 | H115: =(H35-D35)/D35*100 -> 4.0594501 | I115: =(I35-E35)/E35*100 -> 2.5059779 | J115: =(J35-F35)/F35*100 -> 3.908349 | K115: =(K35-G35)/G35*100 -> 5.3596159 | L115: =(L35-H35)/H35*100 -> 5.437083 | M115: =(M35-I35)/I35*100 -> 7.4129802 | ... CK115: =(CK35-CG35)/CG35*100 -> 1.7809304
...

Sheet Seasonal
A1: Seasonally adjusted and annualised quarterly GDP and GDPR
A3: SA – GDP by activity
A4: Seasonally adjusted and annualised quarterly - Rand million
A5: National Industry | B5: 1995q1 | C5: 1995q2 | D5: 1995q3 | E5: 1995q4 | F5: 1996q1 | G5: 1996q2 | H5: 1996q3 | I5: 1996q4 | J5: 1997q1 | K5: 1997q2 | L5: 1997q3 | M5: 1997q4 | N5: 1998q1 | O5: 1998q2 | P5: 1998q3 | Q5: 1998q4 | R5: 1999q1 | S5: 1999q2 | T5: 1999q3 | U5: 1999q4 | V5: 2000q1 | W5: 2000q2 | X5: 2000q3 | Y5: 2000q4 | Z5: 2001q1 | AA5: 2001q2 | AB5: 2001q3 | AC5: 2001q4 | AD5: 2002q1 | AE5: 2002q2 | AF5: 2002q3 | AG5: 2002q4 | AH5: 2003q1 | AI5: 2003q2 | AJ5: 2003q3 | AK5: 2003q4 | AL5: 2004q1 | AM5: 2004q2 | AN5: 2004q3 | AO5: 2004q4 | AP5: 2005q1 | AQ5: 2005q2 | AR5: 2005q3 | AS5: 2005q4 | AT5: 2006q1 | AU5: 2006q2 | AV5: 2006q3 | AW5: 2006q4 | AX5: 2007q1 | AY5: 2007q2 | AZ5: 2007q3 | BA5: 2007q4 | BB5: 2008q1 | BC5: 2008q2 | BD5: 2008q3 | BE5: 2008q4 | BF5: 2009q1 | BG5: 2009q2 | BH5: 2009q3 | BI5: 2009q4 | BJ5: 2010q1 | BK5: 2010q2 | BL5: 2010q3 | BM5: 2010q4 | BN5: 2011q1 | BO5: 2011q2 | BP5: 2011q3 | BQ5: 2011q4 | BR5: 2012q1 | BS5: 2012q2 | BT5: 2012q3 | BU5: 2012q4 | BV5: 2013q1 | BW5: 2013q2 | BX5: 2013q3 | BY5: 2013q4 | BZ5: 2014q1 | CA5: 2014q2 | CB5: 2014q3 | CC5: 2014q4 | CD5: 2015q1 | CE5: 2015q2 | CF5: 2015q3 | CG5: 2015q4 | CH5: 2016q1 | CI5: 2016q2 | CJ5: 2016q3 | CK5: 2016q4
A6: Primary Industries | B6: =SUM(B7:B8) -> 285854 | C6: =SUM(C7:C8) -> 275244.76 | D6: =SUM(D7:D8) -> 270847.88 | E6: =SUM(E7:E8) -> 269401.43 | F6: =SUM(F7:F8) -> 278372.09 | G6: =SUM(G7:G8) -> 282233.24 | H6: =SUM(H7:H8) -> 285563.92 | I6: =SUM(I7:I8) -> 286773.76 | ... CK6: =SUM(CK7:CK8) -> 288682
A7: Agriculture, forestry and fishing | B7: 48268.218 | C7: 40812.852 | D7: 36911.707 | E7: 36933.612 | F7: 43608.296 | G7: 50603.506 | H7: 53599.165 | I7: 54217.734 | J7: 51014.167 | K7: 51177.787 | L7: 51041.903 | M7: 50613.116 | N7: 48927.216 | O7: 47779.534 | P7: 47642.184 | Q7: 48694.151 | R7: 49982.201 | S7: 50642.471 | T7: 51527.934 | U7: 52859.167 | V7: 53533.134 | W7: 53915.468 | X7: 53986.658 | Y7: 53212.059 | Z7: 52205.274 | AA7: 51887.506 | AB7: 51748.706 | AC7: 51722.451 | AD7: 53178.724 | AE7: 54941.875 | AF7: 56100.356 | AG7: 56834.632 | AH7: 56897.476 | AI7: 56405.398 | AJ7: 54802.674 | AK7: 54455.597 | AL7: 54753.312 | AM7: 55270.071 | AN7: 56479.441 | AO7: 57971.101 | AP7: 57651.49 | AQ7: 57550.48 | AR7: 57687.9 | AS7: 57891.28 | AT7: 59248.288 | AU7: 54399.82 | AV7: 52505.024 | AW7: 52020.952 | AX7: 53678.676 | AY7: 55597.452 | AZ7: 56449.312 | BA7: 58948.396 | BB7: 62508.112 | BC7: 65039.18 | BD7: 69498.408 | BE7: 71240.728 | BF7: 69881.716 | BG7: 66646.04 | BH7: 64204.588 | BI7: 62477.34 | BJ7: 63003 | BK7: 64583 | BL7: 66719 | BM7: 68114 | BN7: 68019 | BO7: 66823 | BP7: 66443 | BQ7: 66367 | BR7: 66691 | BS7: 67702 | BT7: 68410 | BU7: 69568 | BV7: 69545 | BW7: 69944 | BX7: 71598 | BY7: 73487 | BZ7: 74192 | CA7: 75046 | CB7: 76745 | CC7: 78181 | CD7: 75912 | CE7: 71764 | CF7: 69581 | CG7: 68416 | CH7: 66878 | CI7: 65533 | CJ7: 65493 | CK7: 65470
A8: Mining and quarrying | B8: 237585.78 | C8: 234431.91 | D8: 233936.17 | E8: 232467.82 | F8: 234763.8 | G8: 231629.73 | H8: 231964.75 | I8: 232556.03 | J8: 233511.74 | K8: 236423.57 | L8: 238250.84 | M8: 238553.73 | N8: 239377.4 | O8: 237089.57 | P8: 234980.94 | Q8: 234345.21 | R8: 234161.37 | S8: 232473.33 | T8: 232576.97 | U8: 233340.36 | V8: 231872.45 | W8: 231132.33 | X8: 229193.59 | Y8: 230095.59 | Z8: 230730.43 | AA8: 231836.87 | AB8: 230282.17 | AC8: 228522.18 | AD8: 229871.02 | AE8: 231578.5 | AF8: 233719.7 | AG8: 235416.17 | AH8: 236782.06 | AI8: 239417.57 | AJ8: 242436.21 | AK8: 243555.73 | AL8: 244790.8 | AM8: 241788.88 | AN8: 248252.23 | AO8: 241886.72 | AP8: 249435.35 | AQ8: 247452.4 | AR8: 245616.09 | AS8: 244237.89 | AT8: 239459.71 | AU8: 243388.83 | AV8: 246929.74 | AW8: 251120.35 | AX8: 250884.92 | AY8: 243351.93 | AZ8: 242207.4 | BA8: 238208.37 | BB8: 228986.74 | BC8: 234898.2 | BD8: 229547.77 | BE8: 229221.29 | BF8: 214553.5 | BG8: 221158.5 | BH8: 218310.5 | BI8: 221300.5 | BJ8: 231108 | BK8: 217539 | BL8: 232481 | BM8: 240272 | BN8: 235882 | BO8: 234156 | BP8: 222760 | BQ8: 221784 | BR8: 215769 | BS8: 228576 | BT8: 223766 | BU8: 219850 | BV8: 227215 | BW8: 224538 | BX8: 231036 | BY8: 240296 | BZ8: 225499 | CA8: 224000 | CB8: 226312 | CC8: 234274 | CD8: 241572 | CE8: 237823 | CF8: 232347 | CG8: 234087 | CH8: 220124 | CI8: 227762 | CJ8: 230105 | CK8: 223212
A9: Secondary Industries | B9: =SUM(B10:B12) -> 340659.83 | C9: =SUM(C10:C12) -> 343875.52 | D9: =SUM(D10:D12) -> 345922.37 | E9: =SUM(E10:E12) -> 343599.29 | F9: =SUM(F10:F12) -> 348095.95 | G9: =SUM(G10:G12) -> 350149.8 | H9: =SUM(H10:H12) -> 355247.78 | I9: =SUM(I10:I12) -> 360082.27 | ... CK9: =SUM(CK10:CK12) -> 554934
A10: Manufacturing | B10: 248115.11 | C10: 251269.34 | D10: 253333.61 | E10: 251502.33 | F10: 253779.2 | G10: 253187.38 | H10: 254726.28 | I10: 256586.63 | J10: 258194 | K10: 263012.85 | L10: 262600.51 | M10: 261965.68 | N10: 263100 | O10: 262895.43 | P10: 259533.07 | Q10: 258153 | R10: 257640.64 | S10: 259524 | T10: 263681.19 | U10: 269097.74 | V10: 276001.9 | W10: 280517.61 | X10: 286382.88 | Y10: 292086.62 | Z10: 293787.94 | AA10: 293790 | AB10: 290650.25 | AC10: 293080.44 | AD10: 295447.5 | AE10: 300610.19 | AF10: 303985.9 | AG10: 304061.71 | AH10: 301227.21 | AI10: 297425.7 | AJ10: 294496.51 | AK10: 292843.29 | AL10: 301528.68 | AM10: 308853.74 | AN10: 316231.11 | AO10: 317429.21 | AP10: 317373.5 | AQ10: 329672.78 | AR10: 337228.5 | AS10: 336950.5 | AT10: 341608.14 | AU10: 348131.43 | AV10: 354985.2 | AW10: 361563.4 | AX10: 366999.14 | AY10: 368686.4 | AZ10: 368731.81 | BA10: 377140.01 | BB10: 376366.4 | BC10: 391090.4 | BD10: 383877.4 | BE10: 364522.14 | BF10: 340102.31 | BG10: 330873.48 | BH10: 337511.5 | BI10: 346279.5 | BJ10: 352735 | BK10: 360345 | BL10: 358704 | BM10: 363013 | BN10: 372508 | BO10: 367864 | BP10: 367114 | BQ10: 370844 | BR10: 376469 | BS10: 376011 | BT10: 376499 | BU10: 380343 | BV10: 373233 | BW10: 384341 | BX10: 377694 | BY10: 389426 | BZ10: 383983 | CA10: 379804 | CB10: 378442 | CC10: 385796 | CD10: 383900 | CE10: 377839 | CF10: 382408 | CG10: 380168 | CH10: 380753 | CI10: 387794 | CJ10: 384512 | CK10: 381498
A11: Electricity, gas and water | B11: 51547.223 | C11: 51567.75 | D11: 51252.457 | E11: 50593.411 | F11: 52742.609 | G11: 54954.518 | H11: 58265.307 | I11: 61134.204 | J11: 59837.852 | K11: 59995.073 | L11: 58781.173 | M11: 57339.302 | N11: 56253.741 | O11: 55499.235 | P11: 54688.561 | Q11: 54646.809 | R11: 54226.773 | S11: 54774.29 | T11: 55042.716 | U11: 55939.115 | V11: 56508.27 | W11: 56919.132 | X11: 57138.283 | Y11: 56236.676 | Z11: 55312.228 | AA11: 54537.536 | AB11: 54440.065 | AC11: 54120.845 | AD11: 54963.723 | AE11: 56242.624 | AF11: 56944.59 | AG11: 57904.113 | AH11: 57875.898 | AI11: 57893.743 | AJ11: 58151.498 | AK11: 58803.816 | AL11: 59914.145 | AM11: 61076.025 | AN11: 63147.978 | AO11: 64377.271 | AP11: 64399.973 | AQ11: 65002.723 | AR11: 65508.32 | AS11: 66890.283 | AT11: 67367.248 | AU11: 67554.26 | AV11: 67693.48 | AW11: 68138.732 | AX11: 69176.888 | AY11: 69789.864 | AZ11: 70477.032 | BA11: 70556.22 | BB11: 67409.24 | BC11: 66999.692 | BD11: 69094.128 | BE11: 66584.936 | BF11: 65803.288 | BG11: 66089.904 | BH11: 66634.412 | BI11: 66820.396 | BJ11: 67820 | BK11: 67785 | BL11: 67595 | BM11: 68558 | BN11: 68974 | BO11: 69146 | BP11: 68828 | BQ11: 68963 | BR11: 69095 | BS11: 68403 | BT11: 68705 | BU11: 68730 | BV11: 67958 | BW11: 68487 | BX11: 68852 | BY11: 67860 | BZ11: 67458 | CA11: 67668 | CB11: 67339 | CC11: 67596 | CD11: 68097 | CE11: 66785 | CF11: 65483 | CG11: 65571 | CH11: 64659 | CI11: 64139 | CJ11: 63738 | CK11: 64120
A12: Construction | B12: 40997.498 | C12: 41038.426 | D12: 41336.308 | E12: 41503.55 | F12: 41574.143 | G12: 42007.895 | H12: 42256.191 | I12: 42361.429 | J12: 42838.934 | K12: 43375.411 | L12: 43758.63 | M12: 44017.326 | N12: 41768.347 | O12: 40798.403 | P12: 40426.446 | Q12: 40741.448 | R12: 40288.924 | S12: 40255.484 | T12: 40381.865 | U12: 40585.918 | V12: 41055.466 | W12: 41988.189 | X12: 43258.984 | Y12: 44333.783 | Z12: 44303.495 | AA12: 44679.466 | AB12: 44817.448 | AC12: 45240.949 | AD12: 45924.344 | AE12: 46624.4 | AF12: 47759.302 | AG12: 49134.409 | AH12: 49938.366 | AI12: 50604.494 | AJ12: 51240.297 | AK12: 52222.391 | AL12: 53374.444 | AM12: 54865.408 | AN12: 56370.138 | AO12: 57977.298 | AP12: 59555.4 | AQ12: 61306.401 | AR12: 63245.401 | AS12: 65015.361 | AT12: 66089.46 | AU12: 67884.44 | AV12: 69730.44 | AW12: 71417.18 | AX12: 75088.64 | AY12: 78386.64 | AZ12: 80139 | BA12: 84205 | BB12: 84456.46 | BC12: 86200.46 | BD12: 88983.4 | BE12: 89561.14 | BF12: 93103.1 | BG12: 93662.04 | BH12: 95651.08 | BI12: 96620.08 | BJ12: 95732 | BK12: 95256 | BL12: 95561 | BM12: 95263 | BN12: 94341 | BO12: 95341 | BP12: 96390 | BQ12: 97365 | BR12: 97051 | BS12: 97524 | BT12: 98596 | BU12: 100148 | BV12: 100384 | BW12: 102548 | BX12: 103371 | BY12: 104967 | BZ12: 105798 | CA12: 106208 | CB12: 106664 | CC12: 107357 | CD12: 107926 | CE12: 108238 | CF12: 108477 | CG12: 108769 | CH12: 108987 | CI12: 109013 | CJ12: 109212 | CK12: 109316
A13: Tertiary industries | B13: =SUM(B14:B18) -> 946593.09 | C13: =SUM(C14:C18) -> 956576.52 | D13: =SUM(D14:D18) -> 966550.66 | E13: =SUM(E14:E18) -> 974093.26 | F13: =SUM(F14:F18) -> 984520.47 | G13: =SUM(G14:G18) -> 994212.03 | H13: =SUM(H14:H18) -> 1005353.5 | I13: =SUM(I14:I18) -> 1016377.5 | ... CK13: =SUM(CK14:CK18) -> 1955589.7
A14: Wholesale & retail trade; hotels & restaurants | B14: 206774.47 | C14: 210758.8 | D14: 215168.23 | E14: 218476.92 | F14: 218129.91 | G14: 219494.13 | H14: 221323.86 | I14: 223724.15 | J14: 224362.75 | K14: 222898.32 | L14: 221563.21 | M14: 217378.45 | N14: 222562.51 | O14: 224465.8 | P14: 225316.01 | Q14: 225379.05 | R14: 232905.93 | S14: 238313.18 | T14: 244482.83 | U14: 250248.39 | V14: 255324.56 | W14: 260168.8 | X14: 263538.91 | Y14: 265160.04 | Z14: 265656.31 | AA14: 265934.37 | AB14: 265900.95 | AC14: 266540.34 | AD14: 268545.6 | AE14: 270767.29 | AF14: 272383.84 | AG14: 276807.97 | AH14: 277176.99 | AI14: 278337.53 | AJ14: 280188.27 | AK14: 281818.85 | AL14: 285622.48 | AM14: 290993.65 | AN14: 297053.39 | AO14: 304173.46 | AP14: 307920.92 | AQ14: 312587.35 | AR14: 317054.98 | AS14: 323277.97 | AT14: 326748.4 | AU14: 331597.49 | AV14: 336451.4 | AW14: 341197 | AX14: 346130.29 | AY14: 350629.25 | AZ14: 355030.76 | BA14: 359001.03 | BB14: 362440.62 | BC14: 360428.5 | BD14: 356395.99 | BE14: 356256.25 | BF14: 355457.22 | BG14: 353477.41 | BH14: 354689.33 | BI14: 355857.99 | BJ14: 361164.7 | BK14: 368102.9 | BL14: 373440.1 | BM14: 379613.7 | BN14: 380859.4 | BO14: 384023.5 | BP14: 387410.2 | BQ14: 390489.2 | BR14: 395591.9 | BS14: 399758.5 | BT14: 402847.1 | BU14: 405553.9 | BV14: 406586.8 | BW14: 408947.4 | BX14: 409216.7 | BY14: 411121.1 | BZ14: 413634.5 | CA14: 413376.6 | CB14: 417494.2 | CC14: 417412.8 | CD14: 420756.5 | CE14: 419930.1 | CF14: 421134.1 | CG14: 423807.7 | CH14: 425775.8 | CI14: 427470.8 | CJ14: 425305.6 | CK14: 427546.7
A15: Transport , storage and communication | B15: 100047.2 | C15: 102752.19 | D15: 105322.89 | E15: 107562.78 | F15: 108137.07 | G15: 109579.45 | H15: 111317.4 | I15: 112007.91 | J15: 114823.17 | K15: 117218.69 | L15: 119862.87 | M15: 122656.29 | N15: 124402.43 | O15: 125438.48 | P15: 124847.14 | Q15: 125973.83 | R15: 127469.21 | S15: 130347.07 | T15: 133157.3 | U15: 135722.72 | V15: 138930.05 | W15: 142024.66 | X15: 144115.94 | Y15: 145341.44 | Z15: 146817.46 | AA15: 149027.4 | AB15: 152185.6 | AC15: 156035.93 | AD15: 159827.7 | AE15: 163476.14 | AF15: 166273.18 | AG15: 168855.37 | AH15: 171892.5 | AI15: 173878.9 | AJ15: 175719.76 | AK15: 178737.48 | AL15: 180416.15 | AM15: 182166.9 | AN15: 184724.41 | AO15: 187143.31 | AP15: 189318.74 | AQ15: 192107.51 | AR15: 194706.1 | AS15: 197202.56 | AT15: 199979.9 | AU15: 202460.69 | AV15: 204462.18 | AW15: 205994.99 | AX15: 211207.69 | AY15: 216892.4 | AZ15: 221409.47 | BA15: 224444.18 | BB15: 224894.91 | BC15: 225641.56 | BD15: 226899.49 | BE15: 227107.53 | BF15: 225757.94 | BG15: 225151.51 | BH15: 225582.6 | BI15: 226354.9 | BJ15: 227028.7 | BK15: 228782.9 | BL15: 230229.8 | BM15: 231954.6 | BN15: 234225 | BO15: 236982.2 | BP15: 238325.1 | BQ15: 240236 | BR15: 241623.8 | BS15: 242974.7 | BT15: 243633.7 | BU15: 244521.8 | BV15: 246810.8 | BW15: 248717.6 | BX15: 251526.3 | BY15: 253460.2 | BZ15: 254568.3 | CA15: 257338.1 | CB15: 259088.6 | CC15: 261096.1 | CD15: 261200 | CE15: 261224.6 | CF15: 261190 | CG15: 260112.6 | CH15: 259927.7 | CI15: 261335.9 | CJ15: 262431.2 | CK15: 264114.3
A16: Finance, real estate and business services | B16: 241241.49 | C16: 242723.61 | D16: 244716.74 | E16: 246069.24 | F16: 251176.79 | G16: 257123.3 | H16: 263260.43 | I16: 269331 | J16: 270675.4 | K16: 272136.9 | L16: 272979 | M16: 274085.5 | N16: 274789.41 | O16: 278660.16 | P16: 280703.3 | Q16: 280813.49 | R16: 288508.43 | S16: 291692.37 | T16: 294925.27 | U16: 296821.28 | V16: 298356.41 | W16: 299473.84 | X16: 303095.51 | Y16: 308292.18 | Z16: 316824.21 | AA16: 323954.32 | AB16: 330330.3 | AC16: 336872.41 | AD16: 344525.44 | AE16: 349033.28 | AF16: 347768.49 | AG16: 348747.49 | AH16: 357036.18 | AI16: 361879.49 | AJ16: 367338.97 | AK16: 370532.91 | AL16: 381003.26 | AM16: 388358.48 | AN16: 392260.12 | AO16: 397935.21 | AP16: 401943.54 | AQ16: 409621.5 | AR16: 417131.5 | AS16: 419897.5 | AT16: 434909.42 | AU16: 447441.42 | AV16: 458853.4 | AW16: 466381 | AX16: 475257.6 | AY16: 478038.6 | AZ16: 488036.6 | BA16: 497365.56 | BB16: 506970.48 | BC16: 509822.48 | BD16: 513568.48 | BE16: 516504.48 | BF16: 516388.42 | BG16: 515602.42 | BH16: 516722.4 | BI16: 519744 | BJ16: 521461.8 | BK16: 524163.8 | BL16: 524116.8 | BM16: 524360.8 | BN16: 534476.7 | BO16: 542191.7 | BP16: 550961.4 | BQ16: 555578.4 | BR16: 559439.4 | BS16: 561680.4 | BT16: 562740.4 | BU16: 564307.4 | BV16: 569935.6 | BW16: 576135.8 | BX16: 579079.7 | BY16: 581676.2 | BZ16: 584231.4 | CA16: 586568.5 | CB16: 590531.3 | CC16: 595924.3 | CD16: 600273.6 | CE16: 603816.8 | CF16: 607733.9 | CG16: 610375.6 | CH16: 612880.7 | CI16: 616466.3 | CJ16: 618470.3 | CK16: 620855.8
A17: Personal services | B17: 91811.256 | C17: 93345.922 | D17: 94126.441 | E17: 94551.407 | F17: 97208.547 | G17: 95704.164 | H17: 95195.638 | I17: 95664.062 | J17: 95500.512 | K17: 95758.15 | L17: 96145.057 | M17: 96243.173 | N17: 99057.992 | O17: 101127.24 | P17: 102984.98 | Q17: 104305.81 | R17: 104703.51 | S17: 105361.79 | T17: 106186.28 | U17: 106990.24 | V17: 108765.5 | W17: 110133.5 | X17: 111740 | Y17: 112994.6 | Z17: 113107.55 | AA17: 113153.14 | AB17: 113442.82 | AC17: 113904.31 | AD17: 114448.53 | AE17: 115423.69 | AF17: 116628.24 | AG17: 118283.14 | AH17: 120479.33 | AI17: 122328.89 | AJ17: 123674.7 | AK17: 124133.06 | AL17: 124405.44 | AM17: 124121.34 | AN17: 124862.34 | AO17: 125796.64 | AP17: 127039.13 | AQ17: 128846.22 | AR17: 130445.36 | AS17: 131808.73 | AT17: 134505.12 | AU17: 135825.02 | AV17: 137003.91 | AW17: 137857.94 | AX17: 140488.08 | AY17: 142613.58 | AZ17: 144864.29 | BA17: 147262.05 | BB17: 147931.79 | BC17: 148496.34 | BD17: 149817.21 | BE17: 150619.52 | BF17: 150576.28 | BG17: 149180.53 | BH17: 147420.53 | BI17: 144882.66 | BJ17: 397626 | BK17: 403204 | BL17: 406556 | BM17: 411202 | BN17: 415816.6 | BO17: 421888.6 | BP17: 425966.9 | BQ17: 431658.9 | BR17: 432372.2 | BS17: 434679.7 | BT17: 437754.9 | BU17: 441058.9 | BV17: 443628.5 | BW17: 447873.5 | BX17: 452072.5 | BY17: 458241.5 | BZ17: 460025.5 | CA17: 463166.6 | CB17: 464665 | CC17: 465402.9 | CD17: 465027.5 | CE17: 466128.5 | CF17: 467798.5 | CG17: 469293.5 | CH17: 470980.5 | CI17: 472547.3 | CJ17: 474911.4 | CK17: 475929.4
A18: General government services | B18: 306718.67 | C18: 306996.01 | D18: 307216.36 | E18: 307432.91 | F18: 309868.15 | G18: 312310.98 | H18: 314256.14 | I18: 315650.42 | J18: 316208.89 | K18: 315756.79 | L18: 315167.93 | M18: 314829.8 | N18: 314375.19 | O18: 313585.2 | P18: 312568.84 | Q18: 311991.37 | R18: 311783.48 | S18: 311229.1 | T18: 310150.38 | U18: 308667.42 | V18: 308829.12 | W18: 308272.43 | X18: 307260.69 | Y18: 305964.84 | Z18: 306844.91 | AA18: 305521.34 | AB18: 303638.77 | AC18: 302827.99 | AD18: 305126.06 | AE18: 306473.15 | AF18: 307633.78 | AG18: 308331.44 | AH18: 312528.67 | AI18: 314443.22 | AJ18: 316418.86 | AK18: 318143.73 | AL18: 317978.16 | AM18: 320207.78 | AN18: 321779.93 | AO18: 325707.1 | AP18: 331394.29 | AQ18: 335258.5 | AR18: 337191 | AS18: 337216.5 | AT18: 341924 | AU18: 343992 | AV18: 346693 | AW18: 349515 | AX18: 355482 | AY18: 358892 | AZ18: 363586 | BA18: 368584 | BB18: 374076 | BC18: 378246 | BD18: 385261 | BE18: 389488.99 | BF18: 391833 | BG18: 394400 | BH18: 394563 | BI18: 394888 | BJ18: 146330.9 | BK18: 148182.9 | BL18: 149320.7 | BM18: 150410.3 | BN18: 151085 | BO18: 151953.6 | BP18: 152429.4 | BQ18: 153437.3 | BR18: 154138.4 | BS18: 154980.6 | BT18: 155903.1 | BU18: 156866.2 | BV18: 157794 | BW18: 159251.1 | BX18: 160114.5 | BY18: 160962.3 | BZ18: 161673.8 | CA18: 162376.5 | CB18: 163051.4 | CC18: 163511.6 | CD18: 163876.2 | CE18: 164258.3 | CF18: 164735.5 | CG18: 164887.2 | CH18: 165410.8 | CI18: 166149.2 | CJ18: 166734.5 | CK18: 167143.5
A19: All industries at basic prices | B19: =B13+B9+B6 -> 1573106.9 | C19: =C13+C9+C6 -> 1575696.8 | D19: =D13+D9+D6 -> 1583320.9 | E19: =E13+E9+E6 -> 1587094 | F19: =F13+F9+F6 -> 1610988.5 | G19: =G13+G9+G6 -> 1626595.1 | H19: =H13+H9+H6 -> 1646165.2 | I19: =I13+I9+I6 -> 1663233.6 | ... CK19: =CK13+CK9+CK6 -> 2799205.7
A20: Taxes less subsidies on products | B20: 171151.75 | C20: 171173.38 | D20: 172672.98 | E20: 173371.48 | F20: 175053.47 | G20: 180270.82 | H20: 182228.82 | I20: 184453.79 | J20: 185086.06 | K20: 185669.62 | L20: 186026.23 | M20: 186317.23 | N20: 185326.62 | O20: 183656.49 | P20: 182807.7 | Q20: 182844.15 | R20: 181849.42 | S20: 181694.54 | T20: 182953.51 | U20: 184166.18 | V20: 184195.8 | W20: 184655.73 | X20: 186104.7 | Y20: 187238.34 | Z20: 187186.83 | AA20: 187534.66 | AB20: 188363.04 | AC20: 189779.92 | AD20: 191115.05 | AE20: 192138.52 | AF20: 195111.07 | AG20: 194911.53 | AH20: 197003.52 | AI20: 197759.21 | AJ20: 198664.24 | AK20: 200591.44 | AL20: 202935.75 | AM20: 206878.99 | AN20: 210766.87 | AO20: 213330.04 | AP20: 213768.01 | AQ20: 218174.79 | AR20: 221183.39 | AS20: 222367.78 | AT20: 227713 | AU20: 231525 | AV20: 233065 | AW20: 237853 | AX20: 239956 | AY20: 242652 | AZ20: 245134 | BA20: 247706 | BB20: 248608 | BC20: 250563 | BD20: 250975 | BE20: 247306 | BF20: 242825 | BG20: 240889 | BH20: 242003 | BI20: 245831 | BJ20: 247564 | BK20: 252130 | BL20: 255703 | BM20: 257195 | BN20: 260287 | BO20: 262297 | BP20: 264487 | BQ20: 266049 | BR20: 265984 | BS20: 267737 | BT20: 269845 | BU20: 270414 | BV20: 271018 | BW20: 274045 | BX20: 273561 | BY20: 274612 | BZ20: 272877 | CA20: 273548 | CB20: 275490 | CC20: 279885 | CD20: 282635 | CE20: 279066 | CF20: 279309 | CG20: 278674 | CH20: 276376 | CI20: 278259 | CJ20: 278970 | CK20: 278331
A21: SA - GDP at constant 2010 prices | B21: =B19+B20 -> 1744258.7 | C21: =C19+C20 -> 1746870.2 | D21: =D19+D20 -> 1755993.9 | E21: =E19+E20 -> 1760465.5 | F21: =F19+F20 -> 1786042 | G21: =G19+G20 -> 1806865.9 | H21: =H19+H20 -> 1828394 | I21: =I19+I20 -> 1847687.4 | ... CK21: =CK19+CK20 -> 3077536.7
A23: KZN – GDPR by activity
A24: Seasonally adjusted and annualised quarterly - Rand million
A25: Provincial Industry | B25: =B5 -> 1995q1 | C25: =C5 -> 1995q2 | D25: =D5 -> 1995q3 | E25: =E5 -> 1995q4 | F25: =F5 -> 1996q1 | G25: =G5 -> 1996q2 | H25: =H5 -> 1996q3 | I25: =I5 -> 1996q4 | ... CK25: =CK5 -> 2016q4
A26: Primary Industries | B26: =SUM(B27:B28) -> 24184.099 | C26: =SUM(C27:C28) -> 21869.236 | D26: =SUM(D27:D28) -> 20706.841 | E26: =SUM(E27:E28) -> 20651.065 | F26: =SUM(F27:F28) -> 25930.429 | G26: =SUM(G27:G28) -> 27664.184 | H26: =SUM(H27:H28) -> 28506.389 | I26: =SUM(I27:I28) -> 28711.341 | ... CK26: =SUM(CK27:CK28) -> 26605.22
A27: Agriculture, forestry and fishing | B27: =B7/Quarterly!B7*Quarterly!B27 -> 14122.356 | C27: =C7/Quarterly!C7*Quarterly!C27 -> 11941.059 | D27: =D7/Quarterly!D7*Quarterly!D27 -> 10799.659 | E27: =E7/Quarterly!E7*Quarterly!E27 -> 10806.067 | F27: =F7/Quarterly!F7*Quarterly!F27 -> 11970.098 | G27: =G7/Quarterly!G7*Quarterly!G27 -> 13890.222 | H27: =H7/Quarterly!H7*Quarterly!H27 -> 14712.505 | I27: =I7/Quarterly!I7*Quarterly!I27 -> 14882.297 | ... CK27: =CK7/Quarterly!CK7*Quarterly!CK27 -> 19018.826
A28: Mining and quarrying | B28: =B8/Quarterly!B8*Quarterly!B28 -> 10061.743 | C28: =C8/Quarterly!C8*Quarterly!C28 -> 9928.177 | D28: =D8/Quarterly!D8*Quarterly!D28 -> 9907.1826 | E28: =E8/Quarterly!E8*Quarterly!E28 -> 9844.9978 | F28: =F8/Quarterly!F8*Quarterly!F28 -> 13960.33 | G28: =G8/Quarterly!G8*Quarterly!G28 -> 13773.962 | H28: =H8/Quarterly!H8*Quarterly!H28 -> 13793.884 | I28: =I8/Quarterly!I8*Quarterly!I28 -> 13829.044 | ... CK28: =CK8/Quarterly!CK8*Quarterly!CK28 -> 7586.3931
A29: Secondary Industries | B29: =SUM(B30:B32) -> 69071.737 | C29: =SUM(C30:C32) -> 69733.263 | D29: =SUM(D30:D32) -> 70175.675 | E29: =SUM(E30:E32) -> 69730.084 | F29: =SUM(F30:F32) -> 70410.7 | G29: =SUM(G30:G32) -> 70750.303 | H29: =SUM(H30:H32) -> 71668.537 | I29: =SUM(I30:I32) -> 72548.142 | ... CK29: =SUM(CK30:CK32) -> 111701.66
A30: Manufacturing | B30: =B10/Quarterly!B10*Quarterly!B30 -> 51017.962 | C30: =C10/Quarterly!C10*Quarterly!C30 -> 51666.542 | D30: =D10/Quarterly!D10*Quarterly!D30 -> 52091.001 | E30: =E10/Quarterly!E10*Quarterly!E30 -> 51714.449 | F30: =F10/Quarterly!F10*Quarterly!F30 -> 52361.706 | G30: =G10/Quarterly!G10*Quarterly!G30 -> 52239.598 | H30: =H10/Quarterly!H10*Quarterly!H30 -> 52557.116 | I30: =I10/Quarterly!I10*Quarterly!I30 -> 52940.958 | ... CK30: =CK10/Quarterly!CK10*Quarterly!CK30 -> 80527.332
A31: Electricity, gas and water | B31: =B11/Quarterly!B11*Quarterly!B31 -> 8460.6133 | C31: =C11/Quarterly!C11*Quarterly!C31 -> 8463.9825 | D31: =D11/Quarterly!D11*Quarterly!D31 -> 8412.2325 | E31: =E11/Quarterly!E11*Quarterly!E31 -> 8304.0611 | F31: =F11/Quarterly!F11*Quarterly!F31 -> 8678.1588 | G31: =G11/Quarterly!G11*Quarterly!G31 -> 9042.1016 | H31: =H11/Quarterly!H11*Quarterly!H31 -> 9586.8518 | I31: =I11/Quarterly!I11*Quarterly!I31 -> 10058.894 | ... CK31: =CK11/Quarterly!CK11*Quarterly!CK31 -> 9845.8676
A32: Construction | B32: =B12/Quarterly!B12*Quarterly!B32 -> 9593.1612 | C32: =C12/Quarterly!C12*Quarterly!C32 -> 9602.7382 | D32: =D12/Quarterly!D12*Quarterly!D32 -> 9672.4407 | E32: =E12/Quarterly!E12*Quarterly!E32 -> 9711.5742 | F32: =F12/Quarterly!F12*Quarterly!F32 -> 9370.835 | G32: =G12/Quarterly!G12*Quarterly!G32 -> 9468.6029 | H32: =H12/Quarterly!H12*Quarterly!H32 -> 9524.5688 | I32: =I12/Quarterly!I12*Quarterly!I32 -> 9548.2895 | ... CK32: =CK12/Quarterly!CK12*Quarterly!CK32 -> 21328.465
A33: Tertiary industries | B33: =SUM(B34:B38) -> 146841.3 | C33: =SUM(C34:C38) -> 148553.73 | D33: =SUM(D34:D38) -> 150236.11 | E33: =SUM(E34:E38) -> 151530.33 | F33: =SUM(F34:F38) -> 153119.53 | G33: =SUM(G34:G38) -> 154550.66 | H33: =SUM(H34:H38) -> 156232.51 | I33: =SUM(I34:I38) -> 157839.97 | ... CK33: =SUM(CK34:CK38) -> 314406.51
A34: Wholesale & retail trade; hotels & restaurants | B34: =B14/Quarterly!B14*Quarterly!B34 -> 32014.065 | C34: =C14/Quarterly!C14*Quarterly!C34 -> 32630.942 | D34: =D14/Quarterly!D14*Quarterly!D34 -> 33313.637 | E34: =E14/Quarterly!E14*Quarterly!E34 -> 33825.909 | F34: =F14/Quarterly!F14*Quarterly!F34 -> 33298.995 | G34: =G14/Quarterly!G14*Quarterly!G34 -> 33507.253 | H34: =H14/Quarterly!H14*Quarterly!H34 -> 33786.572 | I34: =I14/Quarterly!I14*Quarterly!I34 -> 34152.993 | ... CK34: =CK14/Quarterly!CK14*Quarterly!CK34 -> 71234.233
A35: Transport , storage and communication | B35: =B15/Quarterly!B15*Quarterly!B35 -> 22399.14 | C35: =C15/Quarterly!C15*Quarterly!C35 -> 23004.75 | D35: =D15/Quarterly!D15*Quarterly!D35 -> 23580.292 | E35: =E15/Quarterly!E15*Quarterly!E35 -> 24081.773 | F35: =F15/Quarterly!F15*Quarterly!F35 -> 23837.769 | G35: =G15/Quarterly!G15*Quarterly!G35 -> 24155.726 | H35: =H15/Quarterly!H15*Quarterly!H35 -> 24538.841 | I35: =I15/Quarterly!I15*Quarterly!I35 -> 24691.056 | ... CK35: =CK15/Quarterly!CK15*Quarterly!CK35 -> 55632.805
A36: Finance, real estate and business services | B36: =B16/Quarterly!B16*Quarterly!B36 -> 31769.834 | C36: =C16/Quarterly!C16*Quarterly!C36 -> 31965.019 | D36: =D16/Quarterly!D16*Quarterly!D36 -> 32227.501 | E36: =E16/Quarterly!E16*Quarterly!E36 -> 32405.616 | F36: =F16/Quarterly!F16*Quarterly!F36 -> 33139.287 | G36: =G16/Quarterly!G16*Quarterly!G36 -> 33923.846 | H36: =H16/Quarterly!H16*Quarterly!H36 -> 34733.555 | I36: =I16/Quarterly!I16*Quarterly!I36 -> 35534.483 | ... CK36: =CK16/Quarterly!CK16*Quarterly!CK36 -> 82060.729
A37: Personal services | B37: =B17/Quarterly!B17*Quarterly!B37 -> 15173.285 | C37: =C17/Quarterly!C17*Quarterly!C37 -> 15426.913 | D37: =D17/Quarterly!D17*Quarterly!D37 -> 15555.906 | E37: =E17/Quarterly!E17*Quarterly!E37 -> 15626.139 | F37: =F17/Quarterly!F17*Quarterly!F37 -> 16056.354 | G37: =G17/Quarterly!G17*Quarterly!G37 -> 15807.868 | H37: =H17/Quarterly!H17*Quarterly!H37 -> 15723.873 | I37: =I17/Quarterly!I17*Quarterly!I37 -> 15801.244 | ... CK37: =CK17/Quarterly!CK17*Quarterly!CK37 -> 80321.193
A38: General government services | B38: =B18/Quarterly!B18*Quarterly!B38 -> 45484.974 | C38: =C18/Quarterly!C18*Quarterly!C38 -> 45526.102 | D38: =D18/Quarterly!D18*Quarterly!D38 -> 45558.778 | E38: =E18/Quarterly!E18*Quarterly!E38 -> 45590.892 | F38: =F18/Quarterly!F18*Quarterly!F38 -> 46787.125 | G38: =G18/Quarterly!G18*Quarterly!G38 -> 47155.97 | H38: =H18/Quarterly!H18*Quarterly!H38 -> 47449.669 | I38: =I18/Quarterly!I18*Quarterly!I38 -> 47660.192 | ... CK38: =CK18/Quarterly!CK18*Quarterly!CK38 -> 25157.553
A39: All industries at basic prices | B39: =B33+B29+B26 -> 240097.14 | C39: =C33+C29+C26 -> 240156.22 | D39: =D33+D29+D26 -> 241118.63 | E39: =E33+E29+E26 -> 241911.48 | F39: =F33+F29+F26 -> 249460.66 | G39: =G33+G29+G26 -> 252965.15 | H39: =H33+H29+H26 -> 256407.44 | I39: =I33+I29+I26 -> 259099.45 | ... CK39: =CK33+CK29+CK26 -> 452713.4
A40: Taxes less subsidies on products | B40: =B20/Quarterly!B20*Quarterly!B40 -> 26097.408 | C40: =C20/Quarterly!C20*Quarterly!C40 -> 26100.706 | D40: =D20/Quarterly!D20*Quarterly!D40 -> 26329.367 | E40: =E20/Quarterly!E20*Quarterly!E40 -> 26435.874 | F40: =F20/Quarterly!F20*Quarterly!F40 -> 26785.588 | G40: =G20/Quarterly!G20*Quarterly!G40 -> 27583.914 | H40: =H20/Quarterly!H20*Quarterly!H40 -> 27883.515 | I40: =I20/Quarterly!I20*Quarterly!I40 -> 28223.966 | ... CK40: =CK20/Quarterly!CK20*Quarterly!CK40 -> 43273.284
A41: KZN - GDPR at constant 2010 prices | B41: =B39+B40 -> 266194.54 | C41: =C39+C40 -> 266256.93 | D41: =D39+D40 -> 267448 | E41: =E39+E40 -> 268347.35 | F41: =F39+F40 -> 276246.25 | G41: =G39+G40 -> 280549.06 | H41: =H39+H40 -> 284290.95 | I41: =I39+I40 -> 287323.42 | ... CK41: =CK39+CK40 -> 495986.68
BD42: =BD41-BD27 -> 409187.14 | BE42: =BE41-BE27 -> 405472.67 | BF42: =BF41-BF27 -> 401443.04 | BG42: =BG41-BG27 -> 399184.45 | BH42: =BH41-BH27 -> 401280.5 | BI42: =(BH42-BD42)/BD42*100 -> -1.9322792 | BJ42: =(BH42-BD42)/BD42*100 -> -1.9322792 | BK42: =(BI42-BE42)/BE42*100 -> -100.00048 | BL42: =(BJ42-BF42)/BF42*100 -> -100.00048 | BM42: =(BK42-BG42)/BG42*100 -> -100.02505 | BN42: =(BK42-BG42)/BG42*100 -> -100.02505 | BO42: =(BL42-BH42)/BH42*100 -> -100.02492 | BP42: =(BM42-BI42)/BI42*100 -> 5076.532 | BQ42: =(BM42-BI42)/BI42*100 -> 5076.532 | BR42: =(BM42-BI42)/BI42*100 -> 5076.532 | BS42: =(BN42-BJ42)/BJ42*100 -> 5076.532 | BT42: =(BN42-BJ42)/BJ42*100 -> 5076.532 | BV42: =(BN42-BJ42)/BJ42*100 -> 5076.532 | BX42: =(BO42-BK42)/BK42*100 -> 0.024443678 | BY42: =(BP42-BL42)/BL42*100 -> -5176.5076 | BZ42: =(BQ42-BM42)/BM42*100 -> -5175.2606 | CA42: =(BR42-BN42)/BN42*100 -> -5175.2606 | CB42: =(BS42-BO42)/BO42*100 -> -5175.2673
A43: SA – GDP by activity
A44: Quarterly Change
A45: National Industry | B45: 1995q1 | C45: 1995q2 | D45: 1995q3 | E45: 1995q4 | F45: 1996q1 | G45: 1996q2 | H45: 1996q3 | I45: 1996q4 | J45: 1997q1 | K45: 1997q2 | L45: 1997q3 | M45: 1997q4 | N45: 1998q1 | O45: 1998q2 | P45: 1998q3 | Q45: 1998q4 | R45: 1999q1 | S45: 1999q2 | T45: 1999q3 | U45: 1999q4 | V45: 2000q1 | W45: 2000q2 | X45: 2000q3 | Y45: 2000q4 | Z45: 2001q1 | AA45: 2001q2 | AB45: 2001q3 | AC45: 2001q4 | AD45: 2002q1 | AE45: 2002q2 | AF45: 2002q3 | AG45: 2002q4 | AH45: 2003q1 | AI45: 2003q2 | AJ45: 2003q3 | AK45: 2003q4 | AL45: 2004q1 | AM45: 2004q2 | AN45: 2004q3 | AO45: 2004q4 | AP45: 2005q1 | AQ45: 2005q2 | AR45: 2005q3 | AS45: 2005q4 | AT45: 2006q1 | AU45: 2006q2 | AV45: 2006q3 | AW45: 2006q4 | AX45: 2007q1 | AY45: 2007q2 | AZ45: 2007q3 | BA45: 2007q4 | BB45: 2008q1 | BC45: 2008q2 | BD45: 2008q3 | BE45: 2008q4 | BF45: 2009q1 | BG45: 2009q2 | BH45: 2009q3 | BI45: 2009q4 | BJ45: =BJ25 -> 2010q1 | BK45: =BK25 -> 2010q2 | BL45: =BL25 -> 2010q3 | BM45: =BM25 -> 2010q4 | BN45: =BN25 -> 2011q1 | BO45: =BO25 -> 2011q2 | BP45: =BP25 -> 2011q3 | BQ45: =BQ25 -> 2011q4 | ... CK45: =CK25 -> 2016q4
A46: Primary Industries | C46: =(C6-B6)/B6*100 -> -3.7114173 | D46: =(D6-C6)/C6*100 -> -1.5974438 | E46: =(E6-D6)/D6*100 -> -0.53404574 | F46: =(F6-E6)/E6*100 -> 3.3298501 | G46: =(G6-F6)/F6*100 -> 1.3870443 | H46: =(H6-G6)/G6*100 -> 1.1801156 | I46: =(I6-H6)/H6*100 -> 0.42366833 | J46: =(J6-I6)/I6*100 -> -0.78384228 | ... CK46: =(CK6-CJ6)/CJ6*100 -> -2.339664
A47: Agriculture, forestry and fishing | C47: =(C7-B7)/B7*100 -> -15.445705 | D47: =(D7-C7)/C7*100 -> -9.5586179 | E47: =(E7-D7)/D7*100 -> 0.059342717 | F47: =(F7-E7)/E7*100 -> 18.072115 | G47: =(G7-F7)/F7*100 -> 16.041006 | H47: =(H7-G7)/G7*100 -> 5.9198654 | I47: =(I7-H7)/H7*100 -> 1.1540631 | J47: =(J7-I7)/I7*100 -> -5.9087071 | ... CK47: =(CK7-CJ7)/CJ7*100 -> -0.035118257
A48: Mining and quarrying | C48: =(C8-B8)/B8*100 -> -1.3274651 | D48: =(D8-C8)/C8*100 -> -0.21146267 | E48: =(E8-D8)/D8*100 -> -0.62767376 | F48: =(F8-E8)/E8*100 -> 0.98765457 | G48: =(G8-F8)/F8*100 -> -1.3349867 | H48: =(H8-G8)/G8*100 -> 0.14463561 | I48: =(I8-H8)/H8*100 -> 0.25489894 | J48: =(J8-I8)/I8*100 -> 0.41096036 | ... CK48: =(CK8-CJ8)/CJ8*100 -> -2.995589
A49: Secondary Industries | C49: =(C9-B9)/B9*100 -> 0.94395903 | D49: =(D9-C9)/C9*100 -> 0.59523169 | E49: =(E9-D9)/D9*100 -> -0.6715632 | F49: =(F9-E9)/E9*100 -> 1.3086948 | G49: =(G9-F9)/F9*100 -> 0.59002258 | H49: =(H9-G9)/G9*100 -> 1.4559434 | I49: =(I9-H9)/H9*100 -> 1.3608772 | J49: =(J9-I9)/I9*100 -> 0.21898303 | ... CK49: =(CK9-CJ9)/CJ9*100 -> -0.45348382
A50: Manufacturing | C50: =(C10-B10)/B10*100 -> 1.2712781 | D50: =(D10-C10)/C10*100 -> 0.82153564 | E50: =(E10-D10)/D10*100 -> -0.72287405 | F50: =(F10-E10)/E10*100 -> 0.90530946 | G50: =(G10-F10)/F10*100 -> -0.23320111 | H50: =(H10-G10)/G10*100 -> 0.60781036 | I50: =(I10-H10)/H10*100 -> 0.73033319 | J50: =(J10-I10)/I10*100 -> 0.6264419 | ... CK50: =(CK10-CJ10)/CJ10*100 -> -0.7838507
A51: Electricity, gas and water | C51: =(C11-B11)/B11*100 -> 0.039822994 | D51: =(D11-C11)/C11*100 -> -0.61141513 | E51: =(E11-D11)/D11*100 -> -1.2858818 | F51: =(F11-E11)/E11*100 -> 4.2479804 | G51: =(G11-F11)/F11*100 -> 4.1937798 | H51: =(H11-G11)/G11*100 -> 6.0245968 | I51: =(I11-H11)/H11*100 -> 4.9238523 | J51: =(J11-I11)/I11*100 -> -2.1205021 | ... CK51: =(CK11-CJ11)/CJ11*100 -> 0.5993285
A52: Construction | C52: =(C12-B12)/B12*100 -> 0.099831635 | D52: =(D12-C12)/C12*100 -> 0.72586095 | E52: =(E12-D12)/D12*100 -> 0.40458762 | F52: =(F12-E12)/E12*100 -> 0.17009034 | G52: =(G12-F12)/F12*100 -> 1.043321 | H52: =(H12-G12)/G12*100 -> 0.59106912 | I52: =(I12-H12)/H12*100 -> 0.24904707 | J52: =(J12-I12)/I12*100 -> 1.1272162 | ... CK52: =(CK12-CJ12)/CJ12*100 -> 0.095227631
A53: Tertiary industries | C53: =(C13-B13)/B13*100 -> 1.0546705 | D53: =(D13-C13)/C13*100 -> 1.0426903 | E53: =(E13-D13)/D13*100 -> 0.78036323 | F53: =(F13-E13)/E13*100 -> 1.0704529 | G53: =(G13-F13)/F13*100 -> 0.98439395 | H53: =(H13-G13)/G13*100 -> 1.1206292 | I53: =(I13-H13)/H13*100 -> 1.0965373 | J53: =(J13-I13)/I13*100 -> 0.51095 | ... CK53: =(CK13-CJ13)/CJ13*100 -> 0.39719116
A54: Wholesale & retail trade; hotels & restaurants | C54: =(C14-B14)/B14*100 -> 1.9268927 | D54: =(D14-C14)/C14*100 -> 2.0921715 | E54: =(E14-D14)/D14*100 -> 1.5377237 | F54: =(F14-E14)/E14*100 -> -0.15883169 | G54: =(G14-F14)/F14*100 -> 0.62541606 | H54: =(H14-G14)/G14*100 -> 0.8336085 | I54: =(I14-H14)/H14*100 -> 1.0845182 | J54: =(J14-I14)/I14*100 -> 0.28543735 | ... CK54: =(CK14-CJ14)/CJ14*100 -> 0.52693875
A55: Transport , storage and communication | C55: =(C15-B15)/B15*100 -> 2.7037174 | D55: =(D15-C15)/C15*100 -> 2.5018397 | E55: =(E15-D15)/D15*100 -> 2.1266966 | F55: =(F15-E15)/E15*100 -> 0.53391194 | G55: =(G15-F15)/F15*100 -> 1.3338392 | H55: =(H15-G15)/G15*100 -> 1.58602 | I55: =(I15-H15)/H15*100 -> 0.62030213 | J55: =(J15-I15)/I15*100 -> 2.5134538 | ... CK55: =(CK15-CJ15)/CJ15*100 -> 0.64134905
A56: Finance, real estate and business services | C56: =(C16-B16)/B16*100 -> 0.61437202 | D56: =(D16-C16)/C16*100 -> 0.82115288 | E56: =(E16-D16)/D16*100 -> 0.55267931 | F56: =(F16-E16)/E16*100 -> 2.0756553 | G56: =(G16-F16)/F16*100 -> 2.3674602 | H56: =(H16-G16)/G16*100 -> 2.3868434 | I56: =(I16-H16)/H16*100 -> 2.3059183 | J56: =(J16-I16)/I16*100 -> 0.49916274 | ... CK56: =(CK16-CJ16)/CJ16*100 -> 0.38570971
A57: Personal services | C57: =(C17-B17)/B17*100 -> 1.6715443 | D57: =(D17-C17)/C17*100 -> 0.83615763 | E57: =(E17-D17)/D17*100 -> 0.4514839 | F57: =(F17-E17)/E17*100 -> 2.81026 | G57: =(G17-F17)/F17*100 -> -1.547583 | H57: =(H17-G17)/G17*100 -> -0.53135241 | I57: =(I17-H17)/H17*100 -> 0.49206452 | J57: =(J17-I17)/I17*100 -> -0.17096248 | ... CK57: =(CK17-CJ17)/CJ17*100 -> 0.21435577
... A60: Taxes less subsidies on products | C60: =(C20-B20)/B20*100 -> 0.0126349 | D60: =(D20-C20)/C20*100 -> 0.8760721 | E60: =(E20-D20)/D20*100 -> 0.40451869 | F60: =(F20-E20)/E20*100 -> 0.97016848 | G60: =(G20-F20)/F20*100 -> 2.98043 | H60: =(H20-G20)/G20*100 -> 1.0861441 | I60: =(I20-H20)/H20*100 -> 1.2209757 | J60: =(J20-I20)/I20*100 -> 0.34278233 | ... CK60: =(CK20-CJ20)/CJ20*100 -> -0.22905689
A61: SA - GDP at constant 2010 prices | C61: =(C21-B21)/B21*100 -> 0.14972076 | D61: =(D21-C21)/C21*100 -> 0.52228888 | E61: =(E21-D21)/D21*100 -> 0.25464561 | F61: =(F21-E21)/E21*100 -> 1.452828 | G61: =(G21-F21)/F21*100 -> 1.1659242 | H61: =(H21-G21)/G21*100 -> 1.1914605 | I61: =(I21-H21)/H21*100 -> 1.0552089 | J61: =(J21-I21)/I21*100 -> 0.23630194 | ... CK61: =(CK21-CJ21)/CJ21*100 -> -0.076181465 | CL61: =CK61*4 -> -0.30472586
A63: KZN – GDPR by activity
A64: Quarterly Change
A65: Provincial Industry | B65: 1995q1 | C65: 1995q2 | D65: 1995q3 | E65: 1995q4 | F65: 1996q1 | G65: 1996q2 | H65: 1996q3 | I65: 1996q4 | J65: 1997q1 | K65: 1997q2 | L65: 1997q3 | M65: 1997q4 | N65: 1998q1 | O65: 1998q2 | P65: 1998q3 | Q65: 1998q4 | R65: 1999q1 | S65: 1999q2 | T65: 1999q3 | U65: 1999q4 | V65: 2000q1 | W65: 2000q2 | X65: 2000q3 | Y65: 2000q4 | Z65: 2001q1 | AA65: 2001q2 | AB65: 2001q3 | AC65: 2001q4 | AD65: 2002q1 | AE65: 2002q2 | AF65: 2002q3 | AG65: 2002q4 | AH65: 2003q1 | AI65: 2003q2 | AJ65: 2003q3 | AK65: 2003q4 | AL65: 2004q1 | AM65: 2004q2 | AN65: 2004q3 | AO65: 2004q4 | AP65: 2005q1 | AQ65: 2005q2 | AR65: 2005q3 | AS65: 2005q4 | AT65: 2006q1 | AU65: 2006q2 | AV65: 2006q3 | AW65: 2006q4 | AX65: 2007q1 | AY65: 2007q2 | AZ65: 2007q3 | BA65: 2007q4 | BB65: 2008q1 | BC65: 2008q2 | BD65: 2008q3 | BE65: 2008q4 | BF65: 2009q1 | BG65: 2009q2 | BH65: 2009q3 | BI65: 2009q4 | BJ65: =BJ45 -> 2010q1 | BK65: =BK45 -> 2010q2 | BL65: =BL45 -> 2010q3 | BM65: =BM45 -> 2010q4 | BN65: =BN45 -> 2011q1 | BO65: =BO45 -> 2011q2 | BP65: =BP45 -> 2011q3 | BQ65: =BQ45 -> 2011q4 | ... CK65: =CK45 -> 2016q4
A66: Primary Industries | C66: =(C26-B26)/B26*100 -> -9.5718411 | D66: =(D26-C26)/C26*100 -> -5.3152043 | E66: =(E26-D26)/D26*100 -> -0.26936013 | F66: =(F26-E26)/E26*100 -> 25.564606 | G66: =(G26-F26)/F26*100 -> 6.686182 | H66: =(H26-G26)/G26*100 -> 3.0443859 | I66: =(I26-H26)/H26*100 -> 0.71896885 | J66: =(J26-I26)/I26*100 -> -3.7558412 | ... CK66: =(CK26-CJ26)/CJ26*100 -> -0.89754495
A67: Agriculture, forestry and fishing | C67: =(C27-B27)/B27*100 -> -15.445705 | D67: =(D27-C27)/C27*100 -> -9.5586179 | E67: =(E27-D27)/D27*100 -> 0.059342717 | F67: =(F27-E27)/E27*100 -> 10.772011 | G67: =(G27-F27)/F27*100 -> 16.041006 | H67: =(H27-G27)/G27*100 -> 5.9198654 | I67: =(I27-H27)/H27*100 -> 1.1540631 | J67: =(J27-I27)/I27*100 -> -7.0815922 | ... CK67: =(CK27-CJ27)/CJ27*100 -> -0.035118257
A68: Mining and quarrying | C68: =(C28-B28)/B28*100 -> -1.3274651 | D68: =(D28-C28)/C28*100 -> -0.21146267 | E68: =(E28-D28)/D28*100 -> -0.62767376 | F68: =(F28-E28)/E28*100 -> 41.801255 | G68: =(G28-F28)/F28*100 -> -1.3349867 | H68: =(H28-G28)/G28*100 -> 0.14463561 | I68: =(I28-H28)/H28*100 -> 0.25489894 | J68: =(J28-I28)/I28*100 -> -0.17679329 | ... CK68: =(CK28-CJ28)/CJ28*100 -> -2.995589
A69: Secondary Industries | C69: =(C29-B29)/B29*100 -> 0.95773829 | D69: =(D29-C29)/C29*100 -> 0.63443398 | E69: =(E29-D29)/D29*100 -> -0.63496391 | F69: =(F29-E29)/E29*100 -> 0.97607167 | G69: =(G29-F29)/F29*100 -> 0.48231685 | H69: =(H29-G29)/G29*100 -> 1.2978515 | I69: =(I29-H29)/H29*100 -> 1.227324 | J69: =(J29-I29)/I29*100 -> 0.50978304 | ... CK69: =(CK29-CJ29)/CJ29*100 -> -0.49639898
A70: Manufacturing | C70: =(C30-B30)/B30*100 -> 1.2712781 | D70: =(D30-C30)/C30*100 -> 0.82153564 | E70: =(E30-D30)/D30*100 -> -0.72287405 | F70: =(F30-E30)/E30*100 -> 1.2515983 | G70: =(G30-F30)/F30*100 -> -0.23320111 | H70: =(H30-G30)/G30*100 -> 0.60781036 | I70: =(I30-H30)/H30*100 -> 0.73033319 | J70: =(J30-I30)/I30*100 -> 0.57841273 | ... CK70: =(CK30-CJ30)/CJ30*100 -> -0.7838507
A71: Electricity, gas and water | C71: =(C31-B31)/B31*100 -> 0.039822994 | D71: =(D31-C31)/C31*100 -> -0.61141513 | E71: =(E31-D31)/D31*100 -> -1.2858818 | F71: =(F31-E31)/E31*100 -> 4.5049967 | G71: =(G31-F31)/F31*100 -> 4.1937798 | H71: =(H31-G31)/G31*100 -> 6.0245968 | I71: =(I31-H31)/H31*100 -> 4.9238523 | J71: =(J31-I31)/I31*100 -> -2.5500925 | ... CK71: =(CK31-CJ31)/CJ31*100 -> 0.5993285
A72: Construction | C72: =(C32-B32)/B32*100 -> 0.099831635 | D72: =(D32-C32)/C32*100 -> 0.72586095 | E72: =(E32-D32)/D32*100 -> 0.40458762 | F72: =(F32-E32)/E32*100 -> -3.5085891 | G72: =(G32-F32)/F32*100 -> 1.043321 | H72: =(H32-G32)/G32*100 -> 0.59106912 | I72: =(I32-H32)/H32*100 -> 0.24904707 | J72: =(J32-I32)/I32*100 -> 3.3527679 | ... CK72: =(CK32-CJ32)/CJ32*100 -> 0.095227631
A73: Tertiary industries | C73: =(C33-B33)/B33*100 -> 1.1661753 | D73: =(D33-C33)/C33*100 -> 1.1325122 | E73: =(E33-D33)/D33*100 -> 0.861453 | F73: =(F33-E33)/E33*100 -> 1.0487674 | G73: =(G33-F33)/F33*100 -> 0.9346515 | H73: =(H33-G33)/G33*100 -> 1.0882173 | I73: =(I33-H33)/H33*100 -> 1.0288885 | J73: =(J33-I33)/I33*100 -> -0.72406471 | ... CK73: =(CK33-CJ33)/CJ33*100 -> 0.40768551
A74: Wholesale & retail trade; hotels & restaurants | C74: =(C34-B34)/B34*100 -> 1.9268927 | D74: =(D34-C34)/C34*100 -> 2.0921715 | E74: =(E34-D34)/D34*100 -> 1.5377237 | F74: =(F34-E34)/E34*100 -> -1.5577221 | G74: =(G34-F34)/F34*100 -> 0.62541606 | H74: =(H34-G34)/G34*100 -> 0.8336085 | I74: =(I34-H34)/H34*100 -> 1.0845182 | J74: =(J34-I34)/I34*100 -> 0.43948366 | ... CK74: =(CK34-CJ34)/CJ34*100 -> 0.52693875
A75: Transport , storage and communication | C75: =(C35-B35)/B35*100 -> 2.7037174 | D75: =(D35-C35)/C35*100 -> 2.5018397 | E75: =(E35-D35)/D35*100 -> 2.1266966 | F75: =(F35-E35)/E35*100 -> -1.0132334 | G75: =(G35-F35)/F35*100 -> 1.3338392 | H75: =(H35-G35)/G35*100 -> 1.58602 | I75: =(I35-H35)/H35*100 -> 0.62030213 | J75: =(J35-I35)/I35*100 -> 0.56977941 | ... CK75: =(CK35-CJ35)/CJ35*100 -> 0.64134905
A76: Finance, real estate and business services | C76: =(C36-B36)/B36*100 -> 0.61437202 | D76: =(D36-C36)/C36*100 -> 0.82115288 | E76: =(E36-D36)/D36*100 -> 0.55267931 | F76: =(F36-E36)/E36*100 -> 2.2640244 | G76: =(G36-F36)/F36*100 -> 2.3674602 | H76: =(H36-G36)/G36*100 -> 2.3868434 | I76: =(I36-H36)/H36*100 -> 2.3059183 | J76: =(J36-I36)/I36*100 -> 0.10952127 | ... CK76: =(CK36-CJ36)/CJ36*100 -> 0.38570971
A77: Personal services | C77: =(C37-B37)/B37*100 -> 1.6715443 | D77: =(D37-C37)/C37*100 -> 0.83615763 | E77: =(E37-D37)/D37*100 -> 0.4514839 | F77: =(F37-E37)/E37*100 -> 2.7531746 | G77: =(G37-F37)/F37*100 -> -1.547583 | H77: =(H37-G37)/G37*100 -> -0.53135241 | I77: =(I37-H37)/H37*100 -> 0.49206452 | J77: =(J37-I37)/I37*100 -> -0.23786636 | ... CK77: =(CK37-CJ37)/CJ37*100 -> 0.21435577
... A80: Taxes less subsidies on products | C80: =(C40-B40)/B40*100 -> 0.0126349 | D80: =(D40-C40)/C40*100 -> 0.8760721 | E80: =(E40-D40)/D40*100 -> 0.40451869 | F80: =(F40-E40)/E40*100 -> 1.3228767 | G80: =(G40-F40)/F40*100 -> 2.98043 | H80: =(H40-G40)/G40*100 -> 1.0861441 | I80: =(I40-H40)/H40*100 -> 1.2209757 | J80: =(J40-I40)/I40*100 -> 0.1847622 | ... CK80: =(CK40-CJ40)/CJ40*100 -> -0.22905689
A81: KZN - GDPR at constant 2010 prices | C81: =(C41-B41)/B41*100 -> 0.023436723 | D81: =(D41-C41)/C41*100 -> 0.44733745 | E81: =(E41-D41)/D41*100 -> 0.33627268 | F81: =(F41-E41)/E41*100 -> 2.9435333 | G81: =(G41-F41)/F41*100 -> 1.5576024 | H81: =(H41-G41)/G41*100 -> 1.3337726 | I81: =(I41-H41)/H41*100 -> 1.0666771 | J81: =(J41-I41)/I41*100 -> -0.62620393 | ... U81: =(U41-T41)/T41*100 -> 1.1933261 | V81: =V79 -> 1.0183642 | W81: =(W41-V41)/V41*100 -> 1.0127102 | X81: =(X41-W41)/W41*100 -> 1.0691582 | Y81: =(Y41-X41)/X41*100 -> 0.80835428 | Z81: =(Z41-Y41)/Y41*100 -> 2.9391231 | AA81: =(AA41-Z41)/Z41*100 -> 0.3857707 | AB81: =(AB41-AA41)/AA41*100 -> 0.20141267 | AC81: =(AC41-AB41)/AB41*100 -> 0.76118403 | AD81: =(AD41-AC41)/AC41*100 -> -0.40940498 | ... CK81: =(CK41-CJ41)/CJ41*100 -> 0.076477577 | CL81: =CK81*4 -> 0.30591031
A83: SA – GDP by activity
A84: Annual Change
A85: National Industry | B85: 1995q1 | C85: 1995q2 | D85: 1995q3 | E85: 1995q4 | F85: 1996q1 | G85: 1996q2 | H85: 1996q3 | I85: 1996q4 | J85: 1997q1 | K85: 1997q2 | L85: 1997q3 | M85: 1997q4 | N85: 1998q1 | O85: 1998q2 | P85: 1998q3 | Q85: 1998q4 | R85: 1999q1 | S85: 1999q2 | T85: 1999q3 | U85: 1999q4 | V85: 2000q1 | W85: 2000q2 | X85: 2000q3 | Y85: 2000q4 | Z85: 2001q1 | AA85: 2001q2 | AB85: 2001q3 | AC85: 2001q4 | AD85: 2002q1 | AE85: 2002q2 | AF85: 2002q3 | AG85: 2002q4 | AH85: 2003q1 | AI85: 2003q2 | AJ85: 2003q3 | AK85: 2003q4 | AL85: 2004q1 | AM85: 2004q2 | AN85: 2004q3 | AO85: 2004q4 | AP85: 2005q1 | AQ85: 2005q2 | AR85: 2005q3 | AS85: 2005q4 | AT85: 2006q1 | AU85: 2006q2 | AV85: 2006q3 | AW85: 2006q4 | AX85: 2007q1 | AY85: 2007q2 | AZ85: 2007q3 | BA85: 2007q4 | BB85: 2008q1 | BC85: 2008q2 | BD85: 2008q3 | BE85: 2008q4 | BF85: 2009q1 | BG85: 2009q2 | BH85: 2009q3 | BI85: 2009q4 | BJ85: =BJ65 -> 2010q1 | BK85: =BK65 -> 2010q2 | BL85: =BL65 -> 2010q3 | BM85: =BM65 -> 2010q4 | BN85: =BN65 -> 2011q1 | BO85: =BO65 -> 2011q2 | BP85: =BP65 -> 2011q3 | BQ85: =BQ65 -> 2011q4 | ... CK85: =CK65 -> 2016q4
A86: Primary Industries | F86: =(F6-B6)/B6*100 -> -2.6173862 | G86: =(G6-C6)/C6*100 -> 2.5390041 | H86: =(H6-D6)/D6*100 -> 5.433321 | I86: =(I6-E6)/E6*100 -> 6.4484923 | J86: =(J6-F6)/F6*100 -> 2.2106428 | K86: =(K6-G6)/G6*100 -> 1.9020159 | L86: =(L6-H6)/H6*100 -> 1.305775 | M86: =(M6-I6)/I6*100 -> 0.83448693 | ... CK86: =(CK6-CG6)/CG6*100 -> -4.5688803
A87: Agriculture, forestry and fishing | F87: =(F7-B7)/B7*100 -> -9.6542238 | G87: =(G7-C7)/C7*100 -> 23.989145 | H87: =(H7-D7)/D7*100 -> 45.20912 | I87: =(I7-E7)/E7*100 -> 46.797811 | J87: =(J7-F7)/F7*100 -> 16.982709 | K87: =(K7-G7)/G7*100 -> 1.1348644 | L87: =(L7-H7)/H7*100 -> -4.7710868 | M87: =(M7-I7)/I7*100 -> -6.6484104 | ... CK87: =(CK7-CG7)/CG7*100 -> -4.3060103
A88: Mining and quarrying | F88: =(F8-B8)/B8*100 -> -1.1877736 | G88: =(G8-C8)/C8*100 -> -1.1953058 | H88: =(H8-D8)/D8*100 -> -0.84271843 | I88: =(I8-E8)/E8*100 -> 0.037944357 | J88: =(J8-F8)/F8*100 -> -0.53332649 | K88: =(K8-G8)/G8*100 -> 2.0696134 | L88: =(L8-H8)/H8*100 -> 2.7099311 | M88: =(M8-I8)/I8*100 -> 2.5790374 | ... CK88: =(CK8-CG8)/CG8*100 -> -4.6457086
A89: Secondary Industries | F89: =(F9-B9)/B9*100 -> 2.1828591 | G89: =(G9-C9)/C9*100 -> 1.8245787 | H89: =(H9-D9)/D9*100 -> 2.695809 | I89: =(I9-E9)/E9*100 -> 4.7971519 | J89: =(J9-F9)/F9*100 -> 3.6699171 | K89: =(K9-G9)/G9*100 -> 4.6361695 | L89: =(L9-H9)/H9*100 -> 2.7846839 | M89: =(M9-I9)/I9*100 -> 0.89980485 | ... CK89: =(CK9-CG9)/CG9*100 -> 0.076824861
A90: Manufacturing | F90: =(F10-B10)/B10*100 -> 2.2828484 | G90: =(G10-C10)/C10*100 -> 0.76334131 | H90: =(H10-D10)/D10*100 -> 0.54973939 | I90: =(I10-E10)/E10*100 -> 2.021575 | J90: =(J10-F10)/F10*100 -> 1.7396225 | K90: =(K10-G10)/G10*100 -> 3.8807098 | L90: =(L10-H10)/H10*100 -> 3.0912483 | M90: =(M10-I10)/I10*100 -> 2.0963846 | ... CK90: =(CK10-CG10)/CG10*100 -> 0.34984533
A91: Electricity, gas and water | F91: =(F11-B11)/B11*100 -> 2.319013 | G91: =(G11-C11)/C11*100 -> 6.5676086 | H91: =(H11-D11)/D11*100 -> 13.682952 | I91: =(I11-E11)/E11*100 -> 20.834319 | J91: =(J11-F11)/F11*100 -> 13.452582 | K91: =(K11-G11)/G11*100 -> 9.1722301 | L91: =(L11-H11)/H11*100 -> 0.88537542 | M91: =(M11-I11)/I11*100 -> -6.2074949 | ... CK91: =(CK11-CG11)/CG11*100 -> -2.2128685
A92: Construction | F92: =(F12-B12)/B12*100 -> 1.4065383 | G92: =(G12-C12)/C12*100 -> 2.362344 | H92: =(H12-D12)/D12*100 -> 2.2253622 | I92: =(I12-E12)/E12*100 -> 2.067001 | J92: =(J12-F12)/F12*100 -> 3.0422519 | K92: =(K12-G12)/G12*100 -> 3.2553772 | L92: =(L12-H12)/H12*100 -> 3.555548 | M92: =(M12-I12)/I12*100 -> 3.9089749 | ... CK92: =(CK12-CG12)/CG12*100 -> 0.50290064
A93: Tertiary industries | F93: =(F13-B13)/B13*100 -> 4.0067253 | G93: =(G13-C13)/C13*100 -> 3.9343958 | H93: =(H13-D13)/D13*100 -> 4.0145652 | I93: =(I13-E13)/E13*100 -> 4.3408858 | J93: =(J13-F13)/F13*100 -> 3.7632785 | K93: =(K13-G13)/G13*100 -> 2.9728896 | L93: =(L13-H13)/H13*100 -> 2.025616 | M93: =(M13-I13)/I13*100 -> 0.86736247 | ... CK93: =(CK13-CG13)/CG13*100 -> 1.4059336
A94: Wholesale & retail trade; hotels & restaurants | F94: =(F14-B14)/B14*100 -> 5.4917031 | G94: =(G14-C14)/C14*100 -> 4.1447083 | H94: =(H14-D14)/D14*100 -> 2.8608422 | I94: =(I14-E14)/E14*100 -> 2.4017311 | J94: =(J14-F14)/F14*100 -> 2.857394 | K94: =(K14-G14)/G14*100 -> 1.5509242 | L94: =(L14-H14)/H14*100 -> 0.10814509 | M94: =(M14-I14)/I14*100 -> -2.8363982 | ... CK94: =(CK14-CG14)/CG14*100 -> 0.88223975
A95: Transport , storage and communication | F95: =(F15-B15)/B15*100 -> 8.0860609 | G95: =(G15-C15)/C15*100 -> 6.6443921 | H95: =(H15-D15)/D15*100 -> 5.6915601 | I95: =(I15-E15)/E15*100 -> 4.132583 | J95: =(J15-F15)/F15*100 -> 6.1829837 | K95: =(K15-G15)/G15*100 -> 6.9714205 | L95: =(L15-H15)/H15*100 -> 7.67667 | M95: =(M15-I15)/I15*100 -> 9.5068155 | ... CK95: =(CK15-CG15)/CG15*100 -> 1.5384491
A96: Finance, real estate and business services | F96: =(F16-B16)/B16*100 -> 4.1184044 | G96: =(G16-C16)/C16*100 -> 5.9325462 | H96: =(H16-D16)/D16*100 -> 7.5776136 | I96: =(I16-E16)/E16*100 -> 9.4533395 | J96: =(J16-F16)/F16*100 -> 7.7629034 | K96: =(K16-G16)/G16*100 -> 5.8390667 | L96: =(L16-H16)/H16*100 -> 3.6916184 | M96: =(M16-I16)/I16*100 -> 1.7652999 | ... CK96: =(CK16-CG16)/CG16*100 -> 1.7170083
A97: Personal services | F97: =(F17-B17)/B17*100 -> 5.8786811 | G97: =(G17-C17)/C17*100 -> 2.5263473 | H97: =(H17-D17)/D17*100 -> 1.1359154 | I97: =(I17-E17)/E17*100 -> 1.1767725 | J97: =(J17-F17)/F17*100 -> -1.7570832 | K97: =(K17-G17)/G17*100 -> 0.056409164 | L97: =(L17-H17)/H17*100 -> 0.99733486 | M97: =(M17-I17)/I17*100 -> 0.60535951 | ... CK97: =(CK17-CG17)/CG17*100 -> 1.4140192
... A101: SA - GDP at constant 2010 prices | F101: =(F21-B21)/B21*100 -> 2.3954774 | G101: =(G21-C21)/C21*100 -> 3.4344681 | H101: =(H21-D21)/D21*100 -> 4.123026 | I101: =(I21-E21)/E21*100 -> 4.9544794 | J101: =(J21-F21)/F21*100 -> 3.6959649 | K101: =(K21-G21)/G21*100 -> 3.130132 | L101: =(L21-H21)/H21*100 -> 2.0664779 | M101: =(M21-I21)/I21*100 -> 0.88284695 | ... CK101: =(CK21-CG21)/CG21*100 -> 0.43650113
A103: KZN – GDPR by activity
A104: Annual Change
A105: Provincial Industry | B105: 1995q1 | C105: 1995q2 | D105: 1995q3 | E105: 1995q4 | F105: 1996q1 | G105: 1996q2 | H105: 1996q3 | I105: 1996q4 | J105: 1997q1 | K105: 1997q2 | L105: 1997q3 | M105: 1997q4 | N105: 1998q1 | O105: 1998q2 | P105: 1998q3 | Q105: 1998q4 | R105: 1999q1 | S105: 1999q2 | T105: 1999q3 | U105: 1999q4 | V105: 2000q1 | W105: 2000q2 | X105: 2000q3 | Y105: 2000q4 | Z105: 2001q1 | AA105: 2001q2 | AB105: 2001q3 | AC105: 2001q4 | AD105: 2002q1 | AE105: 2002q2 | AF105: 2002q3 | AG105: 2002q4 | AH105: 2003q1 | AI105: 2003q2 | AJ105: 2003q3 | AK105: 2003q4 | AL105: 2004q1 | AM105: 2004q2 | AN105: 2004q3 | AO105: 2004q4 | AP105: 2005q1 | AQ105: 2005q2 | AR105: 2005q3 | AS105: 2005q4 | AT105: 2006q1 | AU105: 2006q2 | AV105: 2006q3 | AW105: 2006q4 | AX105: 2007q1 | AY105: 2007q2 | AZ105: 2007q3 | BA105: 2007q4 | BB105: 2008q1 | BC105: 2008q2 | BD105: 2008q3 | BE105: 2008q4 | BF105: 2009q1 | BG105: 2009q2 | BH105: 2009q3 | BI105: 2009q4 | BJ105: =BJ85 -> 2010q1 | BK105: =BK85 -> 2010q2 | BL105: =BL85 -> 2010q3 | BM105: =BM85 -> 2010q4 | BN105: =BN85 -> 2011q1 | BO105: =BO85 -> 2011q2 | BP105: =BP85 -> 2011q3 | BQ105: =BQ85 -> 2011q4 | ... CK105: =CK85 -> 2016q4
A106: Primary Industries | F106: =(F26-B26)/B26*100 -> 7.2209811 | G106: =(G26-C26)/C26*100 -> 26.498175 | H106: =(H26-D26)/D26*100 -> 37.666525 | I106: =(I26-E26)/E26*100 -> 39.030798 | J106: =(J26-F26)/F26*100 -> 6.5658763 | K106: =(K26-G26)/G26*100 -> 0.66980684 | L106: =(L26-H26)/H26*100 -> -2.054694 | M106: =(M26-I26)/I26*100 -> -3.0963222 | ... CK106: =(CK26-CG26)/CG26*100 -> -7.595001
A107: Agriculture, forestry and fishing | F107: =(F27-B27)/B27*100 -> -15.240078 | G107: =(G27-C27)/C27*100 -> 16.323206 | H107: =(H27-D27)/D27*100 -> 36.231203 | I107: =(I27-E27)/E27*100 -> 37.721669 | J107: =(J27-F27)/F27*100 -> 15.524474 | K107: =(K27-G27)/G27*100 -> -0.12582156 | L107: =(L27-H27)/H27*100 -> -5.9581528 | M107: =(M27-I27)/I27*100 -> -7.8120748 | ... CK107: =(CK27-CG27)/CG27*100 -> -5.5277352
A108: Mining and quarrying | F108: =(F28-B28)/B28*100 -> 38.746639 | G108: =(G28-C28)/C28*100 -> 38.736063 | H108: =(H28-D28)/D28*100 -> 39.231147 | I108: =(I28-E28)/E28*100 -> 40.467724 | J108: =(J28-F28)/F28*100 -> -1.1155528 | K108: =(K28-G28)/G28*100 -> 1.4721508 | L108: =(L28-H28)/H28*100 -> 2.1087205 | M108: =(M28-I28)/I28*100 -> 1.978593 | ... CK108: =(CK28-CG28)/CG28*100 -> -12.400537
A109: Secondary Industries | F109: =(F29-B29)/B29*100 -> 1.9385112 | G109: =(G29-C29)/C29*100 -> 1.4584712 | H109: =(H29-D29)/D29*100 -> 2.1273211 | I109: =(I29-E29)/E29*100 -> 4.0413794 | J109: =(J29-F29)/F29*100 -> 3.5609357 | K109: =(K29-G29)/G29*100 -> 4.6795621 | L109: =(L29-H29)/H29*100 -> 3.0654392 | M109: =(M29-I29)/I29*100 -> 1.391934 | ... CK109: =(CK29-CG29)/CG29*100 -> 0.39833821
A110: Manufacturing | F110: =(F30-B30)/B30*100 -> 2.6338647 | G110: =(G30-C30)/C30*100 -> 1.1091429 | H110: =(H30-D30)/D30*100 -> 0.89480796 | I110: =(I30-E30)/E30*100 -> 2.3716946 | J110: =(J30-F30)/F30*100 -> 1.691062 | K110: =(K30-G30)/G30*100 -> 3.8311274 | L110: =(L30-H30)/H30*100 -> 3.0420427 | M110: =(M30-I30)/I30*100 -> 2.0476538 | ... CK110: =(CK30-CG30)/CG30*100 -> 0.65978563
A111: Electricity, gas and water | F111: =(F31-B31)/B31*100 -> 2.5712735 | G111: =(G31-C31)/C31*100 -> 6.8303437 | H111: =(H31-D31)/D31*100 -> 13.96323 | I111: =(I31-E31)/E31*100 -> 21.132228 | J111: =(J31-F31)/F31*100 -> 12.954642 | K111: =(K31-G31)/G31*100 -> 8.6930762 | L111: =(L31-H31)/H31*100 -> 0.44259232 | M111: =(M31-I31)/I31*100 -> -6.6191476 | ... CK111: =(CK31-CG31)/CG31*100 -> -2.6907114
A112: Construction | F112: =(F32-B32)/B32*100 -> -2.3175489 | G112: =(G32-C32)/C32*100 -> -1.3968445 | H112: =(H32-D32)/D32*100 -> -1.5287957 | I112: =(I32-E32)/E32*100 -> -1.6813412 | J112: =(J32-F32)/F32*100 -> 5.3099486 | K112: =(K32-G32)/G32*100 -> 5.5277642 | L112: =(L32-H32)/H32*100 -> 5.834541 | M112: =(M32-I32)/I32*100 -> 6.1957459 | ... CK112: =(CK32-CG32)/CG32*100 -> 0.88742442
...

Sheet Growth Rates Annualised
A1: Year-on-Year Growth Rates per Sector
B2: Primary Industries | C2: Agriculture, forestry and fishing | D2: Mining and quarrying | E2: Secondary Industries | F2: Manufacturing | G2: Electricity, gas and water | H2: Construction | I2: Tertiary industries | J2: Wholesale & retail trade; hotels & restaurants | K2: Transport , storage and communication | L2: Finance, real estate and business services | M2: Personal services | N2: General government services | O2: All industries at basic prices | P2: Taxes less subsidies on products | Q2: GDPR at market prices
A3: 1996 | B3: 26.771263 | C3: 16.33339 | D3: 39.291129 | E3: 2.3920519 | F3: 1.7479865 | G3: 11.07317 | H3: -1.7304948 | I3: 4.1163389 | J3: 2.2470429 | K3: 4.4671965 | L3: 6.9824312 | M3: 2.6011995 | N3: 3.7835874 | O3: 5.6732175 | P3: 5.2529069 | Q3: 5.6319188
A4: =A3+1 -> 1997 | B4: 0.37282431 | C4: -0.35775829 | D4: 1.104701 | E4: 3.1624294 | F4: 2.6509811 | G4: 3.4439858 | H4: 5.7192337 | I4: 1.1938308 | J4: 0.55422229 | K4: 5.5598838 | L4: 4.3001347 | M4: -0.099714304 | N4: -2.4183491 | O4: 1.6563532 | P4: 2.759255 | Q4: 1.7643328
A5: =A4+1 -> 1998 | B5: -0.22944381 | C5: 0.90679689 | D5: -1.3512325 | E5: -2.6643897 | F5: -0.45016265 | G5: -6.1115589 | H5: -11.254515 | I5: 2.4852056 | J5: 0.88092426 | K5: 4.5286472 | L5: 1.6200403 | M5: 6.2148253 | N5: 1.9181718 | O5: 0.72834067 | P5: -0.56017126 | Q5: 0.60095551
A6: =A5+1 -> 1999 | B6: -15.02592 | C6: -2.6298178 | D6: -27.544488 | E6: 0.50150588 | F6: 1.6032162 | G6: 0.05873819 | H6: -5.6966588 | I6: 2.8327012 | J6: 7.1534381 | K6: 3.5515228 | L6: 6.0034505 | M6: 3.6986112 | N6: -3.4829441 | O6: 0.29051429 | P6: -1.9620212 | Q6: 0.07039388
A7: =A6+1 -> 2000 | B7: 1.0669682 | C7: 3.7541219 | D7: -2.5798703 | E7: 7.705195 | F7: 8.5899493 | G7: 5.8672146 | H7: 3.9411201 | I7: 3.4982911 | J7: 8.244244 | K7: 6.4544517 | L7: 0.77151661 | M7: 4.7067763 | N7: -0.28778286 | O7: 4.4379751 | P7: 2.5481394 | Q7: 4.4379751
A8: =A7+1 -> 2001 | B8: -2.2999321 | C8: -0.35508425 | D8: -5.1109674 | E8: 6.0874714 | F8: 2.9761257 | G8: -0.15507277 | H8: 34.109198 | I8: 5.2812738 | J8: 7.8116277 | K8: 4.3137984 | L8: 9.8855577 | M8: 2.3318725 | N8: 0.93060455 | O8: 4.8485447 | P8: 6.2281327 | Q8: 4.9784567
A9: =A8+1 -> 2002 | B9: -1.430624 | C9: 4.6528399 | D9: -10.664217 | E9: 0.10031902 | F9: 2.6356048 | G9: 9.7037841 | H9: -21.009253 | I9: 3.7264605 | J9: 2.4493202 | K9: 9.3551418 | L9: 5.0548049 | M9: 2.4102375 | N9: 0.4157864 | O9: 2.2645503 | P9: -0.46990193 | Q9: 2.0039893
A10: =A9+1 -> 2003 | B10: 5.4310501 | C10: 5.1830894 | D10: 5.871938 | E10: -1.6350008 | F10: -0.91605472 | G10: -11.509926 | H10: 4.7496883 | I10: 4.5144201 | J10: 3.4689505 | K10: 6.9910453 | L10: 5.5895925 | M10: 5.5714174 | N10: 2.1974951 | O10: 2.8558907 | P10: 1.6516373 | Q10: 2.7439226
A11: =A10+1 -> 2004 | B11: 0.91562294 | C11: 0.30008396 | D11: 2.0029645 | E11: 5.5628566 | F11: 4.700176 | G11: 7.3184307 | H11: 9.4034164 | I11: 4.3365568 | J11: 5.4369423 | K11: 4.4789047 | L11: 7.2250772 | M11: 1.7682854 | N11: 1.3494582 | O11: 4.3916374 | P11: 4.7738239 | Q11: 4.4267942
A12: =A11+1 -> 2005 | B12: -5.9902914 | C12: -5.8364676 | D12: -6.2574829 | E12: 7.1223044 | F12: 6.1687914 | G12: 6.5109752 | H12: 13.550774 | I12: 6.6200828 | J12: 6.4682941 | K12: 5.9155791 | L12: 10.575791 | M12: 3.3769874 | N12: 4.5039284 | O12: 5.7770619 | P12: 4.5150294 | Q12: 5.6605833
A13: =A12+1 -> 2006 | B13: -0.88144586 | C13: 0.52889824 | D13: -3.3422109 | E13: 5.9229207 | F13: 6.0361686 | G13: 3.3018254 | H13: 7.5959299 | I13: 5.6282737 | J13: 6.4007706 | K13: 5.2002254 | L13: 7.6947753 | M13: 5.3055693 | N13: 2.9800543 | O13: 5.2600015 | P13: 6.4075351 | Q13: 5.3647642
A14: =A13+1 -> 2007 | B14: 3.0539333 | C14: 4.5229466 | D14: 0.38814984 | E14: 6.4384714 | F14: 5.4240111 | G14: 2.9560475 | H14: 15.137184 | I14: 6.4976878 | J14: 6.0905147 | K14: 8.3030478 | L14: 7.3197349 | M14: 5.4061137 | N14: 4.9497055 | O14: 6.2573604 | P14: 4.557656 | Q14: 6.1006522
A15: =A14+1 -> 2008 | B15: 8.5791696 | C15: 16.591706 | D15: -6.5598703 | E15: 2.6373848 | F15: 2.2375371 | G15: -4.5042327 | H15: 10.140728 | I15: 4.1300928 | J15: 1.4628219 | K15: 3.7230551 | L15: 5.8370082 | M15: 3.5673171 | N15: 5.510891 | O15: 3.9959763 | P15: 2.3550692 | Q15: 3.8468892
... A23: =A22+1 -> 2016 | B23: -10.007256 | C23: -8.9831939 | D23: -12.467321 | E23: 0.55102454 | F23: 0.98297633 | G23: -3.9611657 | H23: 1.1042968 | I23: 1.3374668 | J23: 1.8225665 | K23: 0.49235964 | L23: 1.3912287 | M23: 1.5550705 | N23: 1.3688234 | O23: 0.38031829 | P23: -0.57664073 | Q23: 0.2950503
A24: Average Year on Year Growth Rate | B24: =AVERAGE(B3:B23) -> 1.2864839 | C24: =AVERAGE(C3:C23) -> 2.481157 | D24: =AVERAGE(D3:D23) -> -0.56218688 | E24: =AVERAGE(E3:E23) -> 2.3514799 | F24: =AVERAGE(F3:F23) -> 2.2381251 | G24: =AVERAGE(G3:G23) -> 0.8991048 | H24: =AVERAGE(H3:H23) -> 4.3576184 | I24: =AVERAGE(I3:I23) -> 3.5075841 | ... Q24: =AVERAGE(Q3:Q23) -> 2.9541627

Sheet Growth Rates SeaAdj
A1: Seasonally adjusted and annualised quarterly Rates per Sector
B2: Primary Industries | C2: Agriculture, forestry and fishing | D2: Mining and quarrying | E2: Secondary Industries | F2: Manufacturing | G2: Electricity, gas and water | H2: Construction | I2: Tertiary industries | J2: Wholesale & retail trade; hotels & restaurants | K2: Transport , storage and communication | L2: Finance, real estate and business services | M2: Personal services | N2: General government services | O2: All industries at basic prices | P2: Taxes less subsidies on products | Q2: GDPR at market prices
A3: 1996q1 | B3: 7.2209811 | C3: -15.240078 | D3: 38.746639 | E3: 1.9385112 | F3: 2.6338647 | G3: 2.5712735 | H3: -2.3175489 | I3: 4.2755208 | J3: 4.0136421 | K3: 6.4226934 | L3: 4.3105432 | M3: 5.819892 | N3: 2.8628156 | O3: 3.8998895 | P3: 2.6369653 | Q3: 3.7760738
A4: 1996q2 | B4: 26.498175 | C4: 16.323206 | D4: 38.736063 | E4: 1.4584712 | F4: 1.1091429 | G4: 6.8303437 | H4: -1.3968445 | I4: 4.0368811 | J4: 2.6855203 | K4: 5.0032108 | L4: 6.1280328 | M4: 2.4694196 | N4: 3.5800747 | O4: 5.3335804 | P4: 5.6826353 | Q4: 5.3677977
A5: 1996q3 | B5: 37.666525 | C5: 36.231203 | D5: 39.231147 | E5: 2.1273211 | F5: 0.89480796 | G5: 13.96323 | H5: -1.5287957 | I5: 3.9913141 | J5: 1.4196427 | K5: 4.0650422 | L5: 7.7761359 | M5: 1.0797598 | N5: 4.1504429 | O5: 6.3407812 | P5: 5.9027169 | Q5: 6.2976552
A6: 1996q4 | B6: 39.030798 | C6: 37.721669 | D6: 40.467724 | E6: 4.0413794 | F6: 2.3716946 | G6: 21.132228 | H6: -1.6813412 | I6: 4.1639453 | J6: 0.9669642 | K6: 2.5300567 | L6: 9.6553233 | M6: 1.1205942 | N6: 4.5388464 | O6: 7.1050671 | P6: 6.7638835 | Q6: 7.0714559
A7: 1997q1 | B7: 6.5658763 | C7: 15.524474 | D7: -1.1155528 | E7: 3.5609357 | F7: 1.691062 | G7: 12.954642 | H7: 5.3099486 | I7: 2.3364595 | J7: 3.0153911 | K7: 4.1697344 | L7: 7.3450999 | M7: -1.822924 | N7: -1.2009914 | O7: 3.1217008 | P7: 5.5646526 | Q7: 3.3585761
A8: 1997q2 | B8: 0.66980684 | C8: -0.12582156 | D8: 1.4721508 | E8: 4.6795621 | F8: 3.8311274 | G8: 8.6930762 | H8: 5.5277642 | I8: 1.688194 | J8: 1.7069144 | K8: 4.9432222 | L8: 5.4287221 | M8: -0.010647105 | N8: -2.1139307 | O8: 2.4134613 | P8: 2.8326316 | Q8: 2.4546746
A9: 1997q3 | B9: -2.054694 | C9: -5.9581528 | D9: 2.1087205 | E9: 3.0654392 | F9: 3.0420427 | G9: 0.44259232 | H9: 5.834541 | I9: 0.88549157 | J9: 0.26191907 | K9: 5.6351001 | L9: 3.2895996 | M9: 0.929648 | N9: -2.9012374 | O9: 1.1679311 | P9: 1.9231058 | Q9: 1.2419993
A10: 1997q4 | B10: -3.0963222 | C10: -7.8120748 | D10: 1.978593 | E10: 1.391934 | F10: 2.0476538 | G10: -6.6191476 | H10: 6.1957459 | I10: -0.093481283 | J10: -2.6871473 | K10: 7.4305457 | L10: 1.3707496 | M10: 0.53793534 | N10: -3.433849 | O10: -0.010314266 | P10: 0.85118003 | Q10: 0.074310877
A11: 1998q1 | B11: 1.7119694 | C11: 2.1951186 | D11: 1.2279872 | E11: -0.66857957 | F11: 1.6446947 | G11: -5.8006402 | H11: -8.0526275 | I11: 2.08184 | J11: -1.2127571 | K11: 7.3450961 | L11: 0.84310242 | M11: 3.72861 | N11: 2.0910565 | O11: 1.2624921 | P11: 0.71626742 | Q11: 1.2083982
A12: 1998q2 | B12: -0.74856943 | C12: -0.52112924 | D12: -0.97431741 | E12: -2.7103082 | F12: -0.29519779 | G12: -7.3076389 | H12: -11.298646 | I12: 2.5703781 | J12: 0.28662099 | K12: 6.0270761 | L12: 1.714402 | M12: 5.6105167 | N12: 1.9803195 | O12: 0.70399547 | P12: -0.50506668 | Q12: 0.58468052
A13: 1998q3 | B13: -1.5845898 | C13: -0.54302441 | D13: -2.607753 | E13: -3.6786052 | F13: -1.4158352 | G13: -6.775346 | H13: -12.877057 | I13: 2.5422569 | J13: 1.2730803 | K13: 3.199307 | L13: 2.1441002 | M13: 7.117802 | N13: 1.8397166 | O13: 0.32665661 | P13: -1.1547403 | Q13: 0.18038237
A14: 1998q4 | B14: -0.27808408 | C14: 2.5142321 | D14: -2.9945696 | E14: -3.5781467 | F14: -1.7024265 | G14: -4.504051 | H14: -12.714223 | I14: 2.7441154 | J14: 3.2515717 | K14: 1.7591281 | L14: 1.7716724 | M14: 8.3810393 | N14: 1.7607385 | O14: 0.62448895 | P14: -1.2894481 | Q14: 0.43502219
... A86: 2016q4 | B86: -7.595001 | C86: -5.5277352 | D86: -12.400537 | E86: 0.39833821 | F86: 0.65978563 | G86: -2.6907114 | H86: 0.88742442 | I86: 1.5054381 | J86: 1.4883073 | K86: 1.641062 | L86: 1.1906937 | M86: 1.8024272 | N86: 1.3391207 | O86: 0.64905971 | P86: -0.0070819191 | Q86: 0.59147073
A87: Average Year on Year Growth Rate | B87: =AVERAGE(B3:B86) -> 1.3770577 | C87: =AVERAGE(C3:C86) -> 2.7208035 | D87: =AVERAGE(D3:D86) -> -0.53150631 | E87: =AVERAGE(E3:E86) -> 2.3647043 | F87: =AVERAGE(F3:F86) -> 2.2563442 | G87: =AVERAGE(G3:G86) -> 0.93128589 | H87: =AVERAGE(H3:H86) -> 4.3679846 | I87: =AVERAGE(I3:I86) -> 3.5981283 | ... Q87: =AVERAGE(Q3:Q86) -> 3.0134958

Sheet Growth Rates SeaAdj (2)
A1: Seasonally adjusted and quarterly Rates per Sector
B2: Primary Industries | C2: Agriculture, forestry and fishing | D2: Mining and quarrying | E2: Secondary Industries | F2: Manufacturing | G2: Electricity, gas and water | H2: Construction | I2: Tertiary industries | J2: Wholesale & retail trade; hotels & restaurants | K2: Transport , storage and communication | L2: Finance, real estate and business services | M2: Personal services | N2: General government services | O2: All industries at basic prices | P2: Taxes less subsidies on products | Q2: GDPR at market prices
A3: 1996q1 | B3: 25.564606 | C3: 10.772011 | D3: 41.801255 | E3: 0.97607167 | F3: 1.2515983 | G3: 4.5049967 | H3: -3.5085891 | I3: 1.0487674 | J3: -1.5577221 | K3: -1.0132334 | L3: 2.2640244 | M3: 2.7531746 | N3: 2.6238422 | O3: 3.1206373 | P3: 1.3228767 | Q3: 2.9435333
A4: 1996q2 | B4: 6.686182 | C4: 16.041006 | D4: -1.3349867 | E4: 0.48231685 | F4: -0.23320111 | G4: 4.1937798 | H4: 1.043321 | I4: 0.9346515 | J4: 0.62541606 | K4: 1.3338392 | L4: 2.3674602 | M4: -1.547583 | N4: 0.78834767 | O4: 1.4048277 | P4: 2.98043 | Q4: 1.5576024
A5: 1996q3 | B5: 3.0443859 | C5: 5.9198654 | D5: 0.14463561 | E5: 1.2978515 | F5: 0.60781036 | G5: 6.0245968 | H5: 0.59106912 | I5: 1.0882173 | J5: 0.8336085 | K5: 1.58602 | L5: 2.3868434 | M5: -0.53135241 | N5: 0.62282558 | O5: 1.3607745 | P5: 1.0861441 | Q5: 1.3337726
A6: 1996q4 | B6: 0.71896885 | C6: 1.1540631 | D6: 0.25489894 | E6: 1.227324 | F6: 0.73033319 | G6: 4.9238523 | H6: 0.24904707 | I6: 1.0288885 | J6: 1.0845182 | K6: 0.62030213 | L6: 2.3059183 | M6: 0.49206452 | N6: 0.44367611 | O6: 1.0498976 | P6: 1.2209757 | Q6: 1.0666771
A7: 1997q1 | B7: -3.7558412 | C7: -7.0815922 | D7: -0.17679329 | E7: 0.50978304 | F7: 0.57841273 | G7: -2.5500925 | H7: 3.3527679 | I7: -0.72406471 | J7: 0.43948366 | K7: 0.56977941 | L7: 0.10952127 | M7: -0.23786636 | N7: -3.0108499 | O7: -0.71454329 | P7: 0.1847622 | Q7: -0.62620393
A8: 1997q2 | B8: 0.78345629 | C8: 0.32073566 | D8: 1.2469746 | E8: 1.5676892 | F8: 1.8663686 | G8: 0.26274519 | H8: 1.2523118 | I8: 0.29526598 | J8: -0.65270371 | K8: 2.0862697 | L8: 0.53994563 | M8: 0.26977655 | N8: -0.14297384 | O8: 0.70837961 | P8: 0.31528886 | Q8: 0.66945093
A9: 1997q3 | B9: 0.25562006 | C9: -0.26551455 | D9: 0.77287732 | E9: -0.26412662 | F9: -0.15677813 | G9: -2.0233328 | H9: 0.88349455 | I9: 0.29025088 | J9: -0.59897939 | K9: 2.2557642 | L9: 0.30943984 | M9: 0.40404601 | N9: -0.18649309 | O9: 0.12804683 | P9: 0.19206558 | Q9: 0.13436445
A10: 1997q4 | B10: -0.35215671 | C10: -0.8400677 | D10: 0.12713395 | E10: -0.41633519 | F10: -0.24174693 | G10: -2.452948 | H10: 0.59118916 | I10: 0.048524157 | J10: -1.8887437 | K10: 2.3305129 | L10: 0.40534254 | M10: 0.10205014 | N10: -0.10728319 | O10: -0.12697305 | P10: 0.15643418 | Q10: -0.098989205
A11: 1998q1 | B11: 1.0197256 | C11: 3.0048967 | D11: -0.91153447 | E11: -1.5328032 | F11: 0.18125525 | G11: -1.6959187 | H11: -10.514161 | I11: 1.4375265 | J11: 1.9612455 | K11: 0.48978677 | L11: -0.41156105 | M11: 2.9281875 | N11: 2.538257 | O11: 0.54929865 | P11: 0.050741095 | Q11: 0.49994484
A12: 1998q2 | B12: -1.6546206 | C12: -2.3456929 | D12: -0.95574316 | E12: -0.5200053 | F12: -0.077754535 | G12: -1.3412554 | H12: -2.322199 | I12: 0.77525408 | J12: 0.85517484 | K12: 0.83281943 | L12: 1.4086259 | M12: 2.088931 | N12: -0.25128764 | O12: 0.15293913 | P12: -0.90118278 | Q12: 0.049054637
A13: 1998q3 | B13: -0.58885888 | C13: -0.28746598 | D13: -0.88937841 | E13: -1.2567698 | F13: -1.2789713 | G13: -1.4606944 | H13: -0.91169421 | I13: 0.26275476 | J13: 0.37876879 | K13: -0.47142303 | L13: 0.73320269 | M13: 1.837024 | N13: -0.32410853 | O13: -0.24713394 | P13: -0.46216012 | Q13: -0.26812367
A14: 1998q4 | B14: 0.9707101 | C14: 2.2080579 | D14: -0.27054492 | E14: -0.31247429 | F14: -0.53175137 | G14: -0.076343541 | H14: 0.77919561 | I14: 0.24547363 | J14: 0.027977647 | K14: 0.90245824 | L14: 0.039254436 | M14: 1.2825509 | N14: -0.18475136 | O14: 0.16951264 | P14: 0.019939497 | Q14: 0.1549405
... A87: Average Year on Year Growth Rate | B87: -2.4371242 | C87: -3.6904392 | D87: 0.38324078 | E87: -0.39421358 | F87: -0.64395851 | G87: 0.21888418 | H87: 0.27437317 | I87: 0.34831592 | J87: 0.70419945 | K87: -0.043896085 | L87: 0.46253348 | M87: 0.14572344 | N87: 0.24899518 | O87: -0.011824535 | P87: 0.39942939 | Q87: 0.025617034

Sheet Prov Contributions
A1: Yearly Provincial Contribution Rates per Sector
B2: Primary Industries | C2: Agriculture, forestry and fishing | D2: Mining and quarrying | E2: Secondary Industries | F2: Manufacturing | G2: Electricity, gas and water | H2: Construction | I2: Tertiary industries | J2: Wholesale & retail trade; hotels & restaurants | K2: Transport , storage and communication | L2: Finance, real estate and business services | M2: Personal services | N2: General government services
A3: 1996 | B3: 9.8202112 | C3: 4.9144503 | D3: 4.9057609 | E3: 25.290257 | F3: 18.619071 | G3: 3.3113869 | H3: 3.3597992 | I3: 55.099027 | J3: 11.941215 | K3: 8.6159671 | L3: 12.170331 | M3: 5.6175831 | N3: 16.753931
A4: =A3+1 -> 1997 | B4: 9.6859312 | C4: 4.8119693 | D4: 4.8739619 | E4: 25.637709 | F4: 18.781295 | G4: 3.3660424 | H4: 3.4903722 | I4: 54.790136 | J4: 11.799219 | K4: 8.9373208 | L4: 12.473596 | M4: 5.5146842 | N4: 16.065317
A5: =A4+1 -> 1998 | B5: 9.6059798 | C5: 4.8265984 | D5: 4.7793814 | E5: 24.80555 | F5: 18.58506 | G5: 3.141446 | H5: 3.079044 | I5: 55.816352 | J5: 11.832055 | K5: 9.2862543 | L5: 12.599953 | M5: 5.822422 | N5: 16.275668
A6: =A5+1 -> 1999 | B6: 8.156851 | C6: 4.6963617 | D6: 3.4604893 | E6: 24.912415 | F6: 18.869736 | G6: 3.1410801 | H6: 2.9015989 | I6: 57.357087 | J6: 12.669536 | K6: 9.6092934 | L6: 13.346989 | M6: 6.0335235 | N6: 15.697745
A7: =A6+1 -> 2000 | B7: 7.9072658 | C7: 4.6737068 | D7: 3.233559 | E7: 25.736356 | F7: 19.653958 | G7: 3.1895916 | H7: 2.8928062 | I7: 56.939656 | J7: 13.154068 | K7: 9.8118263 | L7: 12.900771 | M7: 6.0595499 | N7: 15.01344
A8: =A7+1 -> 2001 | B8: 7.3590376 | C8: 4.4362542 | D8: 2.9227833 | E8: 26.00824 | F8: 19.279084 | G8: 3.033618 | H8: 3.6955384 | I8: 57.103902 | J8: 13.509071 | K8: 9.7497039 | L8: 13.503804 | M8: 5.9067842 | N8: 14.434539
A9: =A8+1 -> 2002 | B9: 7.1112488 | C9: 4.5514554 | D9: 2.5597934 | E9: 25.522856 | F9: 19.398461 | G9: 3.2626114 | H9: 2.8617836 | I9: 58.068176 | J9: 13.56805 | K9: 10.452339 | L9: 13.907686 | M9: 5.930309 | N9: 14.209793
A10: =A9+1 -> 2003 | B10: 7.2972338 | C10: 4.6595081 | D10: 2.6377257 | E10: 24.435078 | F10: 18.707443 | G10: 2.8099834 | H10: 2.9176513 | I10: 59.068815 | J10: 13.663795 | K10: 10.884407 | L10: 14.292883 | M10: 6.0935101 | N10: 14.13422
A11: =A10+1 -> 2004 | B11: 7.0518769 | C11: 4.4753749 | D11: 2.576502 | E11: 24.700908 | F11: 18.756418 | G11: 2.8877935 | H11: 3.0566965 | I11: 59.017773 | J11: 13.795968 | K11: 10.889838 | L11: 14.675884 | M11: 5.9383808 | N11: 13.717701
A12: =A11+1 -> 2005 | B12: 6.2742876 | C12: 3.9884041 | D12: 2.2858835 | E12: 25.042623 | F12: 18.846633 | G12: 2.9110354 | H12: 3.2849549 | I12: 59.553711 | J12: 13.90143 | K12: 10.916119 | L12: 15.358589 | M12: 5.8100372 | N12: 13.567535
A13: =A12+1 -> 2006 | B13: 5.9023367 | C13: 3.8053506 | D13: 2.0969861 | E13: 25.175283 | F13: 18.966727 | G13: 2.8540402 | H13: 3.3545159 | I13: 59.70265 | J13: 14.038117 | K13: 10.899073 | L13: 15.698225 | M13: 5.806773 | N13: 13.260462
A14: =A13+1 -> 2007 | B14: 5.732849 | C14: 3.7487655 | D14: 1.9840835 | E14: 25.25544 | F14: 18.845769 | G14: 2.7694523 | H14: 3.6402181 | I14: 59.926061 | J14: 14.036775 | K14: 11.125311 | L14: 15.878596 | M14: 5.7687617 | N14: 13.116617
A15: =A14+1 -> 2008 | B15: 5.9940937 | C15: 4.2088402 | D15: 1.7852535 | E15: 24.96129 | F15: 18.55371 | G15: 2.5467395 | H15: 3.8608405 | I15: 60.089487 | J15: 13.714526 | K15: 11.112045 | L15: 16.182893 | M15: 5.7532313 | N15: 13.326793
... A17: =A16+1 -> 2010 | B17: 5.9182274 | C17: 4.0830145 | D17: 1.8352129 | E17: 23.93478 | F17: 17.297608 | G17: 2.4303548 | H17: 4.2067911 | I17: 61.075574 | J17: 14.057519 | K17: 11.127678 | L17: 16.299097 | M17: 5.6605323 | N17: 13.930976
A18: 2011 | B18: 6.08281 | C18: 4.3283499 | D18: 1.7544601 | E18: 23.62252 | F18: 17.173567 | G18: 2.3698105 | H18: 4.0791419 | I18: 61.314956 | J18: 14.22531 | K18: 11.087423 | L18: 16.398822 | M18: 5.6184072 | N18: 13.984994
A19: 2012 | B19: 6.0610525 | C19: 4.3153966 | D19: 1.7456559 | E19: 23.4836 | F19: 17.09001 | G19: 2.3086938 | H19: 4.0848955 | I19: 61.493101 | J19: 14.375123 | K19: 11.095032 | L19: 16.310336 | M19: 5.6052495 | N19: 14.107361
A20: 2013 | B20: 6.1957992 | C20: 4.419956 | D20: 1.7758431 | E20: 23.318823 | F20: 16.876849 | G20: 2.2472741 | H20: 4.1947004 | I20: 61.539811 | J20: 14.237596 | K20: 11.142127 | L20: 16.310751 | M20: 5.6195588 | N20: 14.229778
A21: 2014 | B21: 6.5616001 | C21: 4.6813091 | D21: 1.880291 | E21: 22.977685 | F21: 16.554907 | G21: 2.1626859 | H21: 4.2600925 | I21: 61.634378 | J21: 14.129451 | K21: 11.204898 | L21: 16.258258 | M21: 5.6274454 | N21: 14.414325
A22: 2015 | B22: 6.1007006 | C22: 4.3075706 | D22: 1.79313 | E22: 22.856873 | F22: 16.43723 | G22: 2.1028488 | H22: 4.3167945 | I22: 62.132119 | J22: 14.305685 | K22: 11.254617 | L22: 16.491139 | M22: 5.6667664 | N22: 14.413912
A23: 2016 | B23: 5.4740367 | C23: 3.9090794 | D23: 1.5649573 | E23: 22.915209 | F23: 16.549974 | G23: 2.0136103 | H23: 4.3516252 | I23: 62.777889 | J23: 14.523564 | K23: 11.276758 | L23: 16.671379 | M23: 5.7379588 | N23: 14.56823
A24: Average Yearly Contributions | B24: =AVERAGE(B3:B23) -> 6.9596335 | C24: =AVERAGE(C3:C23) -> 4.3796435 | D24: =AVERAGE(D3:D23) -> 2.57999 | E24: =AVERAGE(E3:E23) -> 24.485596 | F24: =AVERAGE(F3:F23) -> 18.128338 | G24: =AVERAGE(G3:G23) -> 2.7298472 | H24: =AVERAGE(H3:H23) -> 3.6274095 | I24: =AVERAGE(I3:I23) -> 59.341228 | ... N24: =AVERAGE(N3:N23) -> 14.436974
I26: \

Sheet National Contributions
A1: Yearly Provincial Sector as a % of National Sector GDP
B2: Primary Industries | C2: Agriculture, forestry and fishing | D2: Mining and quarrying | E2: Secondary Industries | F2: Manufacturing | G2: Electricity, gas and water | H2: Construction | I2: Tertiary industries | J2: Wholesale & retail trade; hotels & restaurants | K2: Transport , storage and communication | L2: Finance, real estate and business services | M2: Personal services | N2: General government services
A3: 1995 | B3: 7.9367582 | C3: 29.258085 | D3: 4.2349939 | E3: 20.283784 | F3: 20.562215 | G3: 16.413325 | H3: 23.399382 | I3: 15.535651 | J3: 15.4826 | K3: 22.388574 | L3: 13.169308 | M3: 16.526606 | N3: 14.829542
A4: =A3+1 -> 1996 | B4: 9.7809369 | C4: 27.449131 | D4: 5.9465431 | E4: 20.188354 | F4: 20.632781 | G4: 16.453791 | H4: 22.540055 | I4: 15.541766 | J4: 15.265671 | K4: 22.044029 | L4: 13.19361 | M4: 16.51743 | N4: 15.099043
A5: =A4+1 -> 1997 | B5: 9.6668565 | C5: 27.106966 | D5: 5.9117351 | E5: 20.223889 | F5: 20.622933 | G5: 16.381576 | H5: 23.036104 | I5: 15.359539 | J5: 15.28912 | K5: 21.62607 | L5: 13.142458 | M5: 16.50636 | N5: 14.618569
A6: =A5+1 -> 1998 | B6: 9.7441915 | C6: 28.883602 | D6: 5.8376916 | E6: 20.060036 | F6: 20.571239 | G6: 16.414521 | H6: 21.723996 | I6: 15.450455 | J6: 15.22587 | K6: 21.426956 | L6: 13.054841 | M6: 16.50692 | N6: 15.011303
A7: =A6+1 -> 1999 | B7: 8.2892985 | C7: 26.482125 | D7: 4.2897863 | E7: 20.119313 | F7: 20.776382 | G7: 16.506696 | H7: 20.768355 | I7: 15.314496 | J7: 15.162679 | K7: 21.091197 | L7: 13.16574 | M7: 16.479821 | N7: 14.61319
A8: =A7+1 -> 2000 | B8: 8.3823296 | C8: 26.24288 | D8: 4.225597 | E8: 20.241492 | F8: 20.870548 | G8: 16.949738 | H8: 20.432576 | I8: 15.257796 | J8: 15.182912 | K8: 20.731781 | L8: 12.858389 | M8: 16.462328 | N8: 14.707373
A9: =A8+1 -> 2001 | B9: 8.2476166 | C9: 27.042085 | D9: 4.0136417 | E9: 20.976351 | F9: 20.825273 | G9: 17.573679 | H9: 26.115603 | I9: 15.542708 | J9: 16.063733 | K9: 20.421254 | L9: 13.062619 | M9: 16.475789 | N9: 14.984228
A10: =A9+1 -> 2002 | B10: 7.9693431 | C10: 26.573061 | D10: 3.5501171 | E10: 20.33825 | F10: 20.79197 | G10: 18.627045 | H10: 19.496304 | I10: 15.518203 | J10: 16.08718 | K10: 20.48779 | L10: 12.912477 | M10: 16.467184 | N10: 14.939507
A11: =A10+1 -> 2003 | B11: 8.1673365 | C11: 27.761293 | D11: 3.6351154 | E11: 19.96725 | F11: 20.916132 | G11: 16.01068 | H11: 18.964459 | I11: 15.582074 | J11: 16.213036 | K11: 20.611702 | L11: 13.009859 | M11: 16.469287 | N11: 14.856677
A12: =A11+1 -> 2004 | B12: 8.1293149 | C12: 27.607331 | D12: 3.6527764 | E12: 19.94219 | F12: 20.877356 | G12: 16.090654 | H12: 19.015724 | I12: 15.546397 | J12: 16.21906 | K12: 20.531451 | L12: 13.030585 | M12: 16.472775 | N12: 14.774464
A13: =A12+1 -> 2005 | B13: 7.5398402 | C13: 25.285568 | D13: 3.3894222 | E13: 19.998292 | F13: 20.870402 | G13: 16.268578 | H13: 19.292579 | I13: 15.72239 | J13: 16.131434 | K13: 20.652592 | L13: 13.630491 | M13: 16.40613 | N13: 14.80221
A14: =A13+1 -> 2006 | B14: 7.588374 | C14: 26.888143 | D14: 3.2956562 | E14: 19.880509 | F14: 20.791574 | G14: 16.25006 | H14: 18.796396 | I14: 15.642477 | J14: 16.198454 | K14: 20.669165 | L14: 13.388166 | M14: 16.419302 | N14: 14.790436
A15: =A14+1 -> 2007 | B15: 7.8184636 | C15: 27.29123 | D15: 3.3296505 | E15: 19.865941 | F15: 20.805721 | G15: 16.17794 | H15: 18.734172 | I15: 15.694796 | J15: 16.273911 | K15: 20.821456 | L15: 13.396434 | M15: 16.403252 | N15: 14.831243
... A18: =A17+1 -> 2010 | B18: 8.6756433 | C18: 27.000991 | D18: 3.4564793 | E18: 19.889237 | F18: 20.921441 | G18: 15.519576 | H18: 19.120405 | I18: 15.80224 | J18: 16.457445 | K18: 21.035822 | L18: 13.507066 | M18: 16.530583 | N18: 14.936228
A19: 2011 | B19: 9.2577117 | C19: 29.097485 | D19: 3.4516239 | E19: 19.883238 | F19: 20.902263 | G19: 15.454203 | H19: 19.141456 | I19: 15.80574 | J19: 16.590527 | K19: 21.004709 | L19: 13.515158 | M19: 16.602289 | N19: 14.842638
A20: 2012 | B20: 9.6448258 | C20: 29.254108 | D20: 3.6298932 | E20: 19.912306 | F20: 20.906898 | G20: 15.504925 | H20: 19.176438 | I20: 15.786277 | J20: 16.55019 | K20: 21.059838 | L20: 13.395618 | M20: 16.642225 | N20: 14.919833
A21: 2013 | B21: 9.7116738 | C21: 29.401347 | D21: 3.6416896 | E21: 19.981531 | F21: 20.953215 | G21: 15.573518 | H21: 19.306931 | I21: 15.778139 | J21: 16.475128 | K21: 21.080722 | L21: 13.38444 | M21: 16.670219 | N21: 14.949584
A22: 2014 | B22: 10.463396 | C22: 29.801028 | D22: 4.0004923 | E22: 20.004208 | F22: 20.978205 | G22: 15.506184 | H22: 19.362108 | I22: 15.796186 | J22: 16.462164 | K22: 21.021382 | L22: 13.35485 | M22: 16.747923 | N22: 15.060164
A23: 2015 | B23: 9.6672351 | C23: 29.425355 | D23: 3.6996156 | E23: 20.058822 | F23: 21.043199 | G23: 15.43078 | H23: 19.436472 | I23: 15.792465 | J23: 16.561661 | K23: 21.042647 | L23: 13.286104 | M23: 16.812313 | N23: 15.055817
A24: 2016 | B24: 9.1997886 | C24: 29.049682 | D24: 3.3987389 | E24: 20.132412 | F24: 21.108192 | G24: 15.355377 | H24: 19.510835 | I24: 15.788124 | J24: 16.661158 | K24: 21.063912 | L24: 13.217357 | M24: 16.876703 | N24: 15.05147
